 Dungeon Crawl Stone Soup version 0.29.0-4-gdea44cf6ec (webtiles) character file.

Game seed: 4916561971649487420

56443 qw the Brawler (level 14, -2/133 HPs)
             Began as a Troll Cinder Acolyte on Sept 1, 2022.
             Was a High Priest of Okawaru.
             Succumbed to an orc warrior's poison
             ... on level 11 of the Dungeon.
             The game lasted 00:26:46 (25680 turns).

qw the Brawler (Troll Cinder Acolyte)              Turns: 25680, Time: 00:26:46

Health: -2/133     AC:  8    Str: 29    XL:     14   Next: 42%
Magic:  19/19      EV: 10    Int: 10    God:    Okawaru [*****.]
Gold:   926        SH: 18    Dex:  5    Spells: 15/15 levels left

rFire   . . .      SeeInvis +     - Unarmed
rCold   + . .      Faith    .   x - +2 kite shield
rNeg    . . .      Spirit   .   h - +2 robe {rC+}
rPois   .          Reflect  +   b - +2 hat
rElec   .          Harm     .   (no cloak)
rCorr   +          Rampage  .   (gloves unavailable)
Will    +....                   (boots unavailable)
Stlth   ++........              r - amulet of reflection
HPRegen 1.12/turn               n - ring of see invisible
MPRegen 0.16/turn               e - ring of resist corrosion

@: lethally poisoned (-2 -> -31), about to teleport, heroic, slowed, very slow
A: large, unfitting armour, claws 3, regeneration 1, shaggy fur 1, tough skin 1
a: Renounce Religion, Heroism, Finesse, Duel


You were on level 11 of the Dungeon.
You worshipped Okawaru.
Okawaru was extremely pleased with you.
You visited 3 branches of the dungeon, and saw 17 of its levels.
You also visited: Sewer.

You collected 1203 gold pieces.
You spent 277 gold pieces at shops.


Innate Abilities, Weirdness & Mutations

You are too large for most types of armour.
You have claws for hands.
Your natural rate of healing is unusually fast.
You are covered in fur. (AC +1)
You have tough skin. (AC +1)


   Skills:
 - Level 7.0(12.0) Fighting
 - Level 7.0(12.0) Throwing
 - Level 2.0(7.0) Dodging
 - Level 11.5(16.5) Shields
 + Level 17.3(22.3) Unarmed Combat
 - Level 1.0 Spellcasting
 - Level 2.1 Fire Magic
 + Level 8.5 Invocations


You had 15 spell levels left.
You didn't know any spells.
Your spell library contained the following spells:

 Spells                   Type           Power      Damage    Failure   Level
 Scorch                   Fire           8%         2d5       30%         2

Inventory:

Missiles
 l - 15 large rocks (quivered)
 o - 4 boomerangs
 w - 5 javelins
Armour
 b - a +2 hat (worn)
 h - a +2 robe of cold resistance (worn)
 t - +0 acid dragon scales
 x - a +2 kite shield (worn)
Jewellery
 a - a ring of positive energy
 e - a ring of resist corrosion (right claw)
 j - a ring of fire
 n - a ring of see invisible (left claw)
 r - an amulet of reflection (around neck)
 s - a ring of see invisible
Scrolls
 d - 4 scrolls of identify
 k - a scroll of enchant armour
 p - 3 scrolls of enchant weapon
 v - 6 scrolls of teleportation
Potions
 c - 6 potions of mutation
 f - 3 potions of might
 g - a potion of heal wounds
 i - 4 potions of haste
 m - 4 potions of magic
 q - 4 potions of curing

Dungeon Overview and Level Annotations

Branches:
Dungeon (11/15)            Temple (1/1) D:6            Lair (5/5) D:8
  Swamp (0/4) Lair:3       Spider (0/4) Lair:3        Slime (0/5) Lair:4
    Orc (0/2) D:11          Sewer (visited)

Altars:
Ashenzari
Cheibriados
Dithmenos
Elyvilon
Fedhas
Gozag
Hepliaklqana
Kikubaaqudgha
Makhleb
Nemelex Xobeh
Okawaru
Qazlal
Sif Muna
Trog
Uskayaw
Vehumet
Wu Jian
Xom
Yredelemnul
Zin
The Shining One
Jiyva

Shops:
D:2 (   D:4 =   D:5 (   D:6 =   D:8 [

Annotations:
Lair:3 1 runed translucent door


Message History

You block the gnoll sergeant's attack.
You eviscerate the kobold brigand!!!
You kill the kobold brigand!
Okawaru accepts your kill.
You feel sick. You block the gnoll sergeant's attack.
The orc warrior hits you from afar with a +2 trident of venom.
An ogre comes into view. It is wielding a +0 giant spiked club.
You feel very sick.
The ogre shouts!
You hear a shout!
You block the gnoll sergeant's attack. The gnoll sergeant closely misses you.
The orc warrior hits you with a +2 trident of venom.
You are more poisoned.
You hear a shout!
Items here: % ( )).
25677 ||| Stepping ~*~*~tactically~*~*~ (outnumbered).
The gnoll sergeant attacks as you move away!
The gnoll sergeant closely misses you.
You feel very sick. You block the gnoll sergeant's attack.
The orc warrior hits you from afar with a +2 trident of venom!
You are more poisoned.
You block the gnoll sergeant's attack.
The orc warrior hits you from afar with a +2 trident of venom.
You feel extremely sick.
The gnoll sergeant hits you but does no damage.
You block the gnoll sergeant's attack.
The orc warrior hits you with a +2 trident of venom!
Items here: % ( )).
25679 ||| Stepping ~*~*~tactically~*~*~ (outnumbered).
The gnoll sergeant attacks as you move away!
You block the gnoll sergeant's attack.
You feel extremely sick. The gnoll sergeant closely misses you.
The orc warrior barely misses you. You block the gnoll sergeant's attack.
The orc warrior hits you from afar with a +2 trident of venom!!
You are lethally poisoned!
25680 ||| READING 7 scrolls of teleportation.
As you read the scroll of teleportation, it crumbles to dust.
You feel strangely unstable.
You die...

#########
#######.......#
##
##.......#####.#
.#
#..#######.....#
.#
#.....g)@..#####
.# #.####o#####
.# ##.#


8og .# ##..##ogO .## #..###ggg #.#####.## #..g ##......####8.. #.##.....?.####
.########### You could see an orc warrior, a gnoll sergeant and 2 orcs.

Vanquished Creatures
  A dire elephant (Lair:5)
  Erolcha (D:10)
  A rakshasa (D:10)
  An ogre mage (D:10)
  3 boulder beetles
  A hydra (Lair:4)
  A catoblepas (Lair:5)
  2 centaur warriors (D:10)
  4 two-headed ogres
  A deep troll shaman (Lair:5)
  6 death yaks (Lair:5)
  3 bog bodies (Lair:3)
  An orc knight (D:10)
  A deep elf pyromancer (D:10)
  Pikel (D:8)
  2 ugly things (D:10)
  3 slime creatures (D:11)
  3 cyclopes
  13 elephants
  Joseph (D:10)
  2 black mambas
  Maggie (D:8)
  10 cane toads
  7 komodo dragons
  An unseen horror (D:11)
  A gargoyle (D:10)
  4 kobold demonologists (D:10)
  Psyche (D:11)
  A demonic crawler (Lair:3)
  A rime drake (Lair:3)
  4 polar bears
  A meliai (D:10)
  3 trolls
  10 blink frogs
  3 hornets
  5 dream sheep (Lair:5)
  A shadow (D:6)
  3 wraiths
  Sigmund (D:2)
  6 wyverns
  65 yaks
  2 basilisks
  16 fire elementals
  A vampire mosquito (D:10)
  Menkaure (D:5)
  3 acid dragons (D:10)
  A warg (D:10)
  5 orc warriors
  17 water moccasins
  Pargi (Sewer)
  3 sky beasts
  2 ice beasts (D:6)
  5 black bears
  An ogre (D:6)
  16 wolves
  10 centaurs
  2 lemures (D:8)
  10 bullfrogs
  3 kobold brigands
  4 gnoll sergeants
  8 scorpions
  A wight (D:8)
  A killer bee (D:10)
  An oklob sapling (D:9)
  An electric eel (Lair:3)
  2 howler monkeys
  4 hounds
  2 jellies
  5 orc priests
  A gnoll bouda (D:6)
  Jessica (D:2)
  2 iguanas (D:6)
  10 orc wizards
  7 hell rats (Lair:3)
  12 adders
  19 gnolls
  A shadow imp (D:8)
  An ufetubus (D:6)
  A worm (D:4)
  A dart slug (D:1)
  36 orcs
  3 endoplasms (D:4)
  7 giant cockroaches
  10 goblins
  4 hobgoblins
  7 jackals
  11 kobolds
  11 quokkas
  3 training dummies (D:5)
  16 ball pythons
  4 bats
  7 frilled lizards
  10 rats
  A spectral orc (D:4)
495 creatures vanquished.

Vanquished Creatures (others)
  44 fungi
  43 plants
87 creatures vanquished.

Grand Total: 582 creatures vanquished

Notes
Turn   | Place    | Note
-------+----------+-------------------------------------------
     0 | D:1      | qw the Troll Cinder Acolyte began the quest for the Orb.
     0 | D:1      | Reached XP level 1. HP: 22/22 MP: 1/1
     0 | D:1      | 0 ||| qw: Version: 0.1-a-97-g2dd2ca4
     0 | D:1      | 0 ||| qw: Game counter: 4717
     0 | D:1      | 0 ||| qw: Always use a shield: true
     0 | D:1      | 0 ||| qw: God list: Okawaru
     0 | D:1      | 0 ||| qw: Allow faded altars: false
     0 | D:1      | 0 ||| qw: Do Orc after D:15 true
     0 | D:1      | 0 ||| qw: Do second Lair branch before Depths: true
     0 | D:1      | 0 ||| qw: Lair rune preference: random
     0 | D:1      | 0 ||| qw: Plans: Normal
     0 | D:1      | 0 ||| PLANNING D:1-11
    22 | D:1      | 22 ||| Stepping ~*~*~tactically~*~*~ (hiding).
   185 | D:1      | 185 ||| Stepping ~*~*~tactically~*~*~ (stealth).
   203 | D:1      | Reached XP level 2. HP: 29/29 MP: 2/2
   340 | D:1      | 340 ||| Stepping ~*~*~tactically~*~*~ (stealth).
   342 | D:1      | 342 ||| Stepping ~*~*~tactically~*~*~ (stealth).
   374 | D:1      | 374 ||| Stepping ~*~*~tactically~*~*~ (stealth).
   451 | D:1      | Reached skill level 4 in Unarmed Combat
   578 | D:1      | 578 ||| READING scroll labelled WOIROD RASCH.
   603 | D:1      | 603 ||| READING scroll labelled YNKAMUZ ONWUIXZA.
   604 | D:1      | 604 ||| READING scroll labelled AGAUSU ZEUPI.
   605 | D:1      | 605 ||| Stepping randomly (stuck).
   606 | D:1      | 606 ||| Stepping randomly (stuck).
   607 | D:1      | 607 ||| Stepping randomly (stuck).
   608 | D:1      | 608 ||| Stepping randomly (stuck).
  1003 | D:2      | 1003 ||| Stepping ~*~*~tactically~*~*~ (outnumbered).
  1005 | D:2      | 1005 ||| Stepping ~*~*~tactically~*~*~ (outnumbered).
  1008 | D:2      | 1008 ||| Stepping ~*~*~tactically~*~*~ (outnumbered).
  1011 | D:2      | Reached XP level 3. HP: 34/36 MP: 3/3
  1140 | D:2      | 1140 ||| Stepping ~*~*~tactically~*~*~ (hiding).
  1171 | D:2      | Found Cief's Antique Weapon Boutique.
  1173 | D:2      | Noticed Jessica
  1179 | D:2      | Killed Jessica
  1180 | D:2      | Reached XP level 4. HP: 44/44 MP: 4/4
  1528 | D:2      | Found a basalt altar of Yredelemnul.
  1593 | D:2      | 1593 ||| Stepping ~*~*~tactically~*~*~ (stealth).
  1600 | D:2      | Reached skill level 5 in Unarmed Combat
  1881 | D:2      | Noticed Sigmund
  1893 | D:2      | Killed Sigmund
  1894 | D:2      | Reached skill level 6 in Unarmed Combat
  1894 | D:2      | Reached XP level 5. HP: 50/50 MP: 5/5
  1956 | D:2      | 1956 ||| READING 2 scrolls labelled SUZAMU MYAFO.
  1957 | D:2      | 1957 ||| DROPPING scroll of noise.
  1983 | D:3      | 1983 ||| PLANNING SEWER
  1984 | D:3      | 1984 ||| Stepping ~*~*~tactically~*~*~ (stealth).
  2159 | D:3      | Found a hazy altar of Hepliaklqana.
  2257 | D:3      | Found a snail-covered altar of Cheibriados.
  2304 | D:3      | Found a glowing drain.
  2310 | D:3      | 2310 ||| Stepping ~*~*~tactically~*~*~ (outnumbered).
  2319 | D:3      | 2319 ||| DROPPING +6 ring of intelligence.
  2320 | D:3      | 2320 ||| DRINKING 2 bubbling pink potions.
  2321 | D:3      | 2321 ||| DRINKING 2 puce potions.
  2322 | D:3      | 2322 ||| DROPPING potion of degeneration.
  2335 | Sewer    | Entered a sewer
  2375 | Sewer    | Noticed Pargi
  2393 | Sewer    | Killed Pargi
  2394 | Sewer    | Reached skill level 7 in Unarmed Combat
  2394 | Sewer    | Reached XP level 6. HP: 33/59 MP: 6/6
  2480 | Sewer    | 2480 ||| READING scroll labelled RUGACI EZUURI.
  2484 | Sewer    | 2484 ||| READING scroll labelled QIROKEWOUT.
  2485 | Sewer    | 2485 ||| DRINKING 2 emerald potions.
  2490 | D:3      | 2490 ||| PLANNING D:1-11
  2656 | D:3      | Found a faded altar of an unknown god.
  3030 | D:4      | Reached skill level 8 in Unarmed Combat
  3032 | D:4      | Reached XP level 7. HP: 37/66 MP: 7/7
  3073 | D:4      | Reached skill level 3 in Fighting
  3162 | D:4      | 3162 ||| Stepping ~*~*~tactically~*~*~ (outnumbered).
  3163 | D:4      | 3163 ||| Stepping ~*~*~tactically~*~*~ (outnumbered).
  3171 | D:4      | 3171 ||| INVOKING Fiery Armour.
  3261 | D:4      | Found Kamm's Jewellery Shoppe.
  3271 | D:4      | 3271 ||| SHOPLISTING amulet "Nuofire" {RegenMP +Inv rCorr}
                  | (595 gold, have 199).
  3271 | D:4      | 3271 ||| SHOPLISTING ring of poison resistance (240 gold,
                  | have 199).
  3271 | D:4      | 3271 ||| SHOPLISTING ring of positive energy (240 gold,
                  | have 199).
  3271 | D:4      | 3271 ||| SHOPLISTING ring of protection from cold (300
                  | gold, have 199).
  3271 | D:4      | 3271 ||| SHOPLISTING ring of willpower (300 gold, have
                  | 199).
  3527 | D:4      | Found a basalt altar of Yredelemnul.
  3537 | D:4      | 3537 ||| UPGRADING to amulet of guardian spirit.
  3542 | D:4      | 3542 ||| DRINKING 3 brown potions.
  3543 | D:4      | 3543 ||| READING 3 scrolls of identify.
  3543 | D:4      | 3543 ||| IDENTIFYING viscous ruby potion
  3544 | D:4      | 3544 ||| READING 2 scrolls of identify.
  3544 | D:4      | 3544 ||| IDENTIFYING fizzy pink potion
  3545 | D:4      | 3545 ||| DROPPING potion of flight.
  3567 | D:5      | Entered Level 5 of the Dungeon
  3571 | D:5      | 3571 ||| STAIRDANCE
  3607 | D:5      | Noticed a +0 dagger
  3608 | D:5      | Found a hide-covered altar of Uskayaw.
  3608 | D:5      | Noticed a +0 hand axe
  3707 | D:5      | Noticed Menkaure
  3708 | D:5      | 3708 ||| Stepping ~*~*~tactically~*~*~ (hiding).
  3710 | D:5      | 3710 ||| Stepping ~*~*~tactically~*~*~ (hiding).
  3711 | D:5      | 3711 ||| Stepping ~*~*~tactically~*~*~ (hiding).
  3714 | D:5      | 3714 ||| Stepping ~*~*~tactically~*~*~ (hiding).
  3718 | D:5      | Killed Menkaure
  3903 | D:5      | 3903 ||| Stepping ~*~*~tactically~*~*~ (outnumbered).
  3904 | D:5      | 3904 ||| Stepping ~*~*~tactically~*~*~ (outnumbered).
  3905 | D:5      | 3905 ||| Stepping ~*~*~tactically~*~*~ (outnumbered).
  3906 | D:5      | 3906 ||| Stepping ~*~*~tactically~*~*~ (outnumbered).
  3907 | D:5      | 3907 ||| Stepping ~*~*~tactically~*~*~ (outnumbered).
  3908 | D:5      | 3908 ||| Stepping ~*~*~tactically~*~*~ (outnumbered).
  3909 | D:5      | 3909 ||| Stepping ~*~*~tactically~*~*~ (outnumbered).
  3910 | D:5      | 3910 ||| Stepping ~*~*~tactically~*~*~ (outnumbered).
  3911 | D:5      | 3911 ||| Stepping ~*~*~tactically~*~*~ (outnumbered).
  3912 | D:5      | 3912 ||| Stepping ~*~*~tactically~*~*~ (outnumbered).
  3913 | D:5      | 3913 ||| Stepping ~*~*~tactically~*~*~ (outnumbered).
  3914 | D:5      | 3914 ||| Stepping ~*~*~tactically~*~*~ (outnumbered).
  3915 | D:5      | 3915 ||| Stepping ~*~*~tactically~*~*~ (outnumbered).
  3916 | D:5      | 3916 ||| Stepping ~*~*~tactically~*~*~ (outnumbered).
  3917 | D:5      | 3917 ||| Stepping ~*~*~tactically~*~*~ (outnumbered).
  3918 | D:5      | 3918 ||| Stepping ~*~*~tactically~*~*~ (outnumbered).
  3919 | D:5      | 3919 ||| Stepping ~*~*~tactically~*~*~ (outnumbered).
  3920 | D:5      | 3920 ||| Stepping ~*~*~tactically~*~*~ (outnumbered).
  3921 | D:5      | 3921 ||| Stepping ~*~*~tactically~*~*~ (outnumbered).
  3967 | D:5      | Found a bloodstained altar of Trog.
  4077 | D:5      | Found Rimmene's Firing Range.
  4098 | D:5      | 4098 ||| Stepping ~*~*~tactically~*~*~ (outnumbered).
  4110 | D:5      | 4110 ||| Stepping ~*~*~tactically~*~*~ (outnumbered).
  4112 | D:5      | 4112 ||| Stepping ~*~*~tactically~*~*~ (outnumbered).
  4114 | D:5      | 4114 ||| Stepping ~*~*~tactically~*~*~ (outnumbered).
  4116 | D:5      | 4116 ||| Stepping ~*~*~tactically~*~*~ (outnumbered).
  4118 | D:5      | 4118 ||| Stepping ~*~*~tactically~*~*~ (outnumbered).
  4130 | D:5      | 4130 ||| Stepping ~*~*~tactically~*~*~ (outnumbered).
  4132 | D:5      | 4132 ||| Stepping ~*~*~tactically~*~*~ (outnumbered).
  4134 | D:5      | 4134 ||| Stepping ~*~*~tactically~*~*~ (outnumbered).
  4136 | D:5      | 4136 ||| Stepping ~*~*~tactically~*~*~ (outnumbered).
  4138 | D:5      | 4138 ||| Stepping ~*~*~tactically~*~*~ (outnumbered).
  4150 | D:5      | 4150 ||| Stepping ~*~*~tactically~*~*~ (outnumbered).
  4152 | D:5      | 4152 ||| Stepping ~*~*~tactically~*~*~ (outnumbered).
  4154 | D:5      | 4154 ||| Stepping ~*~*~tactically~*~*~ (outnumbered).
  4156 | D:5      | 4156 ||| Stepping ~*~*~tactically~*~*~ (outnumbered).
  4158 | D:5      | 4158 ||| Stepping ~*~*~tactically~*~*~ (outnumbered).
  4170 | D:5      | 4170 ||| Stepping ~*~*~tactically~*~*~ (outnumbered).
  4172 | D:5      | 4172 ||| Stepping ~*~*~tactically~*~*~ (outnumbered).
  4174 | D:5      | 4174 ||| Stepping ~*~*~tactically~*~*~ (outnumbered).
  4176 | D:5      | 4176 ||| Stepping ~*~*~tactically~*~*~ (outnumbered).
  4178 | D:5      | 4178 ||| Stepping ~*~*~tactically~*~*~ (outnumbered).
  4190 | D:5      | 4190 ||| Stepping ~*~*~tactically~*~*~ (outnumbered).
  4192 | D:5      | 4192 ||| Stepping ~*~*~tactically~*~*~ (outnumbered).
  4194 | D:5      | 4194 ||| Stepping ~*~*~tactically~*~*~ (outnumbered).
  4196 | D:5      | 4196 ||| Stepping ~*~*~tactically~*~*~ (outnumbered).
  4198 | D:5      | 4198 ||| Stepping ~*~*~tactically~*~*~ (outnumbered).
  4210 | D:5      | 4210 ||| Stepping ~*~*~tactically~*~*~ (outnumbered).
  4212 | D:5      | 4212 ||| Stepping ~*~*~tactically~*~*~ (outnumbered).
  4214 | D:5      | 4214 ||| Stepping ~*~*~tactically~*~*~ (outnumbered).
  4216 | D:5      | 4216 ||| Stepping ~*~*~tactically~*~*~ (outnumbered).
  4218 | D:5      | 4218 ||| Stepping ~*~*~tactically~*~*~ (outnumbered).
  4230 | D:5      | 4230 ||| Stepping ~*~*~tactically~*~*~ (outnumbered).
  4232 | D:5      | 4232 ||| Stepping ~*~*~tactically~*~*~ (outnumbered).
  4234 | D:5      | 4234 ||| Stepping ~*~*~tactically~*~*~ (outnumbered).
  4236 | D:5      | 4236 ||| Stepping ~*~*~tactically~*~*~ (outnumbered).
  4238 | D:5      | 4238 ||| Stepping ~*~*~tactically~*~*~ (outnumbered).
  4250 | D:5      | 4250 ||| Stepping ~*~*~tactically~*~*~ (outnumbered).
  4252 | D:5      | 4252 ||| Stepping ~*~*~tactically~*~*~ (outnumbered).
  4254 | D:5      | 4254 ||| Stepping ~*~*~tactically~*~*~ (outnumbered).
  4256 | D:5      | 4256 ||| Stepping ~*~*~tactically~*~*~ (outnumbered).
  4258 | D:5      | 4258 ||| Stepping ~*~*~tactically~*~*~ (outnumbered).
  4270 | D:5      | 4270 ||| Stepping ~*~*~tactically~*~*~ (outnumbered).
  4272 | D:5      | 4272 ||| Stepping ~*~*~tactically~*~*~ (outnumbered).
  4274 | D:5      | 4274 ||| Stepping ~*~*~tactically~*~*~ (outnumbered).
  4276 | D:5      | 4276 ||| Stepping ~*~*~tactically~*~*~ (outnumbered).
  4278 | D:5      | 4278 ||| Stepping ~*~*~tactically~*~*~ (outnumbered).
  4290 | D:5      | 4290 ||| Stepping ~*~*~tactically~*~*~ (outnumbered).
  4292 | D:5      | 4292 ||| Stepping ~*~*~tactically~*~*~ (outnumbered).
  4294 | D:5      | 4294 ||| Stepping ~*~*~tactically~*~*~ (outnumbered).
  4296 | D:5      | 4296 ||| Stepping ~*~*~tactically~*~*~ (outnumbered).
  4298 | D:5      | 4298 ||| Stepping ~*~*~tactically~*~*~ (outnumbered).
  4310 | D:5      | 4310 ||| Stepping ~*~*~tactically~*~*~ (outnumbered).
  4312 | D:5      | 4312 ||| Stepping ~*~*~tactically~*~*~ (outnumbered).
  4314 | D:5      | 4314 ||| Stepping ~*~*~tactically~*~*~ (outnumbered).
  4316 | D:5      | 4316 ||| Stepping ~*~*~tactically~*~*~ (outnumbered).
  4318 | D:5      | 4318 ||| Stepping ~*~*~tactically~*~*~ (outnumbered).
  4330 | D:5      | 4330 ||| Stepping ~*~*~tactically~*~*~ (outnumbered).
  4332 | D:5      | 4332 ||| Stepping ~*~*~tactically~*~*~ (outnumbered).
  4334 | D:5      | 4334 ||| Stepping ~*~*~tactically~*~*~ (outnumbered).
  4336 | D:5      | 4336 ||| Stepping ~*~*~tactically~*~*~ (outnumbered).
  4338 | D:5      | 4338 ||| Stepping ~*~*~tactically~*~*~ (outnumbered).
  4350 | D:5      | 4350 ||| Stepping ~*~*~tactically~*~*~ (outnumbered).
  4352 | D:5      | 4352 ||| Stepping ~*~*~tactically~*~*~ (outnumbered).
  4354 | D:5      | 4354 ||| Stepping ~*~*~tactically~*~*~ (outnumbered).
  4356 | D:5      | 4356 ||| Stepping ~*~*~tactically~*~*~ (outnumbered).
  4358 | D:5      | 4358 ||| Stepping ~*~*~tactically~*~*~ (outnumbered).
  4370 | D:5      | 4370 ||| Stepping ~*~*~tactically~*~*~ (outnumbered).
  4372 | D:5      | 4372 ||| Stepping ~*~*~tactically~*~*~ (outnumbered).
  4374 | D:5      | 4374 ||| Stepping ~*~*~tactically~*~*~ (outnumbered).
  4376 | D:5      | 4376 ||| Stepping ~*~*~tactically~*~*~ (outnumbered).
  4378 | D:5      | 4378 ||| Stepping ~*~*~tactically~*~*~ (outnumbered).
  4390 | D:5      | 4390 ||| Stepping ~*~*~tactically~*~*~ (outnumbered).
  4392 | D:5      | 4392 ||| Stepping ~*~*~tactically~*~*~ (outnumbered).
  4394 | D:5      | 4394 ||| Stepping ~*~*~tactically~*~*~ (outnumbered).
  4396 | D:5      | 4396 ||| Stepping ~*~*~tactically~*~*~ (outnumbered).
  4398 | D:5      | 4398 ||| Stepping ~*~*~tactically~*~*~ (outnumbered).
  4410 | D:5      | 4410 ||| Stepping ~*~*~tactically~*~*~ (outnumbered).
  4412 | D:5      | 4412 ||| Stepping ~*~*~tactically~*~*~ (outnumbered).
  4414 | D:5      | 4414 ||| Stepping ~*~*~tactically~*~*~ (outnumbered).
  4416 | D:5      | 4416 ||| Stepping ~*~*~tactically~*~*~ (outnumbered).
  4418 | D:5      | 4418 ||| Stepping ~*~*~tactically~*~*~ (outnumbered).
  4430 | D:5      | 4430 ||| Stepping ~*~*~tactically~*~*~ (outnumbered).
  4432 | D:5      | 4432 ||| Stepping ~*~*~tactically~*~*~ (outnumbered).
  4434 | D:5      | 4434 ||| Stepping ~*~*~tactically~*~*~ (outnumbered).
  4436 | D:5      | 4436 ||| Stepping ~*~*~tactically~*~*~ (outnumbered).
  4438 | D:5      | 4438 ||| Stepping ~*~*~tactically~*~*~ (outnumbered).
  4450 | D:5      | 4450 ||| Stepping ~*~*~tactically~*~*~ (outnumbered).
  4452 | D:5      | 4452 ||| Stepping ~*~*~tactically~*~*~ (outnumbered).
  4454 | D:5      | 4454 ||| Stepping ~*~*~tactically~*~*~ (outnumbered).
  4456 | D:5      | 4456 ||| Stepping ~*~*~tactically~*~*~ (outnumbered).
  4458 | D:5      | 4458 ||| Stepping ~*~*~tactically~*~*~ (outnumbered).
  4470 | D:5      | 4470 ||| Stepping ~*~*~tactically~*~*~ (outnumbered).
  4472 | D:5      | 4472 ||| Stepping ~*~*~tactically~*~*~ (outnumbered).
  4474 | D:5      | 4474 ||| Stepping ~*~*~tactically~*~*~ (outnumbered).
  4476 | D:5      | 4476 ||| Stepping ~*~*~tactically~*~*~ (outnumbered).
  4478 | D:5      | 4478 ||| Stepping ~*~*~tactically~*~*~ (outnumbered).
  4490 | D:5      | 4490 ||| Stepping ~*~*~tactically~*~*~ (outnumbered).
  4492 | D:5      | 4492 ||| Stepping ~*~*~tactically~*~*~ (outnumbered).
  4494 | D:5      | 4494 ||| Stepping ~*~*~tactically~*~*~ (outnumbered).
  4496 | D:5      | 4496 ||| Stepping ~*~*~tactically~*~*~ (outnumbered).
  4498 | D:5      | 4498 ||| Stepping ~*~*~tactically~*~*~ (outnumbered).
  4510 | D:5      | 4510 ||| Stepping ~*~*~tactically~*~*~ (outnumbered).
  4512 | D:5      | 4512 ||| Stepping ~*~*~tactically~*~*~ (outnumbered).
  4514 | D:5      | 4514 ||| Stepping ~*~*~tactically~*~*~ (outnumbered).
  4516 | D:5      | 4516 ||| Stepping ~*~*~tactically~*~*~ (outnumbered).
  4518 | D:5      | 4518 ||| Stepping ~*~*~tactically~*~*~ (outnumbered).
  4530 | D:5      | 4530 ||| Stepping ~*~*~tactically~*~*~ (outnumbered).
  4532 | D:5      | 4532 ||| Stepping ~*~*~tactically~*~*~ (outnumbered).
  4534 | D:5      | 4534 ||| Stepping ~*~*~tactically~*~*~ (outnumbered).
  4536 | D:5      | 4536 ||| Stepping ~*~*~tactically~*~*~ (outnumbered).
  4538 | D:5      | 4538 ||| Stepping ~*~*~tactically~*~*~ (outnumbered).
  4550 | D:5      | 4550 ||| Stepping ~*~*~tactically~*~*~ (outnumbered).
  4552 | D:5      | 4552 ||| Stepping ~*~*~tactically~*~*~ (outnumbered).
  4554 | D:5      | 4554 ||| Stepping ~*~*~tactically~*~*~ (outnumbered).
  4556 | D:5      | 4556 ||| Stepping ~*~*~tactically~*~*~ (outnumbered).
  4558 | D:5      | 4558 ||| Stepping ~*~*~tactically~*~*~ (outnumbered).
  4570 | D:5      | 4570 ||| Stepping ~*~*~tactically~*~*~ (outnumbered).
  4572 | D:5      | 4572 ||| Stepping ~*~*~tactically~*~*~ (outnumbered).
  4574 | D:5      | 4574 ||| Stepping ~*~*~tactically~*~*~ (outnumbered).
  4576 | D:5      | 4576 ||| Stepping ~*~*~tactically~*~*~ (outnumbered).
  4578 | D:5      | 4578 ||| Stepping ~*~*~tactically~*~*~ (outnumbered).
  4590 | D:5      | 4590 ||| Stepping ~*~*~tactically~*~*~ (outnumbered).
  4592 | D:5      | 4592 ||| Stepping ~*~*~tactically~*~*~ (outnumbered).
  4594 | D:5      | 4594 ||| Stepping ~*~*~tactically~*~*~ (outnumbered).
  4596 | D:5      | 4596 ||| Stepping ~*~*~tactically~*~*~ (outnumbered).
  4598 | D:5      | 4598 ||| Stepping ~*~*~tactically~*~*~ (outnumbered).
  4610 | D:5      | 4610 ||| Stepping ~*~*~tactically~*~*~ (outnumbered).
  4612 | D:5      | 4612 ||| Stepping ~*~*~tactically~*~*~ (outnumbered).
  4614 | D:5      | 4614 ||| Stepping ~*~*~tactically~*~*~ (outnumbered).
  4616 | D:5      | 4616 ||| Stepping ~*~*~tactically~*~*~ (outnumbered).
  4618 | D:5      | 4618 ||| Stepping ~*~*~tactically~*~*~ (outnumbered).
  4630 | D:5      | 4630 ||| Stepping ~*~*~tactically~*~*~ (outnumbered).
  4632 | D:5      | 4632 ||| Stepping ~*~*~tactically~*~*~ (outnumbered).
  4634 | D:5      | 4634 ||| Stepping ~*~*~tactically~*~*~ (outnumbered).
  4636 | D:5      | 4636 ||| Stepping ~*~*~tactically~*~*~ (outnumbered).
  4638 | D:5      | 4638 ||| Stepping ~*~*~tactically~*~*~ (outnumbered).
  4650 | D:5      | 4650 ||| Stepping ~*~*~tactically~*~*~ (outnumbered).
  4652 | D:5      | 4652 ||| Stepping ~*~*~tactically~*~*~ (outnumbered).
  4654 | D:5      | 4654 ||| Stepping ~*~*~tactically~*~*~ (outnumbered).
  4656 | D:5      | 4656 ||| Stepping ~*~*~tactically~*~*~ (outnumbered).
  4658 | D:5      | 4658 ||| Stepping ~*~*~tactically~*~*~ (outnumbered).
  4670 | D:5      | 4670 ||| Stepping ~*~*~tactically~*~*~ (outnumbered).
  4672 | D:5      | 4672 ||| Stepping ~*~*~tactically~*~*~ (outnumbered).
  4674 | D:5      | 4674 ||| Stepping ~*~*~tactically~*~*~ (outnumbered).
  4676 | D:5      | 4676 ||| Stepping ~*~*~tactically~*~*~ (outnumbered).
  4678 | D:5      | 4678 ||| Stepping ~*~*~tactically~*~*~ (outnumbered).
  4690 | D:5      | 4690 ||| Stepping ~*~*~tactically~*~*~ (outnumbered).
  4692 | D:5      | 4692 ||| Stepping ~*~*~tactically~*~*~ (outnumbered).
  4694 | D:5      | 4694 ||| Stepping ~*~*~tactically~*~*~ (outnumbered).
  4696 | D:5      | 4696 ||| Stepping ~*~*~tactically~*~*~ (outnumbered).
  4698 | D:5      | 4698 ||| Stepping ~*~*~tactically~*~*~ (outnumbered).
  4710 | D:5      | 4710 ||| Stepping ~*~*~tactically~*~*~ (outnumbered).
  4712 | D:5      | 4712 ||| Stepping ~*~*~tactically~*~*~ (outnumbered).
  4714 | D:5      | 4714 ||| Stepping ~*~*~tactically~*~*~ (outnumbered).
  4716 | D:5      | 4716 ||| Stepping ~*~*~tactically~*~*~ (outnumbered).
  4718 | D:5      | 4718 ||| Stepping ~*~*~tactically~*~*~ (outnumbered).
  4730 | D:5      | 4730 ||| Stepping ~*~*~tactically~*~*~ (outnumbered).
  4732 | D:5      | 4732 ||| Stepping ~*~*~tactically~*~*~ (outnumbered).
  4734 | D:5      | 4734 ||| Stepping ~*~*~tactically~*~*~ (outnumbered).
  4736 | D:5      | 4736 ||| Stepping ~*~*~tactically~*~*~ (outnumbered).
  4738 | D:5      | 4738 ||| Stepping ~*~*~tactically~*~*~ (outnumbered).
  4750 | D:5      | 4750 ||| Stepping ~*~*~tactically~*~*~ (outnumbered).
  4752 | D:5      | 4752 ||| Stepping ~*~*~tactically~*~*~ (outnumbered).
  4754 | D:5      | 4754 ||| Stepping ~*~*~tactically~*~*~ (outnumbered).
  4756 | D:5      | 4756 ||| Stepping ~*~*~tactically~*~*~ (outnumbered).
  4758 | D:5      | 4758 ||| Stepping ~*~*~tactically~*~*~ (outnumbered).
  4770 | D:5      | 4770 ||| Stepping ~*~*~tactically~*~*~ (outnumbered).
  4772 | D:5      | 4772 ||| Stepping ~*~*~tactically~*~*~ (outnumbered).
  4774 | D:5      | 4774 ||| Stepping ~*~*~tactically~*~*~ (outnumbered).
  4776 | D:5      | 4776 ||| Stepping ~*~*~tactically~*~*~ (outnumbered).
  4778 | D:5      | 4778 ||| Stepping ~*~*~tactically~*~*~ (outnumbered).
  4790 | D:5      | 4790 ||| Stepping ~*~*~tactically~*~*~ (outnumbered).
  4792 | D:5      | 4792 ||| Stepping ~*~*~tactically~*~*~ (outnumbered).
  4794 | D:5      | 4794 ||| Stepping ~*~*~tactically~*~*~ (outnumbered).
  4796 | D:5      | 4796 ||| Stepping ~*~*~tactically~*~*~ (outnumbered).
  4798 | D:5      | 4798 ||| Stepping ~*~*~tactically~*~*~ (outnumbered).
  4810 | D:5      | 4810 ||| Stepping ~*~*~tactically~*~*~ (outnumbered).
  4812 | D:5      | 4812 ||| Stepping ~*~*~tactically~*~*~ (outnumbered).
  4814 | D:5      | 4814 ||| Stepping ~*~*~tactically~*~*~ (outnumbered).
  4816 | D:5      | 4816 ||| Stepping ~*~*~tactically~*~*~ (outnumbered).
  4818 | D:5      | 4818 ||| Stepping ~*~*~tactically~*~*~ (outnumbered).
  4830 | D:5      | 4830 ||| Stepping ~*~*~tactically~*~*~ (outnumbered).
  4832 | D:5      | 4832 ||| Stepping ~*~*~tactically~*~*~ (outnumbered).
  4834 | D:5      | 4834 ||| Stepping ~*~*~tactically~*~*~ (outnumbered).
  4836 | D:5      | 4836 ||| Stepping ~*~*~tactically~*~*~ (outnumbered).
  4838 | D:5      | 4838 ||| Stepping ~*~*~tactically~*~*~ (outnumbered).
  4850 | D:5      | 4850 ||| Stepping ~*~*~tactically~*~*~ (outnumbered).
  4852 | D:5      | 4852 ||| Stepping ~*~*~tactically~*~*~ (outnumbered).
  4854 | D:5      | 4854 ||| Stepping ~*~*~tactically~*~*~ (outnumbered).
  4856 | D:5      | 4856 ||| Stepping ~*~*~tactically~*~*~ (outnumbered).
  4858 | D:5      | 4858 ||| Stepping ~*~*~tactically~*~*~ (outnumbered).
  4870 | D:5      | 4870 ||| Stepping ~*~*~tactically~*~*~ (outnumbered).
  4872 | D:5      | 4872 ||| Stepping ~*~*~tactically~*~*~ (outnumbered).
  4874 | D:5      | 4874 ||| Stepping ~*~*~tactically~*~*~ (outnumbered).
  4876 | D:5      | 4876 ||| Stepping ~*~*~tactically~*~*~ (outnumbered).
  4878 | D:5      | 4878 ||| Stepping ~*~*~tactically~*~*~ (outnumbered).
  4890 | D:5      | 4890 ||| Stepping ~*~*~tactically~*~*~ (outnumbered).
  4892 | D:5      | 4892 ||| Stepping ~*~*~tactically~*~*~ (outnumbered).
  4894 | D:5      | 4894 ||| Stepping ~*~*~tactically~*~*~ (outnumbered).
  4896 | D:5      | 4896 ||| Stepping ~*~*~tactically~*~*~ (outnumbered).
  4898 | D:5      | 4898 ||| Stepping ~*~*~tactically~*~*~ (outnumbered).
  4910 | D:5      | 4910 ||| Stepping ~*~*~tactically~*~*~ (outnumbered).
  4912 | D:5      | 4912 ||| Stepping ~*~*~tactically~*~*~ (outnumbered).
  4914 | D:5      | 4914 ||| Stepping ~*~*~tactically~*~*~ (outnumbered).
  4916 | D:5      | 4916 ||| Stepping ~*~*~tactically~*~*~ (outnumbered).
  4918 | D:5      | 4918 ||| Stepping ~*~*~tactically~*~*~ (outnumbered).
  4930 | D:5      | 4930 ||| Stepping ~*~*~tactically~*~*~ (outnumbered).
  4932 | D:5      | 4932 ||| Stepping ~*~*~tactically~*~*~ (outnumbered).
  4934 | D:5      | 4934 ||| Stepping ~*~*~tactically~*~*~ (outnumbered).
  4936 | D:5      | 4936 ||| Stepping ~*~*~tactically~*~*~ (outnumbered).
  4938 | D:5      | 4938 ||| Stepping ~*~*~tactically~*~*~ (outnumbered).
  4950 | D:5      | 4950 ||| Stepping ~*~*~tactically~*~*~ (outnumbered).
  4952 | D:5      | 4952 ||| Stepping ~*~*~tactically~*~*~ (outnumbered).
  4954 | D:5      | 4954 ||| Stepping ~*~*~tactically~*~*~ (outnumbered).
  4956 | D:5      | 4956 ||| Stepping ~*~*~tactically~*~*~ (outnumbered).
  4958 | D:5      | 4958 ||| Stepping ~*~*~tactically~*~*~ (outnumbered).
  4970 | D:5      | 4970 ||| Stepping ~*~*~tactically~*~*~ (outnumbered).
  4972 | D:5      | 4972 ||| Stepping ~*~*~tactically~*~*~ (outnumbered).
  4974 | D:5      | 4974 ||| Stepping ~*~*~tactically~*~*~ (outnumbered).
  4976 | D:5      | 4976 ||| Stepping ~*~*~tactically~*~*~ (outnumbered).
  4978 | D:5      | 4978 ||| Stepping ~*~*~tactically~*~*~ (outnumbered).
  4990 | D:5      | 4990 ||| Stepping ~*~*~tactically~*~*~ (outnumbered).
  4992 | D:5      | 4992 ||| Stepping ~*~*~tactically~*~*~ (outnumbered).
  4994 | D:5      | 4994 ||| Stepping ~*~*~tactically~*~*~ (outnumbered).
  4996 | D:5      | 4996 ||| Stepping ~*~*~tactically~*~*~ (outnumbered).
  4998 | D:5      | 4998 ||| Stepping ~*~*~tactically~*~*~ (outnumbered).
  5010 | D:5      | 5010 ||| Stepping ~*~*~tactically~*~*~ (outnumbered).
  5012 | D:5      | 5012 ||| Stepping ~*~*~tactically~*~*~ (outnumbered).
  5014 | D:5      | 5014 ||| Stepping ~*~*~tactically~*~*~ (outnumbered).
  5016 | D:5      | 5016 ||| Stepping ~*~*~tactically~*~*~ (outnumbered).
  5018 | D:5      | 5018 ||| Stepping ~*~*~tactically~*~*~ (outnumbered).
  5030 | D:5      | 5030 ||| Stepping ~*~*~tactically~*~*~ (outnumbered).
  5032 | D:5      | 5032 ||| Stepping ~*~*~tactically~*~*~ (outnumbered).
  5034 | D:5      | 5034 ||| Stepping ~*~*~tactically~*~*~ (outnumbered).
  5036 | D:5      | 5036 ||| Stepping ~*~*~tactically~*~*~ (outnumbered).
  5038 | D:5      | 5038 ||| Stepping ~*~*~tactically~*~*~ (outnumbered).
  5050 | D:5      | 5050 ||| Stepping ~*~*~tactically~*~*~ (outnumbered).
  5052 | D:5      | 5052 ||| Stepping ~*~*~tactically~*~*~ (outnumbered).
  5054 | D:5      | 5054 ||| Stepping ~*~*~tactically~*~*~ (outnumbered).
  5056 | D:5      | 5056 ||| Stepping ~*~*~tactically~*~*~ (outnumbered).
  5058 | D:5      | 5058 ||| Stepping ~*~*~tactically~*~*~ (outnumbered).
  5070 | D:5      | 5070 ||| Stepping ~*~*~tactically~*~*~ (outnumbered).
  5072 | D:5      | 5072 ||| Stepping ~*~*~tactically~*~*~ (outnumbered).
  5074 | D:5      | 5074 ||| Stepping ~*~*~tactically~*~*~ (outnumbered).
  5076 | D:5      | 5076 ||| Stepping ~*~*~tactically~*~*~ (outnumbered).
  5078 | D:5      | 5078 ||| Stepping ~*~*~tactically~*~*~ (outnumbered).
  5090 | D:5      | 5090 ||| Stepping ~*~*~tactically~*~*~ (outnumbered).
  5092 | D:5      | 5092 ||| Stepping ~*~*~tactically~*~*~ (outnumbered).
  5094 | D:5      | 5094 ||| Stepping ~*~*~tactically~*~*~ (outnumbered).
  5096 | D:5      | 5096 ||| Stepping ~*~*~tactically~*~*~ (outnumbered).
  5098 | D:5      | 5098 ||| Stepping ~*~*~tactically~*~*~ (outnumbered).
  5110 | D:5      | 5110 ||| Stepping ~*~*~tactically~*~*~ (outnumbered).
  5112 | D:5      | 5112 ||| Stepping ~*~*~tactically~*~*~ (outnumbered).
  5114 | D:5      | 5114 ||| Stepping ~*~*~tactically~*~*~ (outnumbered).
  5116 | D:5      | 5116 ||| Stepping ~*~*~tactically~*~*~ (outnumbered).
  5118 | D:5      | 5118 ||| Stepping ~*~*~tactically~*~*~ (outnumbered).
  5130 | D:5      | 5130 ||| Stepping ~*~*~tactically~*~*~ (outnumbered).
  5132 | D:5      | 5132 ||| Stepping ~*~*~tactically~*~*~ (outnumbered).
  5134 | D:5      | 5134 ||| Stepping ~*~*~tactically~*~*~ (outnumbered).
  5136 | D:5      | 5136 ||| Stepping ~*~*~tactically~*~*~ (outnumbered).
  5138 | D:5      | 5138 ||| Stepping ~*~*~tactically~*~*~ (outnumbered).
  5150 | D:5      | 5150 ||| Stepping ~*~*~tactically~*~*~ (outnumbered).
  5152 | D:5      | 5152 ||| Stepping ~*~*~tactically~*~*~ (outnumbered).
  5154 | D:5      | 5154 ||| Stepping ~*~*~tactically~*~*~ (outnumbered).
  5156 | D:5      | 5156 ||| Stepping ~*~*~tactically~*~*~ (outnumbered).
  5158 | D:5      | 5158 ||| Stepping ~*~*~tactically~*~*~ (outnumbered).
  5170 | D:5      | 5170 ||| Stepping ~*~*~tactically~*~*~ (outnumbered).
  5172 | D:5      | 5172 ||| Stepping ~*~*~tactically~*~*~ (outnumbered).
  5174 | D:5      | 5174 ||| Stepping ~*~*~tactically~*~*~ (outnumbered).
  5176 | D:5      | 5176 ||| Stepping ~*~*~tactically~*~*~ (outnumbered).
  5178 | D:5      | 5178 ||| Stepping ~*~*~tactically~*~*~ (outnumbered).
  5190 | D:5      | 5190 ||| Stepping ~*~*~tactically~*~*~ (outnumbered).
  5192 | D:5      | 5192 ||| Stepping ~*~*~tactically~*~*~ (outnumbered).
  5194 | D:5      | 5194 ||| Stepping ~*~*~tactically~*~*~ (outnumbered).
  5196 | D:5      | 5196 ||| Stepping ~*~*~tactically~*~*~ (outnumbered).
  5198 | D:5      | 5198 ||| Stepping ~*~*~tactically~*~*~ (outnumbered).
  5210 | D:5      | 5210 ||| Stepping ~*~*~tactically~*~*~ (outnumbered).
  5212 | D:5      | 5212 ||| Stepping ~*~*~tactically~*~*~ (outnumbered).
  5214 | D:5      | 5214 ||| Stepping ~*~*~tactically~*~*~ (outnumbered).
  5216 | D:5      | 5216 ||| Stepping ~*~*~tactically~*~*~ (outnumbered).
  5218 | D:5      | 5218 ||| Stepping ~*~*~tactically~*~*~ (outnumbered).
  5230 | D:5      | 5230 ||| Stepping ~*~*~tactically~*~*~ (outnumbered).
  5232 | D:5      | 5232 ||| Stepping ~*~*~tactically~*~*~ (outnumbered).
  5234 | D:5      | 5234 ||| Stepping ~*~*~tactically~*~*~ (outnumbered).
  5236 | D:5      | 5236 ||| Stepping ~*~*~tactically~*~*~ (outnumbered).
  5238 | D:5      | 5238 ||| Stepping ~*~*~tactically~*~*~ (outnumbered).
  5250 | D:5      | 5250 ||| Stepping ~*~*~tactically~*~*~ (outnumbered).
  5252 | D:5      | 5252 ||| Stepping ~*~*~tactically~*~*~ (outnumbered).
  5254 | D:5      | 5254 ||| Stepping ~*~*~tactically~*~*~ (outnumbered).
  5256 | D:5      | 5256 ||| Stepping ~*~*~tactically~*~*~ (outnumbered).
  5258 | D:5      | 5258 ||| Stepping ~*~*~tactically~*~*~ (outnumbered).
  5270 | D:5      | 5270 ||| Stepping ~*~*~tactically~*~*~ (outnumbered).
  5272 | D:5      | 5272 ||| Stepping ~*~*~tactically~*~*~ (outnumbered).
  5274 | D:5      | 5274 ||| Stepping ~*~*~tactically~*~*~ (outnumbered).
  5276 | D:5      | 5276 ||| Stepping ~*~*~tactically~*~*~ (outnumbered).
  5278 | D:5      | 5278 ||| Stepping ~*~*~tactically~*~*~ (outnumbered).
  5290 | D:5      | 5290 ||| Stepping ~*~*~tactically~*~*~ (outnumbered).
  5292 | D:5      | 5292 ||| Stepping ~*~*~tactically~*~*~ (outnumbered).
  5294 | D:5      | 5294 ||| Stepping ~*~*~tactically~*~*~ (outnumbered).
  5296 | D:5      | 5296 ||| Stepping ~*~*~tactically~*~*~ (outnumbered).
  5298 | D:5      | 5298 ||| Stepping ~*~*~tactically~*~*~ (outnumbered).
  5310 | D:5      | 5310 ||| Stepping ~*~*~tactically~*~*~ (outnumbered).
  5312 | D:5      | 5312 ||| Stepping ~*~*~tactically~*~*~ (outnumbered).
  5314 | D:5      | 5314 ||| Stepping ~*~*~tactically~*~*~ (outnumbered).
  5316 | D:5      | 5316 ||| Stepping ~*~*~tactically~*~*~ (outnumbered).
  5318 | D:5      | 5318 ||| Stepping ~*~*~tactically~*~*~ (outnumbered).
  5330 | D:5      | 5330 ||| Stepping ~*~*~tactically~*~*~ (outnumbered).
  5332 | D:5      | 5332 ||| Stepping ~*~*~tactically~*~*~ (outnumbered).
  5334 | D:5      | 5334 ||| Stepping ~*~*~tactically~*~*~ (outnumbered).
  5336 | D:5      | 5336 ||| Stepping ~*~*~tactically~*~*~ (outnumbered).
  5338 | D:5      | 5338 ||| Stepping ~*~*~tactically~*~*~ (outnumbered).
  5350 | D:5      | 5350 ||| Stepping ~*~*~tactically~*~*~ (outnumbered).
  5352 | D:5      | 5352 ||| Stepping ~*~*~tactically~*~*~ (outnumbered).
  5354 | D:5      | 5354 ||| Stepping ~*~*~tactically~*~*~ (outnumbered).
  5356 | D:5      | 5356 ||| Stepping ~*~*~tactically~*~*~ (outnumbered).
  5358 | D:5      | 5358 ||| Stepping ~*~*~tactically~*~*~ (outnumbered).
  5370 | D:5      | 5370 ||| Stepping ~*~*~tactically~*~*~ (outnumbered).
  5372 | D:5      | 5372 ||| Stepping ~*~*~tactically~*~*~ (outnumbered).
  5374 | D:5      | 5374 ||| Stepping ~*~*~tactically~*~*~ (outnumbered).
  5376 | D:5      | 5376 ||| Stepping ~*~*~tactically~*~*~ (outnumbered).
  5378 | D:5      | 5378 ||| Stepping ~*~*~tactically~*~*~ (outnumbered).
  5390 | D:5      | 5390 ||| Stepping ~*~*~tactically~*~*~ (outnumbered).
  5392 | D:5      | 5392 ||| Stepping ~*~*~tactically~*~*~ (outnumbered).
  5394 | D:5      | 5394 ||| Stepping ~*~*~tactically~*~*~ (outnumbered).
  5396 | D:5      | 5396 ||| Stepping ~*~*~tactically~*~*~ (outnumbered).
  5398 | D:5      | 5398 ||| Stepping ~*~*~tactically~*~*~ (outnumbered).
  5410 | D:5      | 5410 ||| Stepping ~*~*~tactically~*~*~ (outnumbered).
  5412 | D:5      | 5412 ||| Stepping ~*~*~tactically~*~*~ (outnumbered).
  5414 | D:5      | 5414 ||| Stepping ~*~*~tactically~*~*~ (outnumbered).
  5416 | D:5      | 5416 ||| Stepping ~*~*~tactically~*~*~ (outnumbered).
  5418 | D:5      | 5418 ||| Stepping ~*~*~tactically~*~*~ (outnumbered).
  5430 | D:5      | 5430 ||| Stepping ~*~*~tactically~*~*~ (outnumbered).
  5432 | D:5      | 5432 ||| Stepping ~*~*~tactically~*~*~ (outnumbered).
  5434 | D:5      | 5434 ||| Stepping ~*~*~tactically~*~*~ (outnumbered).
  5436 | D:5      | 5436 ||| Stepping ~*~*~tactically~*~*~ (outnumbered).
  5438 | D:5      | 5438 ||| Stepping ~*~*~tactically~*~*~ (outnumbered).
  5450 | D:5      | 5450 ||| Stepping ~*~*~tactically~*~*~ (outnumbered).
  5452 | D:5      | 5452 ||| Stepping ~*~*~tactically~*~*~ (outnumbered).
  5454 | D:5      | 5454 ||| Stepping ~*~*~tactically~*~*~ (outnumbered).
  5456 | D:5      | 5456 ||| Stepping ~*~*~tactically~*~*~ (outnumbered).
  5458 | D:5      | 5458 ||| Stepping ~*~*~tactically~*~*~ (outnumbered).
  5470 | D:5      | 5470 ||| Stepping ~*~*~tactically~*~*~ (outnumbered).
  5472 | D:5      | 5472 ||| Stepping ~*~*~tactically~*~*~ (outnumbered).
  5474 | D:5      | 5474 ||| Stepping ~*~*~tactically~*~*~ (outnumbered).
  5476 | D:5      | 5476 ||| Stepping ~*~*~tactically~*~*~ (outnumbered).
  5478 | D:5      | 5478 ||| Stepping ~*~*~tactically~*~*~ (outnumbered).
  5490 | D:5      | 5490 ||| Stepping ~*~*~tactically~*~*~ (outnumbered).
  5492 | D:5      | 5492 ||| Stepping ~*~*~tactically~*~*~ (outnumbered).
  5494 | D:5      | 5494 ||| Stepping ~*~*~tactically~*~*~ (outnumbered).
  5496 | D:5      | 5496 ||| Stepping ~*~*~tactically~*~*~ (outnumbered).
  5498 | D:5      | 5498 ||| Stepping ~*~*~tactically~*~*~ (outnumbered).
  5510 | D:5      | 5510 ||| Stepping ~*~*~tactically~*~*~ (outnumbered).
  5512 | D:5      | 5512 ||| Stepping ~*~*~tactically~*~*~ (outnumbered).
  5514 | D:5      | 5514 ||| Stepping ~*~*~tactically~*~*~ (outnumbered).
  5516 | D:5      | 5516 ||| Stepping ~*~*~tactically~*~*~ (outnumbered).
  5518 | D:5      | 5518 ||| Stepping ~*~*~tactically~*~*~ (outnumbered).
  5530 | D:5      | 5530 ||| Stepping ~*~*~tactically~*~*~ (outnumbered).
  5532 | D:5      | 5532 ||| Stepping ~*~*~tactically~*~*~ (outnumbered).
  5534 | D:5      | 5534 ||| Stepping ~*~*~tactically~*~*~ (outnumbered).
  5536 | D:5      | 5536 ||| Stepping ~*~*~tactically~*~*~ (outnumbered).
  5538 | D:5      | 5538 ||| Stepping ~*~*~tactically~*~*~ (outnumbered).
  5550 | D:5      | 5550 ||| Stepping ~*~*~tactically~*~*~ (outnumbered).
  5552 | D:5      | 5552 ||| Stepping ~*~*~tactically~*~*~ (outnumbered).
  5554 | D:5      | 5554 ||| Stepping ~*~*~tactically~*~*~ (outnumbered).
  5556 | D:5      | 5556 ||| Stepping ~*~*~tactically~*~*~ (outnumbered).
  5558 | D:5      | 5558 ||| Stepping ~*~*~tactically~*~*~ (outnumbered).
  5570 | D:5      | 5570 ||| Stepping ~*~*~tactically~*~*~ (outnumbered).
  5572 | D:5      | 5572 ||| Stepping ~*~*~tactically~*~*~ (outnumbered).
  5574 | D:5      | 5574 ||| Stepping ~*~*~tactically~*~*~ (outnumbered).
  5576 | D:5      | 5576 ||| Stepping ~*~*~tactically~*~*~ (outnumbered).
  5578 | D:5      | 5578 ||| Stepping ~*~*~tactically~*~*~ (outnumbered).
  5590 | D:5      | 5590 ||| Stepping ~*~*~tactically~*~*~ (outnumbered).
  5592 | D:5      | 5592 ||| Stepping ~*~*~tactically~*~*~ (outnumbered).
  5594 | D:5      | 5594 ||| Stepping ~*~*~tactically~*~*~ (outnumbered).
  5596 | D:5      | 5596 ||| Stepping ~*~*~tactically~*~*~ (outnumbered).
  5598 | D:5      | 5598 ||| Stepping ~*~*~tactically~*~*~ (outnumbered).
  5610 | D:5      | 5610 ||| Stepping ~*~*~tactically~*~*~ (outnumbered).
  5612 | D:5      | 5612 ||| Stepping ~*~*~tactically~*~*~ (outnumbered).
  5614 | D:5      | 5614 ||| Stepping ~*~*~tactically~*~*~ (outnumbered).
  5616 | D:5      | 5616 ||| Stepping ~*~*~tactically~*~*~ (outnumbered).
  5618 | D:5      | 5618 ||| Stepping ~*~*~tactically~*~*~ (outnumbered).
  5630 | D:5      | 5630 ||| Stepping ~*~*~tactically~*~*~ (outnumbered).
  5632 | D:5      | 5632 ||| Stepping ~*~*~tactically~*~*~ (outnumbered).
  5634 | D:5      | 5634 ||| Stepping ~*~*~tactically~*~*~ (outnumbered).
  5636 | D:5      | 5636 ||| Stepping ~*~*~tactically~*~*~ (outnumbered).
  5638 | D:5      | 5638 ||| Stepping ~*~*~tactically~*~*~ (outnumbered).
  5650 | D:5      | 5650 ||| Stepping ~*~*~tactically~*~*~ (outnumbered).
  5652 | D:5      | 5652 ||| Stepping ~*~*~tactically~*~*~ (outnumbered).
  5654 | D:5      | 5654 ||| Stepping ~*~*~tactically~*~*~ (outnumbered).
  5656 | D:5      | 5656 ||| Stepping ~*~*~tactically~*~*~ (outnumbered).
  5658 | D:5      | 5658 ||| Stepping ~*~*~tactically~*~*~ (outnumbered).
  5670 | D:5      | 5670 ||| Stepping ~*~*~tactically~*~*~ (outnumbered).
  5672 | D:5      | 5672 ||| Stepping ~*~*~tactically~*~*~ (outnumbered).
  5674 | D:5      | 5674 ||| Stepping ~*~*~tactically~*~*~ (outnumbered).
  5676 | D:5      | 5676 ||| Stepping ~*~*~tactically~*~*~ (outnumbered).
  5678 | D:5      | 5678 ||| Stepping ~*~*~tactically~*~*~ (outnumbered).
  5690 | D:5      | 5690 ||| Stepping ~*~*~tactically~*~*~ (outnumbered).
  5692 | D:5      | 5692 ||| Stepping ~*~*~tactically~*~*~ (outnumbered).
  5694 | D:5      | 5694 ||| Stepping ~*~*~tactically~*~*~ (outnumbered).
  5696 | D:5      | 5696 ||| Stepping ~*~*~tactically~*~*~ (outnumbered).
  5698 | D:5      | 5698 ||| Stepping ~*~*~tactically~*~*~ (outnumbered).
  5710 | D:5      | 5710 ||| Stepping ~*~*~tactically~*~*~ (outnumbered).
  5712 | D:5      | 5712 ||| Stepping ~*~*~tactically~*~*~ (outnumbered).
  5714 | D:5      | 5714 ||| Stepping ~*~*~tactically~*~*~ (outnumbered).
  5716 | D:5      | 5716 ||| Stepping ~*~*~tactically~*~*~ (outnumbered).
  5718 | D:5      | 5718 ||| Stepping ~*~*~tactically~*~*~ (outnumbered).
  5730 | D:5      | 5730 ||| Stepping ~*~*~tactically~*~*~ (outnumbered).
  5732 | D:5      | 5732 ||| Stepping ~*~*~tactically~*~*~ (outnumbered).
  5734 | D:5      | 5734 ||| Stepping ~*~*~tactically~*~*~ (outnumbered).
  5736 | D:5      | 5736 ||| Stepping ~*~*~tactically~*~*~ (outnumbered).
  5738 | D:5      | 5738 ||| Stepping ~*~*~tactically~*~*~ (outnumbered).
  5750 | D:5      | 5750 ||| Stepping ~*~*~tactically~*~*~ (outnumbered).
  5752 | D:5      | 5752 ||| Stepping ~*~*~tactically~*~*~ (outnumbered).
  5754 | D:5      | 5754 ||| Stepping ~*~*~tactically~*~*~ (outnumbered).
  5756 | D:5      | 5756 ||| Stepping ~*~*~tactically~*~*~ (outnumbered).
  5758 | D:5      | 5758 ||| Stepping ~*~*~tactically~*~*~ (outnumbered).
  5770 | D:5      | 5770 ||| Stepping ~*~*~tactically~*~*~ (outnumbered).
  5772 | D:5      | 5772 ||| Stepping ~*~*~tactically~*~*~ (outnumbered).
  5774 | D:5      | 5774 ||| Stepping ~*~*~tactically~*~*~ (outnumbered).
  5776 | D:5      | 5776 ||| Stepping ~*~*~tactically~*~*~ (outnumbered).
  5778 | D:5      | 5778 ||| Stepping ~*~*~tactically~*~*~ (outnumbered).
  5790 | D:5      | 5790 ||| Stepping ~*~*~tactically~*~*~ (outnumbered).
  5792 | D:5      | 5792 ||| Stepping ~*~*~tactically~*~*~ (outnumbered).
  5794 | D:5      | 5794 ||| Stepping ~*~*~tactically~*~*~ (outnumbered).
  5796 | D:5      | 5796 ||| Stepping ~*~*~tactically~*~*~ (outnumbered).
  5798 | D:5      | 5798 ||| Stepping ~*~*~tactically~*~*~ (outnumbered).
  5810 | D:5      | 5810 ||| Stepping ~*~*~tactically~*~*~ (outnumbered).
  5812 | D:5      | 5812 ||| Stepping ~*~*~tactically~*~*~ (outnumbered).
  5814 | D:5      | 5814 ||| Stepping ~*~*~tactically~*~*~ (outnumbered).
  5816 | D:5      | 5816 ||| Stepping ~*~*~tactically~*~*~ (outnumbered).
  5818 | D:5      | 5818 ||| Stepping ~*~*~tactically~*~*~ (outnumbered).
  5830 | D:5      | 5830 ||| Stepping ~*~*~tactically~*~*~ (outnumbered).
  5832 | D:5      | 5832 ||| Stepping ~*~*~tactically~*~*~ (outnumbered).
  5834 | D:5      | 5834 ||| Stepping ~*~*~tactically~*~*~ (outnumbered).
  5836 | D:5      | 5836 ||| Stepping ~*~*~tactically~*~*~ (outnumbered).
  5838 | D:5      | 5838 ||| Stepping ~*~*~tactically~*~*~ (outnumbered).
  5850 | D:5      | 5850 ||| Stepping ~*~*~tactically~*~*~ (outnumbered).
  5852 | D:5      | 5852 ||| Stepping ~*~*~tactically~*~*~ (outnumbered).
  5854 | D:5      | 5854 ||| Stepping ~*~*~tactically~*~*~ (outnumbered).
  5856 | D:5      | 5856 ||| Stepping ~*~*~tactically~*~*~ (outnumbered).
  5858 | D:5      | 5858 ||| Stepping ~*~*~tactically~*~*~ (outnumbered).
  5870 | D:5      | 5870 ||| Stepping ~*~*~tactically~*~*~ (outnumbered).
  5872 | D:5      | 5872 ||| Stepping ~*~*~tactically~*~*~ (outnumbered).
  5874 | D:5      | 5874 ||| Stepping ~*~*~tactically~*~*~ (outnumbered).
  5876 | D:5      | 5876 ||| Stepping ~*~*~tactically~*~*~ (outnumbered).
  5878 | D:5      | 5878 ||| Stepping ~*~*~tactically~*~*~ (outnumbered).
  5890 | D:5      | 5890 ||| Stepping ~*~*~tactically~*~*~ (outnumbered).
  5892 | D:5      | 5892 ||| Stepping ~*~*~tactically~*~*~ (outnumbered).
  5894 | D:5      | 5894 ||| Stepping ~*~*~tactically~*~*~ (outnumbered).
  5896 | D:5      | 5896 ||| Stepping ~*~*~tactically~*~*~ (outnumbered).
  5898 | D:5      | 5898 ||| Stepping ~*~*~tactically~*~*~ (outnumbered).
  5910 | D:5      | 5910 ||| Stepping ~*~*~tactically~*~*~ (outnumbered).
  5912 | D:5      | 5912 ||| Stepping ~*~*~tactically~*~*~ (outnumbered).
  5914 | D:5      | 5914 ||| Stepping ~*~*~tactically~*~*~ (outnumbered).
  5916 | D:5      | 5916 ||| Stepping ~*~*~tactically~*~*~ (outnumbered).
  5918 | D:5      | 5918 ||| Stepping ~*~*~tactically~*~*~ (outnumbered).
  5930 | D:5      | 5930 ||| Stepping ~*~*~tactically~*~*~ (outnumbered).
  5932 | D:5      | 5932 ||| Stepping ~*~*~tactically~*~*~ (outnumbered).
  5934 | D:5      | 5934 ||| Stepping ~*~*~tactically~*~*~ (outnumbered).
  5936 | D:5      | 5936 ||| Stepping ~*~*~tactically~*~*~ (outnumbered).
  5938 | D:5      | 5938 ||| Stepping ~*~*~tactically~*~*~ (outnumbered).
  5950 | D:5      | 5950 ||| Stepping ~*~*~tactically~*~*~ (outnumbered).
  5952 | D:5      | 5952 ||| Stepping ~*~*~tactically~*~*~ (outnumbered).
  5954 | D:5      | 5954 ||| Stepping ~*~*~tactically~*~*~ (outnumbered).
  5956 | D:5      | 5956 ||| Stepping ~*~*~tactically~*~*~ (outnumbered).
  5958 | D:5      | 5958 ||| Stepping ~*~*~tactically~*~*~ (outnumbered).
  5970 | D:5      | 5970 ||| Stepping ~*~*~tactically~*~*~ (outnumbered).
  5972 | D:5      | 5972 ||| Stepping ~*~*~tactically~*~*~ (outnumbered).
  5974 | D:5      | 5974 ||| Stepping ~*~*~tactically~*~*~ (outnumbered).
  5976 | D:5      | 5976 ||| Stepping ~*~*~tactically~*~*~ (outnumbered).
  5978 | D:5      | 5978 ||| Stepping ~*~*~tactically~*~*~ (outnumbered).
  5990 | D:5      | 5990 ||| Stepping ~*~*~tactically~*~*~ (outnumbered).
  5992 | D:5      | 5992 ||| Stepping ~*~*~tactically~*~*~ (outnumbered).
  5994 | D:5      | 5994 ||| Stepping ~*~*~tactically~*~*~ (outnumbered).
  5996 | D:5      | 5996 ||| Stepping ~*~*~tactically~*~*~ (outnumbered).
  5998 | D:5      | 5998 ||| Stepping ~*~*~tactically~*~*~ (outnumbered).
  6010 | D:5      | 6010 ||| Stepping ~*~*~tactically~*~*~ (outnumbered).
  6012 | D:5      | 6012 ||| Stepping ~*~*~tactically~*~*~ (outnumbered).
  6014 | D:5      | 6014 ||| Stepping ~*~*~tactically~*~*~ (outnumbered).
  6016 | D:5      | 6016 ||| Stepping ~*~*~tactically~*~*~ (outnumbered).
  6018 | D:5      | 6018 ||| Stepping ~*~*~tactically~*~*~ (outnumbered).
  6030 | D:5      | 6030 ||| Stepping ~*~*~tactically~*~*~ (outnumbered).
  6032 | D:5      | 6032 ||| Stepping ~*~*~tactically~*~*~ (outnumbered).
  6034 | D:5      | 6034 ||| Stepping ~*~*~tactically~*~*~ (outnumbered).
  6036 | D:5      | 6036 ||| Stepping ~*~*~tactically~*~*~ (outnumbered).
  6038 | D:5      | 6038 ||| Stepping ~*~*~tactically~*~*~ (outnumbered).
  6050 | D:5      | 6050 ||| Stepping ~*~*~tactically~*~*~ (outnumbered).
  6052 | D:5      | 6052 ||| Stepping ~*~*~tactically~*~*~ (outnumbered).
  6054 | D:5      | 6054 ||| Stepping ~*~*~tactically~*~*~ (outnumbered).
  6056 | D:5      | 6056 ||| Stepping ~*~*~tactically~*~*~ (outnumbered).
  6058 | D:5      | 6058 ||| Stepping ~*~*~tactically~*~*~ (outnumbered).
  6070 | D:5      | 6070 ||| Stepping ~*~*~tactically~*~*~ (outnumbered).
  6072 | D:5      | 6072 ||| Stepping ~*~*~tactically~*~*~ (outnumbered).
  6074 | D:5      | 6074 ||| Stepping ~*~*~tactically~*~*~ (outnumbered).
  6076 | D:5      | 6076 ||| Stepping ~*~*~tactically~*~*~ (outnumbered).
  6078 | D:5      | 6078 ||| Stepping ~*~*~tactically~*~*~ (outnumbered).
  6090 | D:5      | 6090 ||| Stepping ~*~*~tactically~*~*~ (outnumbered).
  6092 | D:5      | 6092 ||| Stepping ~*~*~tactically~*~*~ (outnumbered).
  6094 | D:5      | 6094 ||| Stepping ~*~*~tactically~*~*~ (outnumbered).
  6096 | D:5      | 6096 ||| Stepping ~*~*~tactically~*~*~ (outnumbered).
  6098 | D:5      | 6098 ||| Stepping ~*~*~tactically~*~*~ (outnumbered).
  6110 | D:5      | 6110 ||| Stepping ~*~*~tactically~*~*~ (outnumbered).
  6112 | D:5      | 6112 ||| Stepping ~*~*~tactically~*~*~ (outnumbered).
  6114 | D:5      | 6114 ||| Stepping ~*~*~tactically~*~*~ (outnumbered).
  6116 | D:5      | 6116 ||| Stepping ~*~*~tactically~*~*~ (outnumbered).
  6118 | D:5      | 6118 ||| Stepping ~*~*~tactically~*~*~ (outnumbered).
  6130 | D:5      | 6130 ||| Stepping ~*~*~tactically~*~*~ (outnumbered).
  6132 | D:5      | 6132 ||| Stepping ~*~*~tactically~*~*~ (outnumbered).
  6134 | D:5      | 6134 ||| Stepping ~*~*~tactically~*~*~ (outnumbered).
  6136 | D:5      | 6136 ||| Stepping ~*~*~tactically~*~*~ (outnumbered).
  6138 | D:5      | 6138 ||| Stepping ~*~*~tactically~*~*~ (outnumbered).
  6150 | D:5      | 6150 ||| Stepping ~*~*~tactically~*~*~ (outnumbered).
  6152 | D:5      | 6152 ||| Stepping ~*~*~tactically~*~*~ (outnumbered).
  6154 | D:5      | 6154 ||| Stepping ~*~*~tactically~*~*~ (outnumbered).
  6156 | D:5      | 6156 ||| Stepping ~*~*~tactically~*~*~ (outnumbered).
  6158 | D:5      | 6158 ||| Stepping ~*~*~tactically~*~*~ (outnumbered).
  6170 | D:5      | 6170 ||| Stepping ~*~*~tactically~*~*~ (outnumbered).
  6172 | D:5      | 6172 ||| Stepping ~*~*~tactically~*~*~ (outnumbered).
  6174 | D:5      | 6174 ||| Stepping ~*~*~tactically~*~*~ (outnumbered).
  6176 | D:5      | 6176 ||| Stepping ~*~*~tactically~*~*~ (outnumbered).
  6178 | D:5      | 6178 ||| Stepping ~*~*~tactically~*~*~ (outnumbered).
  6190 | D:5      | 6190 ||| Stepping ~*~*~tactically~*~*~ (outnumbered).
  6192 | D:5      | 6192 ||| Stepping ~*~*~tactically~*~*~ (outnumbered).
  6194 | D:5      | 6194 ||| Stepping ~*~*~tactically~*~*~ (outnumbered).
  6196 | D:5      | 6196 ||| Stepping ~*~*~tactically~*~*~ (outnumbered).
  6198 | D:5      | 6198 ||| Stepping ~*~*~tactically~*~*~ (outnumbered).
  6210 | D:5      | 6210 ||| Stepping ~*~*~tactically~*~*~ (outnumbered).
  6212 | D:5      | 6212 ||| Stepping ~*~*~tactically~*~*~ (outnumbered).
  6214 | D:5      | 6214 ||| Stepping ~*~*~tactically~*~*~ (outnumbered).
  6216 | D:5      | 6216 ||| Stepping ~*~*~tactically~*~*~ (outnumbered).
  6218 | D:5      | 6218 ||| Stepping ~*~*~tactically~*~*~ (outnumbered).
  6230 | D:5      | 6230 ||| Stepping ~*~*~tactically~*~*~ (outnumbered).
  6232 | D:5      | 6232 ||| Stepping ~*~*~tactically~*~*~ (outnumbered).
  6234 | D:5      | 6234 ||| Stepping ~*~*~tactically~*~*~ (outnumbered).
  6236 | D:5      | 6236 ||| Stepping ~*~*~tactically~*~*~ (outnumbered).
  6238 | D:5      | 6238 ||| Stepping ~*~*~tactically~*~*~ (outnumbered).
  6250 | D:5      | 6250 ||| Stepping ~*~*~tactically~*~*~ (outnumbered).
  6252 | D:5      | 6252 ||| Stepping ~*~*~tactically~*~*~ (outnumbered).
  6254 | D:5      | 6254 ||| Stepping ~*~*~tactically~*~*~ (outnumbered).
  6256 | D:5      | 6256 ||| Stepping ~*~*~tactically~*~*~ (outnumbered).
  6258 | D:5      | 6258 ||| Stepping ~*~*~tactically~*~*~ (outnumbered).
  6270 | D:5      | 6270 ||| Stepping ~*~*~tactically~*~*~ (outnumbered).
  6272 | D:5      | 6272 ||| Stepping ~*~*~tactically~*~*~ (outnumbered).
  6274 | D:5      | 6274 ||| Stepping ~*~*~tactically~*~*~ (outnumbered).
  6276 | D:5      | 6276 ||| Stepping ~*~*~tactically~*~*~ (outnumbered).
  6278 | D:5      | 6278 ||| Stepping ~*~*~tactically~*~*~ (outnumbered).
  6290 | D:5      | 6290 ||| Stepping ~*~*~tactically~*~*~ (outnumbered).
  6292 | D:5      | 6292 ||| Stepping ~*~*~tactically~*~*~ (outnumbered).
  6294 | D:5      | 6294 ||| Stepping ~*~*~tactically~*~*~ (outnumbered).
  6296 | D:5      | 6296 ||| Stepping ~*~*~tactically~*~*~ (outnumbered).
  6298 | D:5      | 6298 ||| Stepping ~*~*~tactically~*~*~ (outnumbered).
  6310 | D:5      | 6310 ||| Stepping ~*~*~tactically~*~*~ (outnumbered).
  6312 | D:5      | 6312 ||| Stepping ~*~*~tactically~*~*~ (outnumbered).
  6314 | D:5      | 6314 ||| Stepping ~*~*~tactically~*~*~ (outnumbered).
  6316 | D:5      | 6316 ||| Stepping ~*~*~tactically~*~*~ (outnumbered).
  6318 | D:5      | 6318 ||| Stepping ~*~*~tactically~*~*~ (outnumbered).
  6330 | D:5      | 6330 ||| Stepping ~*~*~tactically~*~*~ (outnumbered).
  6332 | D:5      | 6332 ||| Stepping ~*~*~tactically~*~*~ (outnumbered).
  6334 | D:5      | 6334 ||| Stepping ~*~*~tactically~*~*~ (outnumbered).
  6336 | D:5      | 6336 ||| Stepping ~*~*~tactically~*~*~ (outnumbered).
  6338 | D:5      | 6338 ||| Stepping ~*~*~tactically~*~*~ (outnumbered).
  6350 | D:5      | 6350 ||| Stepping ~*~*~tactically~*~*~ (outnumbered).
  6352 | D:5      | 6352 ||| Stepping ~*~*~tactically~*~*~ (outnumbered).
  6354 | D:5      | 6354 ||| Stepping ~*~*~tactically~*~*~ (outnumbered).
  6356 | D:5      | 6356 ||| Stepping ~*~*~tactically~*~*~ (outnumbered).
  6358 | D:5      | 6358 ||| Stepping ~*~*~tactically~*~*~ (outnumbered).
  6370 | D:5      | 6370 ||| Stepping ~*~*~tactically~*~*~ (outnumbered).
  6372 | D:5      | 6372 ||| Stepping ~*~*~tactically~*~*~ (outnumbered).
  6374 | D:5      | 6374 ||| Stepping ~*~*~tactically~*~*~ (outnumbered).
  6376 | D:5      | 6376 ||| Stepping ~*~*~tactically~*~*~ (outnumbered).
  6378 | D:5      | 6378 ||| Stepping ~*~*~tactically~*~*~ (outnumbered).
  6390 | D:5      | 6390 ||| Stepping ~*~*~tactically~*~*~ (outnumbered).
  6392 | D:5      | 6392 ||| Stepping ~*~*~tactically~*~*~ (outnumbered).
  6394 | D:5      | 6394 ||| Stepping ~*~*~tactically~*~*~ (outnumbered).
  6396 | D:5      | 6396 ||| Stepping ~*~*~tactically~*~*~ (outnumbered).
  6398 | D:5      | 6398 ||| Stepping ~*~*~tactically~*~*~ (outnumbered).
  6410 | D:5      | 6410 ||| Stepping ~*~*~tactically~*~*~ (outnumbered).
  6412 | D:5      | 6412 ||| Stepping ~*~*~tactically~*~*~ (outnumbered).
  6414 | D:5      | 6414 ||| Stepping ~*~*~tactically~*~*~ (outnumbered).
  6416 | D:5      | 6416 ||| Stepping ~*~*~tactically~*~*~ (outnumbered).
  6418 | D:5      | 6418 ||| Stepping ~*~*~tactically~*~*~ (outnumbered).
  6430 | D:5      | 6430 ||| Stepping ~*~*~tactically~*~*~ (outnumbered).
  6432 | D:5      | 6432 ||| Stepping ~*~*~tactically~*~*~ (outnumbered).
  6434 | D:5      | 6434 ||| Stepping ~*~*~tactically~*~*~ (outnumbered).
  6436 | D:5      | 6436 ||| Stepping ~*~*~tactically~*~*~ (outnumbered).
  6438 | D:5      | 6438 ||| Stepping ~*~*~tactically~*~*~ (outnumbered).
  6450 | D:5      | 6450 ||| Stepping ~*~*~tactically~*~*~ (outnumbered).
  6452 | D:5      | 6452 ||| Stepping ~*~*~tactically~*~*~ (outnumbered).
  6454 | D:5      | 6454 ||| Stepping ~*~*~tactically~*~*~ (outnumbered).
  6456 | D:5      | 6456 ||| Stepping ~*~*~tactically~*~*~ (outnumbered).
  6458 | D:5      | 6458 ||| Stepping ~*~*~tactically~*~*~ (outnumbered).
  6470 | D:5      | 6470 ||| Stepping ~*~*~tactically~*~*~ (outnumbered).
  6472 | D:5      | 6472 ||| Stepping ~*~*~tactically~*~*~ (outnumbered).
  6474 | D:5      | 6474 ||| Stepping ~*~*~tactically~*~*~ (outnumbered).
  6476 | D:5      | 6476 ||| Stepping ~*~*~tactically~*~*~ (outnumbered).
  6478 | D:5      | 6478 ||| Stepping ~*~*~tactically~*~*~ (outnumbered).
  6490 | D:5      | 6490 ||| Stepping ~*~*~tactically~*~*~ (outnumbered).
  6492 | D:5      | 6492 ||| Stepping ~*~*~tactically~*~*~ (outnumbered).
  6494 | D:5      | 6494 ||| Stepping ~*~*~tactically~*~*~ (outnumbered).
  6496 | D:5      | 6496 ||| Stepping ~*~*~tactically~*~*~ (outnumbered).
  6498 | D:5      | 6498 ||| Stepping ~*~*~tactically~*~*~ (outnumbered).
  6510 | D:5      | 6510 ||| Stepping ~*~*~tactically~*~*~ (outnumbered).
  6512 | D:5      | 6512 ||| Stepping ~*~*~tactically~*~*~ (outnumbered).
  6514 | D:5      | 6514 ||| Stepping ~*~*~tactically~*~*~ (outnumbered).
  6516 | D:5      | 6516 ||| Stepping ~*~*~tactically~*~*~ (outnumbered).
  6518 | D:5      | 6518 ||| Stepping ~*~*~tactically~*~*~ (outnumbered).
  6530 | D:5      | 6530 ||| Stepping ~*~*~tactically~*~*~ (outnumbered).
  6532 | D:5      | 6532 ||| Stepping ~*~*~tactically~*~*~ (outnumbered).
  6534 | D:5      | 6534 ||| Stepping ~*~*~tactically~*~*~ (outnumbered).
  6536 | D:5      | 6536 ||| Stepping ~*~*~tactically~*~*~ (outnumbered).
  6538 | D:5      | 6538 ||| Stepping ~*~*~tactically~*~*~ (outnumbered).
  6550 | D:5      | 6550 ||| Stepping ~*~*~tactically~*~*~ (outnumbered).
  6552 | D:5      | 6552 ||| Stepping ~*~*~tactically~*~*~ (outnumbered).
  6554 | D:5      | 6554 ||| Stepping ~*~*~tactically~*~*~ (outnumbered).
  6556 | D:5      | 6556 ||| Stepping ~*~*~tactically~*~*~ (outnumbered).
  6558 | D:5      | 6558 ||| Stepping ~*~*~tactically~*~*~ (outnumbered).
  6570 | D:5      | 6570 ||| Stepping ~*~*~tactically~*~*~ (outnumbered).
  6572 | D:5      | 6572 ||| Stepping ~*~*~tactically~*~*~ (outnumbered).
  6574 | D:5      | 6574 ||| Stepping ~*~*~tactically~*~*~ (outnumbered).
  6576 | D:5      | 6576 ||| Stepping ~*~*~tactically~*~*~ (outnumbered).
  6578 | D:5      | 6578 ||| Stepping ~*~*~tactically~*~*~ (outnumbered).
  6590 | D:5      | 6590 ||| Stepping ~*~*~tactically~*~*~ (outnumbered).
  6592 | D:5      | 6592 ||| Stepping ~*~*~tactically~*~*~ (outnumbered).
  6594 | D:5      | 6594 ||| Stepping ~*~*~tactically~*~*~ (outnumbered).
  6596 | D:5      | 6596 ||| Stepping ~*~*~tactically~*~*~ (outnumbered).
  6598 | D:5      | 6598 ||| Stepping ~*~*~tactically~*~*~ (outnumbered).
  6610 | D:5      | 6610 ||| Stepping ~*~*~tactically~*~*~ (outnumbered).
  6612 | D:5      | 6612 ||| Stepping ~*~*~tactically~*~*~ (outnumbered).
  6614 | D:5      | 6614 ||| Stepping ~*~*~tactically~*~*~ (outnumbered).
  6616 | D:5      | 6616 ||| Stepping ~*~*~tactically~*~*~ (outnumbered).
  6618 | D:5      | 6618 ||| Stepping ~*~*~tactically~*~*~ (outnumbered).
  6630 | D:5      | 6630 ||| Stepping ~*~*~tactically~*~*~ (outnumbered).
  6632 | D:5      | 6632 ||| Stepping ~*~*~tactically~*~*~ (outnumbered).
  6634 | D:5      | 6634 ||| Stepping ~*~*~tactically~*~*~ (outnumbered).
  6636 | D:5      | 6636 ||| Stepping ~*~*~tactically~*~*~ (outnumbered).
  6638 | D:5      | 6638 ||| Stepping ~*~*~tactically~*~*~ (outnumbered).
  6650 | D:5      | 6650 ||| Stepping ~*~*~tactically~*~*~ (outnumbered).
  6652 | D:5      | 6652 ||| Stepping ~*~*~tactically~*~*~ (outnumbered).
  6654 | D:5      | 6654 ||| Stepping ~*~*~tactically~*~*~ (outnumbered).
  6656 | D:5      | 6656 ||| Stepping ~*~*~tactically~*~*~ (outnumbered).
  6658 | D:5      | 6658 ||| Stepping ~*~*~tactically~*~*~ (outnumbered).
  6670 | D:5      | 6670 ||| Stepping ~*~*~tactically~*~*~ (outnumbered).
  6672 | D:5      | 6672 ||| Stepping ~*~*~tactically~*~*~ (outnumbered).
  6674 | D:5      | 6674 ||| Stepping ~*~*~tactically~*~*~ (outnumbered).
  6676 | D:5      | 6676 ||| Stepping ~*~*~tactically~*~*~ (outnumbered).
  6678 | D:5      | 6678 ||| Stepping ~*~*~tactically~*~*~ (outnumbered).
  6690 | D:5      | 6690 ||| Stepping ~*~*~tactically~*~*~ (outnumbered).
  6692 | D:5      | 6692 ||| Stepping ~*~*~tactically~*~*~ (outnumbered).
  6694 | D:5      | 6694 ||| Stepping ~*~*~tactically~*~*~ (outnumbered).
  6696 | D:5      | 6696 ||| Stepping ~*~*~tactically~*~*~ (outnumbered).
  6698 | D:5      | 6698 ||| Stepping ~*~*~tactically~*~*~ (outnumbered).
  6710 | D:5      | 6710 ||| Stepping ~*~*~tactically~*~*~ (outnumbered).
  6712 | D:5      | 6712 ||| Stepping ~*~*~tactically~*~*~ (outnumbered).
  6714 | D:5      | 6714 ||| Stepping ~*~*~tactically~*~*~ (outnumbered).
  6716 | D:5      | 6716 ||| Stepping ~*~*~tactically~*~*~ (outnumbered).
  6718 | D:5      | 6718 ||| Stepping ~*~*~tactically~*~*~ (outnumbered).
  6730 | D:5      | 6730 ||| Stepping ~*~*~tactically~*~*~ (outnumbered).
  6732 | D:5      | 6732 ||| Stepping ~*~*~tactically~*~*~ (outnumbered).
  6734 | D:5      | 6734 ||| Stepping ~*~*~tactically~*~*~ (outnumbered).
  6736 | D:5      | 6736 ||| Stepping ~*~*~tactically~*~*~ (outnumbered).
  6738 | D:5      | 6738 ||| Stepping ~*~*~tactically~*~*~ (outnumbered).
  6750 | D:5      | 6750 ||| Stepping ~*~*~tactically~*~*~ (outnumbered).
  6752 | D:5      | 6752 ||| Stepping ~*~*~tactically~*~*~ (outnumbered).
  6754 | D:5      | 6754 ||| Stepping ~*~*~tactically~*~*~ (outnumbered).
  6756 | D:5      | 6756 ||| Stepping ~*~*~tactically~*~*~ (outnumbered).
  6758 | D:5      | 6758 ||| Stepping ~*~*~tactically~*~*~ (outnumbered).
  6770 | D:5      | 6770 ||| Stepping ~*~*~tactically~*~*~ (outnumbered).
  6772 | D:5      | 6772 ||| Stepping ~*~*~tactically~*~*~ (outnumbered).
  6774 | D:5      | 6774 ||| Stepping ~*~*~tactically~*~*~ (outnumbered).
  6776 | D:5      | 6776 ||| Stepping ~*~*~tactically~*~*~ (outnumbered).
  6778 | D:5      | 6778 ||| Stepping ~*~*~tactically~*~*~ (outnumbered).
  6790 | D:5      | 6790 ||| Stepping ~*~*~tactically~*~*~ (outnumbered).
  6792 | D:5      | 6792 ||| Stepping ~*~*~tactically~*~*~ (outnumbered).
  6794 | D:5      | 6794 ||| Stepping ~*~*~tactically~*~*~ (outnumbered).
  6796 | D:5      | 6796 ||| Stepping ~*~*~tactically~*~*~ (outnumbered).
  6798 | D:5      | 6798 ||| Stepping ~*~*~tactically~*~*~ (outnumbered).
  6810 | D:5      | 6810 ||| Stepping ~*~*~tactically~*~*~ (outnumbered).
  6812 | D:5      | 6812 ||| Stepping ~*~*~tactically~*~*~ (outnumbered).
  6814 | D:5      | 6814 ||| Stepping ~*~*~tactically~*~*~ (outnumbered).
  6816 | D:5      | 6816 ||| Stepping ~*~*~tactically~*~*~ (outnumbered).
  6818 | D:5      | 6818 ||| Stepping ~*~*~tactically~*~*~ (outnumbered).
  6830 | D:5      | 6830 ||| Stepping ~*~*~tactically~*~*~ (outnumbered).
  6832 | D:5      | 6832 ||| Stepping ~*~*~tactically~*~*~ (outnumbered).
  6834 | D:5      | 6834 ||| Stepping ~*~*~tactically~*~*~ (outnumbered).
  6836 | D:5      | 6836 ||| Stepping ~*~*~tactically~*~*~ (outnumbered).
  6838 | D:5      | 6838 ||| Stepping ~*~*~tactically~*~*~ (outnumbered).
  6850 | D:5      | 6850 ||| Stepping ~*~*~tactically~*~*~ (outnumbered).
  6852 | D:5      | 6852 ||| Stepping ~*~*~tactically~*~*~ (outnumbered).
  6854 | D:5      | 6854 ||| Stepping ~*~*~tactically~*~*~ (outnumbered).
  6856 | D:5      | 6856 ||| Stepping ~*~*~tactically~*~*~ (outnumbered).
  6858 | D:5      | 6858 ||| Stepping ~*~*~tactically~*~*~ (outnumbered).
  6870 | D:5      | 6870 ||| Stepping ~*~*~tactically~*~*~ (outnumbered).
  6872 | D:5      | 6872 ||| Stepping ~*~*~tactically~*~*~ (outnumbered).
  6874 | D:5      | 6874 ||| Stepping ~*~*~tactically~*~*~ (outnumbered).
  6876 | D:5      | 6876 ||| Stepping ~*~*~tactically~*~*~ (outnumbered).
  6878 | D:5      | 6878 ||| Stepping ~*~*~tactically~*~*~ (outnumbered).
  6890 | D:5      | 6890 ||| Stepping ~*~*~tactically~*~*~ (outnumbered).
  6892 | D:5      | 6892 ||| Stepping ~*~*~tactically~*~*~ (outnumbered).
  6894 | D:5      | 6894 ||| Stepping ~*~*~tactically~*~*~ (outnumbered).
  6896 | D:5      | 6896 ||| Stepping ~*~*~tactically~*~*~ (outnumbered).
  6898 | D:5      | 6898 ||| Stepping ~*~*~tactically~*~*~ (outnumbered).
  6910 | D:5      | 6910 ||| Stepping ~*~*~tactically~*~*~ (outnumbered).
  6912 | D:5      | 6912 ||| Stepping ~*~*~tactically~*~*~ (outnumbered).
  6914 | D:5      | 6914 ||| Stepping ~*~*~tactically~*~*~ (outnumbered).
  6916 | D:5      | 6916 ||| Stepping ~*~*~tactically~*~*~ (outnumbered).
  6918 | D:5      | 6918 ||| Stepping ~*~*~tactically~*~*~ (outnumbered).
  6930 | D:5      | 6930 ||| Stepping ~*~*~tactically~*~*~ (outnumbered).
  6932 | D:5      | 6932 ||| Stepping ~*~*~tactically~*~*~ (outnumbered).
  6934 | D:5      | 6934 ||| Stepping ~*~*~tactically~*~*~ (outnumbered).
  6936 | D:5      | 6936 ||| Stepping ~*~*~tactically~*~*~ (outnumbered).
  6938 | D:5      | 6938 ||| Stepping ~*~*~tactically~*~*~ (outnumbered).
  6950 | D:5      | 6950 ||| Stepping ~*~*~tactically~*~*~ (outnumbered).
  6952 | D:5      | 6952 ||| Stepping ~*~*~tactically~*~*~ (outnumbered).
  6954 | D:5      | 6954 ||| Stepping ~*~*~tactically~*~*~ (outnumbered).
  6956 | D:5      | 6956 ||| Stepping ~*~*~tactically~*~*~ (outnumbered).
  6958 | D:5      | 6958 ||| Stepping ~*~*~tactically~*~*~ (outnumbered).
  6970 | D:5      | 6970 ||| Stepping ~*~*~tactically~*~*~ (outnumbered).
  6972 | D:5      | 6972 ||| Stepping ~*~*~tactically~*~*~ (outnumbered).
  6974 | D:5      | 6974 ||| Stepping ~*~*~tactically~*~*~ (outnumbered).
  6976 | D:5      | 6976 ||| Stepping ~*~*~tactically~*~*~ (outnumbered).
  6978 | D:5      | 6978 ||| Stepping ~*~*~tactically~*~*~ (outnumbered).
  6990 | D:5      | 6990 ||| Stepping ~*~*~tactically~*~*~ (outnumbered).
  6992 | D:5      | 6992 ||| Stepping ~*~*~tactically~*~*~ (outnumbered).
  6994 | D:5      | 6994 ||| Stepping ~*~*~tactically~*~*~ (outnumbered).
  6996 | D:5      | 6996 ||| Stepping ~*~*~tactically~*~*~ (outnumbered).
  6998 | D:5      | 6998 ||| Stepping ~*~*~tactically~*~*~ (outnumbered).
  7010 | D:5      | 7010 ||| Stepping ~*~*~tactically~*~*~ (outnumbered).
  7012 | D:5      | 7012 ||| Stepping ~*~*~tactically~*~*~ (outnumbered).
  7014 | D:5      | 7014 ||| Stepping ~*~*~tactically~*~*~ (outnumbered).
  7016 | D:5      | 7016 ||| Stepping ~*~*~tactically~*~*~ (outnumbered).
  7018 | D:5      | 7018 ||| Stepping ~*~*~tactically~*~*~ (outnumbered).
  7030 | D:5      | 7030 ||| Stepping ~*~*~tactically~*~*~ (outnumbered).
  7032 | D:5      | 7032 ||| Stepping ~*~*~tactically~*~*~ (outnumbered).
  7034 | D:5      | 7034 ||| Stepping ~*~*~tactically~*~*~ (outnumbered).
  7036 | D:5      | 7036 ||| Stepping ~*~*~tactically~*~*~ (outnumbered).
  7038 | D:5      | 7038 ||| Stepping ~*~*~tactically~*~*~ (outnumbered).
  7050 | D:5      | 7050 ||| Stepping ~*~*~tactically~*~*~ (outnumbered).
  7052 | D:5      | 7052 ||| Stepping ~*~*~tactically~*~*~ (outnumbered).
  7054 | D:5      | 7054 ||| Stepping ~*~*~tactically~*~*~ (outnumbered).
  7056 | D:5      | 7056 ||| Stepping ~*~*~tactically~*~*~ (outnumbered).
  7058 | D:5      | 7058 ||| Stepping ~*~*~tactically~*~*~ (outnumbered).
  7070 | D:5      | 7070 ||| Stepping ~*~*~tactically~*~*~ (outnumbered).
  7072 | D:5      | 7072 ||| Stepping ~*~*~tactically~*~*~ (outnumbered).
  7074 | D:5      | 7074 ||| Stepping ~*~*~tactically~*~*~ (outnumbered).
  7076 | D:5      | 7076 ||| Stepping ~*~*~tactically~*~*~ (outnumbered).
  7078 | D:5      | 7078 ||| Stepping ~*~*~tactically~*~*~ (outnumbered).
  7090 | D:5      | 7090 ||| Stepping ~*~*~tactically~*~*~ (outnumbered).
  7092 | D:5      | 7092 ||| Stepping ~*~*~tactically~*~*~ (outnumbered).
  7094 | D:5      | 7094 ||| Stepping ~*~*~tactically~*~*~ (outnumbered).
  7096 | D:5      | 7096 ||| Stepping ~*~*~tactically~*~*~ (outnumbered).
  7098 | D:5      | 7098 ||| Stepping ~*~*~tactically~*~*~ (outnumbered).
  7110 | D:5      | 7110 ||| Stepping ~*~*~tactically~*~*~ (outnumbered).
  7112 | D:5      | 7112 ||| Stepping ~*~*~tactically~*~*~ (outnumbered).
  7114 | D:5      | 7114 ||| Stepping ~*~*~tactically~*~*~ (outnumbered).
  7116 | D:5      | 7116 ||| Stepping ~*~*~tactically~*~*~ (outnumbered).
  7118 | D:5      | 7118 ||| Stepping ~*~*~tactically~*~*~ (outnumbered).
  7130 | D:5      | 7130 ||| Stepping ~*~*~tactically~*~*~ (outnumbered).
  7132 | D:5      | 7132 ||| Stepping ~*~*~tactically~*~*~ (outnumbered).
  7134 | D:5      | 7134 ||| Stepping ~*~*~tactically~*~*~ (outnumbered).
  7136 | D:5      | 7136 ||| Stepping ~*~*~tactically~*~*~ (outnumbered).
  7138 | D:5      | 7138 ||| Stepping ~*~*~tactically~*~*~ (outnumbered).
  7150 | D:5      | 7150 ||| Stepping ~*~*~tactically~*~*~ (outnumbered).
  7152 | D:5      | 7152 ||| Stepping ~*~*~tactically~*~*~ (outnumbered).
  7154 | D:5      | 7154 ||| Stepping ~*~*~tactically~*~*~ (outnumbered).
  7156 | D:5      | 7156 ||| Stepping ~*~*~tactically~*~*~ (outnumbered).
  7158 | D:5      | 7158 ||| Stepping ~*~*~tactically~*~*~ (outnumbered).
  7170 | D:5      | 7170 ||| Stepping ~*~*~tactically~*~*~ (outnumbered).
  7172 | D:5      | 7172 ||| Stepping ~*~*~tactically~*~*~ (outnumbered).
  7174 | D:5      | 7174 ||| Stepping ~*~*~tactically~*~*~ (outnumbered).
  7176 | D:5      | 7176 ||| Stepping ~*~*~tactically~*~*~ (outnumbered).
  7178 | D:5      | 7178 ||| Stepping ~*~*~tactically~*~*~ (outnumbered).
  7190 | D:5      | 7190 ||| Stepping ~*~*~tactically~*~*~ (outnumbered).
  7192 | D:5      | 7192 ||| Stepping ~*~*~tactically~*~*~ (outnumbered).
  7194 | D:5      | 7194 ||| Stepping ~*~*~tactically~*~*~ (outnumbered).
  7196 | D:5      | 7196 ||| Stepping ~*~*~tactically~*~*~ (outnumbered).
  7198 | D:5      | 7198 ||| Stepping ~*~*~tactically~*~*~ (outnumbered).
  7210 | D:5      | 7210 ||| Stepping ~*~*~tactically~*~*~ (outnumbered).
  7212 | D:5      | 7212 ||| Stepping ~*~*~tactically~*~*~ (outnumbered).
  7214 | D:5      | 7214 ||| Stepping ~*~*~tactically~*~*~ (outnumbered).
  7216 | D:5      | 7216 ||| Stepping ~*~*~tactically~*~*~ (outnumbered).
  7218 | D:5      | 7218 ||| Stepping ~*~*~tactically~*~*~ (outnumbered).
  7230 | D:5      | 7230 ||| Stepping ~*~*~tactically~*~*~ (outnumbered).
  7232 | D:5      | 7232 ||| Stepping ~*~*~tactically~*~*~ (outnumbered).
  7234 | D:5      | 7234 ||| Stepping ~*~*~tactically~*~*~ (outnumbered).
  7236 | D:5      | 7236 ||| Stepping ~*~*~tactically~*~*~ (outnumbered).
  7238 | D:5      | 7238 ||| Stepping ~*~*~tactically~*~*~ (outnumbered).
  7250 | D:5      | 7250 ||| Stepping ~*~*~tactically~*~*~ (outnumbered).
  7252 | D:5      | 7252 ||| Stepping ~*~*~tactically~*~*~ (outnumbered).
  7254 | D:5      | 7254 ||| Stepping ~*~*~tactically~*~*~ (outnumbered).
  7256 | D:5      | 7256 ||| Stepping ~*~*~tactically~*~*~ (outnumbered).
  7258 | D:5      | 7258 ||| Stepping ~*~*~tactically~*~*~ (outnumbered).
  7270 | D:5      | 7270 ||| Stepping ~*~*~tactically~*~*~ (outnumbered).
  7272 | D:5      | 7272 ||| Stepping ~*~*~tactically~*~*~ (outnumbered).
  7274 | D:5      | 7274 ||| Stepping ~*~*~tactically~*~*~ (outnumbered).
  7276 | D:5      | 7276 ||| Stepping ~*~*~tactically~*~*~ (outnumbered).
  7278 | D:5      | 7278 ||| Stepping ~*~*~tactically~*~*~ (outnumbered).
  7290 | D:5      | 7290 ||| Stepping ~*~*~tactically~*~*~ (outnumbered).
  7292 | D:5      | 7292 ||| Stepping ~*~*~tactically~*~*~ (outnumbered).
  7294 | D:5      | 7294 ||| Stepping ~*~*~tactically~*~*~ (outnumbered).
  7296 | D:5      | 7296 ||| Stepping ~*~*~tactically~*~*~ (outnumbered).
  7298 | D:5      | 7298 ||| Stepping ~*~*~tactically~*~*~ (outnumbered).
  7310 | D:5      | 7310 ||| Stepping ~*~*~tactically~*~*~ (outnumbered).
  7312 | D:5      | 7312 ||| Stepping ~*~*~tactically~*~*~ (outnumbered).
  7314 | D:5      | 7314 ||| Stepping ~*~*~tactically~*~*~ (outnumbered).
  7316 | D:5      | 7316 ||| Stepping ~*~*~tactically~*~*~ (outnumbered).
  7318 | D:5      | 7318 ||| Stepping ~*~*~tactically~*~*~ (outnumbered).
  7330 | D:5      | 7330 ||| Stepping ~*~*~tactically~*~*~ (outnumbered).
  7332 | D:5      | 7332 ||| Stepping ~*~*~tactically~*~*~ (outnumbered).
  7334 | D:5      | 7334 ||| Stepping ~*~*~tactically~*~*~ (outnumbered).
  7336 | D:5      | 7336 ||| Stepping ~*~*~tactically~*~*~ (outnumbered).
  7338 | D:5      | 7338 ||| Stepping ~*~*~tactically~*~*~ (outnumbered).
  7350 | D:5      | 7350 ||| Stepping ~*~*~tactically~*~*~ (outnumbered).
  7352 | D:5      | 7352 ||| Stepping ~*~*~tactically~*~*~ (outnumbered).
  7354 | D:5      | 7354 ||| Stepping ~*~*~tactically~*~*~ (outnumbered).
  7356 | D:5      | 7356 ||| Stepping ~*~*~tactically~*~*~ (outnumbered).
  7358 | D:5      | 7358 ||| Stepping ~*~*~tactically~*~*~ (outnumbered).
  7370 | D:5      | 7370 ||| Stepping ~*~*~tactically~*~*~ (outnumbered).
  7372 | D:5      | 7372 ||| Stepping ~*~*~tactically~*~*~ (outnumbered).
  7374 | D:5      | 7374 ||| Stepping ~*~*~tactically~*~*~ (outnumbered).
  7376 | D:5      | 7376 ||| Stepping ~*~*~tactically~*~*~ (outnumbered).
  7378 | D:5      | 7378 ||| Stepping ~*~*~tactically~*~*~ (outnumbered).
  7390 | D:5      | 7390 ||| Stepping ~*~*~tactically~*~*~ (outnumbered).
  7392 | D:5      | 7392 ||| Stepping ~*~*~tactically~*~*~ (outnumbered).
  7394 | D:5      | 7394 ||| Stepping ~*~*~tactically~*~*~ (outnumbered).
  7396 | D:5      | 7396 ||| Stepping ~*~*~tactically~*~*~ (outnumbered).
  7398 | D:5      | 7398 ||| Stepping ~*~*~tactically~*~*~ (outnumbered).
  7410 | D:5      | 7410 ||| Stepping ~*~*~tactically~*~*~ (outnumbered).
  7412 | D:5      | 7412 ||| Stepping ~*~*~tactically~*~*~ (outnumbered).
  7414 | D:5      | 7414 ||| Stepping ~*~*~tactically~*~*~ (outnumbered).
  7416 | D:5      | 7416 ||| Stepping ~*~*~tactically~*~*~ (outnumbered).
  7418 | D:5      | 7418 ||| Stepping ~*~*~tactically~*~*~ (outnumbered).
  7430 | D:5      | 7430 ||| Stepping ~*~*~tactically~*~*~ (outnumbered).
  7432 | D:5      | 7432 ||| Stepping ~*~*~tactically~*~*~ (outnumbered).
  7434 | D:5      | 7434 ||| Stepping ~*~*~tactically~*~*~ (outnumbered).
  7436 | D:5      | 7436 ||| Stepping ~*~*~tactically~*~*~ (outnumbered).
  7438 | D:5      | 7438 ||| Stepping ~*~*~tactically~*~*~ (outnumbered).
  7450 | D:5      | 7450 ||| Stepping ~*~*~tactically~*~*~ (outnumbered).
  7452 | D:5      | 7452 ||| Stepping ~*~*~tactically~*~*~ (outnumbered).
  7454 | D:5      | 7454 ||| Stepping ~*~*~tactically~*~*~ (outnumbered).
  7456 | D:5      | 7456 ||| Stepping ~*~*~tactically~*~*~ (outnumbered).
  7458 | D:5      | 7458 ||| Stepping ~*~*~tactically~*~*~ (outnumbered).
  7470 | D:5      | 7470 ||| Stepping ~*~*~tactically~*~*~ (outnumbered).
  7472 | D:5      | 7472 ||| Stepping ~*~*~tactically~*~*~ (outnumbered).
  7474 | D:5      | 7474 ||| Stepping ~*~*~tactically~*~*~ (outnumbered).
  7476 | D:5      | 7476 ||| Stepping ~*~*~tactically~*~*~ (outnumbered).
  7478 | D:5      | 7478 ||| Stepping ~*~*~tactically~*~*~ (outnumbered).
  7490 | D:5      | 7490 ||| Stepping ~*~*~tactically~*~*~ (outnumbered).
  7492 | D:5      | 7492 ||| Stepping ~*~*~tactically~*~*~ (outnumbered).
  7494 | D:5      | 7494 ||| Stepping ~*~*~tactically~*~*~ (outnumbered).
  7496 | D:5      | 7496 ||| Stepping ~*~*~tactically~*~*~ (outnumbered).
  7498 | D:5      | 7498 ||| Stepping ~*~*~tactically~*~*~ (outnumbered).
  7510 | D:5      | 7510 ||| Stepping ~*~*~tactically~*~*~ (outnumbered).
  7512 | D:5      | 7512 ||| Stepping ~*~*~tactically~*~*~ (outnumbered).
  7514 | D:5      | 7514 ||| Stepping ~*~*~tactically~*~*~ (outnumbered).
  7516 | D:5      | 7516 ||| Stepping ~*~*~tactically~*~*~ (outnumbered).
  7518 | D:5      | 7518 ||| Stepping ~*~*~tactically~*~*~ (outnumbered).
  7530 | D:5      | 7530 ||| Stepping ~*~*~tactically~*~*~ (outnumbered).
  7532 | D:5      | 7532 ||| Stepping ~*~*~tactically~*~*~ (outnumbered).
  7534 | D:5      | 7534 ||| Stepping ~*~*~tactically~*~*~ (outnumbered).
  7536 | D:5      | 7536 ||| Stepping ~*~*~tactically~*~*~ (outnumbered).
  7538 | D:5      | 7538 ||| Stepping ~*~*~tactically~*~*~ (outnumbered).
  7550 | D:5      | 7550 ||| Stepping ~*~*~tactically~*~*~ (outnumbered).
  7552 | D:5      | 7552 ||| Stepping ~*~*~tactically~*~*~ (outnumbered).
  7554 | D:5      | 7554 ||| Stepping ~*~*~tactically~*~*~ (outnumbered).
  7556 | D:5      | 7556 ||| Stepping ~*~*~tactically~*~*~ (outnumbered).
  7558 | D:5      | 7558 ||| Stepping ~*~*~tactically~*~*~ (outnumbered).
  7570 | D:5      | 7570 ||| Stepping ~*~*~tactically~*~*~ (outnumbered).
  7572 | D:5      | 7572 ||| Stepping ~*~*~tactically~*~*~ (outnumbered).
  7574 | D:5      | 7574 ||| Stepping ~*~*~tactically~*~*~ (outnumbered).
  7576 | D:5      | 7576 ||| Stepping ~*~*~tactically~*~*~ (outnumbered).
  7578 | D:5      | 7578 ||| Stepping ~*~*~tactically~*~*~ (outnumbered).
  7590 | D:5      | 7590 ||| Stepping ~*~*~tactically~*~*~ (outnumbered).
  7592 | D:5      | 7592 ||| Stepping ~*~*~tactically~*~*~ (outnumbered).
  7594 | D:5      | 7594 ||| Stepping ~*~*~tactically~*~*~ (outnumbered).
  7596 | D:5      | 7596 ||| Stepping ~*~*~tactically~*~*~ (outnumbered).
  7598 | D:5      | 7598 ||| Stepping ~*~*~tactically~*~*~ (outnumbered).
  7610 | D:5      | 7610 ||| Stepping ~*~*~tactically~*~*~ (outnumbered).
  7612 | D:5      | 7612 ||| Stepping ~*~*~tactically~*~*~ (outnumbered).
  7614 | D:5      | 7614 ||| Stepping ~*~*~tactically~*~*~ (outnumbered).
  7616 | D:5      | 7616 ||| Stepping ~*~*~tactically~*~*~ (outnumbered).
  7618 | D:5      | 7618 ||| Stepping ~*~*~tactically~*~*~ (outnumbered).
  7630 | D:5      | 7630 ||| Stepping ~*~*~tactically~*~*~ (outnumbered).
  7632 | D:5      | 7632 ||| Stepping ~*~*~tactically~*~*~ (outnumbered).
  7634 | D:5      | 7634 ||| Stepping ~*~*~tactically~*~*~ (outnumbered).
  7636 | D:5      | 7636 ||| Stepping ~*~*~tactically~*~*~ (outnumbered).
  7638 | D:5      | 7638 ||| Stepping ~*~*~tactically~*~*~ (outnumbered).
  7650 | D:5      | 7650 ||| Stepping ~*~*~tactically~*~*~ (outnumbered).
  7652 | D:5      | 7652 ||| Stepping ~*~*~tactically~*~*~ (outnumbered).
  7654 | D:5      | 7654 ||| Stepping ~*~*~tactically~*~*~ (outnumbered).
  7656 | D:5      | 7656 ||| Stepping ~*~*~tactically~*~*~ (outnumbered).
  7658 | D:5      | 7658 ||| Stepping ~*~*~tactically~*~*~ (outnumbered).
  7670 | D:5      | 7670 ||| Stepping ~*~*~tactically~*~*~ (outnumbered).
  7672 | D:5      | 7672 ||| Stepping ~*~*~tactically~*~*~ (outnumbered).
  7674 | D:5      | 7674 ||| Stepping ~*~*~tactically~*~*~ (outnumbered).
  7676 | D:5      | 7676 ||| Stepping ~*~*~tactically~*~*~ (outnumbered).
  7678 | D:5      | 7678 ||| Stepping ~*~*~tactically~*~*~ (outnumbered).
  7690 | D:5      | 7690 ||| Stepping ~*~*~tactically~*~*~ (outnumbered).
  7692 | D:5      | 7692 ||| Stepping ~*~*~tactically~*~*~ (outnumbered).
  7694 | D:5      | 7694 ||| Stepping ~*~*~tactically~*~*~ (outnumbered).
  7696 | D:5      | 7696 ||| Stepping ~*~*~tactically~*~*~ (outnumbered).
  7698 | D:5      | 7698 ||| Stepping ~*~*~tactically~*~*~ (outnumbered).
  7710 | D:5      | 7710 ||| Stepping ~*~*~tactically~*~*~ (outnumbered).
  7712 | D:5      | 7712 ||| Stepping ~*~*~tactically~*~*~ (outnumbered).
  7714 | D:5      | 7714 ||| Stepping ~*~*~tactically~*~*~ (outnumbered).
  7716 | D:5      | 7716 ||| Stepping ~*~*~tactically~*~*~ (outnumbered).
  7718 | D:5      | 7718 ||| Stepping ~*~*~tactically~*~*~ (outnumbered).
  7730 | D:5      | 7730 ||| Stepping ~*~*~tactically~*~*~ (outnumbered).
  7732 | D:5      | 7732 ||| Stepping ~*~*~tactically~*~*~ (outnumbered).
  7734 | D:5      | 7734 ||| Stepping ~*~*~tactically~*~*~ (outnumbered).
  7736 | D:5      | 7736 ||| Stepping ~*~*~tactically~*~*~ (outnumbered).
  7738 | D:5      | 7738 ||| Stepping ~*~*~tactically~*~*~ (outnumbered).
  7750 | D:5      | 7750 ||| Stepping ~*~*~tactically~*~*~ (outnumbered).
  7752 | D:5      | 7752 ||| Stepping ~*~*~tactically~*~*~ (outnumbered).
  7754 | D:5      | 7754 ||| Stepping ~*~*~tactically~*~*~ (outnumbered).
  7756 | D:5      | 7756 ||| Stepping ~*~*~tactically~*~*~ (outnumbered).
  7758 | D:5      | 7758 ||| Stepping ~*~*~tactically~*~*~ (outnumbered).
  7770 | D:5      | 7770 ||| Stepping ~*~*~tactically~*~*~ (outnumbered).
  7772 | D:5      | 7772 ||| Stepping ~*~*~tactically~*~*~ (outnumbered).
  7774 | D:5      | 7774 ||| Stepping ~*~*~tactically~*~*~ (outnumbered).
  7776 | D:5      | 7776 ||| Stepping ~*~*~tactically~*~*~ (outnumbered).
  7778 | D:5      | 7778 ||| Stepping ~*~*~tactically~*~*~ (outnumbered).
  7790 | D:5      | 7790 ||| Stepping ~*~*~tactically~*~*~ (outnumbered).
  7792 | D:5      | 7792 ||| Stepping ~*~*~tactically~*~*~ (outnumbered).
  7794 | D:5      | 7794 ||| Stepping ~*~*~tactically~*~*~ (outnumbered).
  7796 | D:5      | 7796 ||| Stepping ~*~*~tactically~*~*~ (outnumbered).
  7798 | D:5      | 7798 ||| Stepping ~*~*~tactically~*~*~ (outnumbered).
  7810 | D:5      | 7810 ||| Stepping ~*~*~tactically~*~*~ (outnumbered).
  7812 | D:5      | 7812 ||| Stepping ~*~*~tactically~*~*~ (outnumbered).
  7814 | D:5      | 7814 ||| Stepping ~*~*~tactically~*~*~ (outnumbered).
  7816 | D:5      | 7816 ||| Stepping ~*~*~tactically~*~*~ (outnumbered).
  7818 | D:5      | 7818 ||| Stepping ~*~*~tactically~*~*~ (outnumbered).
  7830 | D:5      | 7830 ||| Stepping ~*~*~tactically~*~*~ (outnumbered).
  7832 | D:5      | 7832 ||| Stepping ~*~*~tactically~*~*~ (outnumbered).
  7834 | D:5      | 7834 ||| Stepping ~*~*~tactically~*~*~ (outnumbered).
  7836 | D:5      | 7836 ||| Stepping ~*~*~tactically~*~*~ (outnumbered).
  7838 | D:5      | 7838 ||| Stepping ~*~*~tactically~*~*~ (outnumbered).
  7850 | D:5      | 7850 ||| Stepping ~*~*~tactically~*~*~ (outnumbered).
  7852 | D:5      | 7852 ||| Stepping ~*~*~tactically~*~*~ (outnumbered).
  7854 | D:5      | 7854 ||| Stepping ~*~*~tactically~*~*~ (outnumbered).
  7856 | D:5      | 7856 ||| Stepping ~*~*~tactically~*~*~ (outnumbered).
  7858 | D:5      | 7858 ||| Stepping ~*~*~tactically~*~*~ (outnumbered).
  7870 | D:5      | 7870 ||| Stepping ~*~*~tactically~*~*~ (outnumbered).
  7872 | D:5      | 7872 ||| Stepping ~*~*~tactically~*~*~ (outnumbered).
  7874 | D:5      | 7874 ||| Stepping ~*~*~tactically~*~*~ (outnumbered).
  7876 | D:5      | 7876 ||| Stepping ~*~*~tactically~*~*~ (outnumbered).
  7878 | D:5      | 7878 ||| Stepping ~*~*~tactically~*~*~ (outnumbered).
  7890 | D:5      | 7890 ||| Stepping ~*~*~tactically~*~*~ (outnumbered).
  7892 | D:5      | 7892 ||| Stepping ~*~*~tactically~*~*~ (outnumbered).
  7894 | D:5      | 7894 ||| Stepping ~*~*~tactically~*~*~ (outnumbered).
  7896 | D:5      | 7896 ||| Stepping ~*~*~tactically~*~*~ (outnumbered).
  7898 | D:5      | 7898 ||| Stepping ~*~*~tactically~*~*~ (outnumbered).
  7910 | D:5      | 7910 ||| Stepping ~*~*~tactically~*~*~ (outnumbered).
  7912 | D:5      | 7912 ||| Stepping ~*~*~tactically~*~*~ (outnumbered).
  7914 | D:5      | 7914 ||| Stepping ~*~*~tactically~*~*~ (outnumbered).
  7916 | D:5      | 7916 ||| Stepping ~*~*~tactically~*~*~ (outnumbered).
  7918 | D:5      | 7918 ||| Stepping ~*~*~tactically~*~*~ (outnumbered).
  7930 | D:5      | 7930 ||| Stepping ~*~*~tactically~*~*~ (outnumbered).
  7932 | D:5      | 7932 ||| Stepping ~*~*~tactically~*~*~ (outnumbered).
  7934 | D:5      | 7934 ||| Stepping ~*~*~tactically~*~*~ (outnumbered).
  7936 | D:5      | 7936 ||| Stepping ~*~*~tactically~*~*~ (outnumbered).
  7938 | D:5      | 7938 ||| Stepping ~*~*~tactically~*~*~ (outnumbered).
  7950 | D:5      | 7950 ||| Stepping ~*~*~tactically~*~*~ (outnumbered).
  7952 | D:5      | 7952 ||| Stepping ~*~*~tactically~*~*~ (outnumbered).
  7954 | D:5      | 7954 ||| Stepping ~*~*~tactically~*~*~ (outnumbered).
  7956 | D:5      | 7956 ||| Stepping ~*~*~tactically~*~*~ (outnumbered).
  7958 | D:5      | 7958 ||| Stepping ~*~*~tactically~*~*~ (outnumbered).
  7970 | D:5      | 7970 ||| Stepping ~*~*~tactically~*~*~ (outnumbered).
  7972 | D:5      | 7972 ||| Stepping ~*~*~tactically~*~*~ (outnumbered).
  7974 | D:5      | 7974 ||| Stepping ~*~*~tactically~*~*~ (outnumbered).
  7976 | D:5      | 7976 ||| Stepping ~*~*~tactically~*~*~ (outnumbered).
  7978 | D:5      | 7978 ||| Stepping ~*~*~tactically~*~*~ (outnumbered).
  7990 | D:5      | 7990 ||| Stepping ~*~*~tactically~*~*~ (outnumbered).
  7992 | D:5      | 7992 ||| Stepping ~*~*~tactically~*~*~ (outnumbered).
  7994 | D:5      | 7994 ||| Stepping ~*~*~tactically~*~*~ (outnumbered).
  7996 | D:5      | 7996 ||| Stepping ~*~*~tactically~*~*~ (outnumbered).
  7998 | D:5      | 7998 ||| Stepping ~*~*~tactically~*~*~ (outnumbered).
  8010 | D:5      | 8010 ||| Stepping ~*~*~tactically~*~*~ (outnumbered).
  8012 | D:5      | 8012 ||| Stepping ~*~*~tactically~*~*~ (outnumbered).
  8014 | D:5      | 8014 ||| Stepping ~*~*~tactically~*~*~ (outnumbered).
  8016 | D:5      | 8016 ||| Stepping ~*~*~tactically~*~*~ (outnumbered).
  8018 | D:5      | 8018 ||| Stepping ~*~*~tactically~*~*~ (outnumbered).
  8030 | D:5      | 8030 ||| Stepping ~*~*~tactically~*~*~ (outnumbered).
  8032 | D:5      | 8032 ||| Stepping ~*~*~tactically~*~*~ (outnumbered).
  8034 | D:5      | 8034 ||| Stepping ~*~*~tactically~*~*~ (outnumbered).
  8036 | D:5      | 8036 ||| Stepping ~*~*~tactically~*~*~ (outnumbered).
  8038 | D:5      | 8038 ||| Stepping ~*~*~tactically~*~*~ (outnumbered).
  8050 | D:5      | 8050 ||| Stepping ~*~*~tactically~*~*~ (outnumbered).
  8052 | D:5      | 8052 ||| Stepping ~*~*~tactically~*~*~ (outnumbered).
  8054 | D:5      | 8054 ||| Stepping ~*~*~tactically~*~*~ (outnumbered).
  8056 | D:5      | 8056 ||| Stepping ~*~*~tactically~*~*~ (outnumbered).
  8058 | D:5      | 8058 ||| Stepping ~*~*~tactically~*~*~ (outnumbered).
  8070 | D:5      | 8070 ||| Stepping ~*~*~tactically~*~*~ (outnumbered).
  8072 | D:5      | 8072 ||| Stepping ~*~*~tactically~*~*~ (outnumbered).
  8074 | D:5      | 8074 ||| Stepping ~*~*~tactically~*~*~ (outnumbered).
  8076 | D:5      | 8076 ||| Stepping ~*~*~tactically~*~*~ (outnumbered).
  8078 | D:5      | 8078 ||| Stepping ~*~*~tactically~*~*~ (outnumbered).
  8090 | D:5      | 8090 ||| Stepping ~*~*~tactically~*~*~ (outnumbered).
  8092 | D:5      | 8092 ||| Stepping ~*~*~tactically~*~*~ (outnumbered).
  8094 | D:5      | 8094 ||| Stepping ~*~*~tactically~*~*~ (outnumbered).
  8096 | D:5      | 8096 ||| Stepping ~*~*~tactically~*~*~ (outnumbered).
  8098 | D:5      | 8098 ||| Stepping ~*~*~tactically~*~*~ (outnumbered).
  8110 | D:5      | 8110 ||| Stepping ~*~*~tactically~*~*~ (outnumbered).
  8112 | D:5      | 8112 ||| Stepping ~*~*~tactically~*~*~ (outnumbered).
  8114 | D:5      | 8114 ||| Stepping ~*~*~tactically~*~*~ (outnumbered).
  8116 | D:5      | 8116 ||| Stepping ~*~*~tactically~*~*~ (outnumbered).
  8118 | D:5      | 8118 ||| Stepping ~*~*~tactically~*~*~ (outnumbered).
  8130 | D:5      | 8130 ||| Stepping ~*~*~tactically~*~*~ (outnumbered).
  8132 | D:5      | 8132 ||| Stepping ~*~*~tactically~*~*~ (outnumbered).
  8134 | D:5      | 8134 ||| Stepping ~*~*~tactically~*~*~ (outnumbered).
  8136 | D:5      | 8136 ||| Stepping ~*~*~tactically~*~*~ (outnumbered).
  8138 | D:5      | 8138 ||| Stepping ~*~*~tactically~*~*~ (outnumbered).
  8150 | D:5      | 8150 ||| Stepping ~*~*~tactically~*~*~ (outnumbered).
  8152 | D:5      | 8152 ||| Stepping ~*~*~tactically~*~*~ (outnumbered).
  8154 | D:5      | 8154 ||| Stepping ~*~*~tactically~*~*~ (outnumbered).
  8156 | D:5      | 8156 ||| Stepping ~*~*~tactically~*~*~ (outnumbered).
  8158 | D:5      | 8158 ||| Stepping ~*~*~tactically~*~*~ (outnumbered).
  8170 | D:5      | 8170 ||| Stepping ~*~*~tactically~*~*~ (outnumbered).
  8172 | D:5      | 8172 ||| Stepping ~*~*~tactically~*~*~ (outnumbered).
  8174 | D:5      | 8174 ||| Stepping ~*~*~tactically~*~*~ (outnumbered).
  8176 | D:5      | 8176 ||| Stepping ~*~*~tactically~*~*~ (outnumbered).
  8178 | D:5      | 8178 ||| Stepping ~*~*~tactically~*~*~ (outnumbered).
  8190 | D:5      | 8190 ||| Stepping ~*~*~tactically~*~*~ (outnumbered).
  8192 | D:5      | 8192 ||| Stepping ~*~*~tactically~*~*~ (outnumbered).
  8194 | D:5      | 8194 ||| Stepping ~*~*~tactically~*~*~ (outnumbered).
  8196 | D:5      | 8196 ||| Stepping ~*~*~tactically~*~*~ (outnumbered).
  8198 | D:5      | 8198 ||| Stepping ~*~*~tactically~*~*~ (outnumbered).
  8210 | D:5      | 8210 ||| Stepping ~*~*~tactically~*~*~ (outnumbered).
  8212 | D:5      | 8212 ||| Stepping ~*~*~tactically~*~*~ (outnumbered).
  8214 | D:5      | 8214 ||| Stepping ~*~*~tactically~*~*~ (outnumbered).
  8216 | D:5      | 8216 ||| Stepping ~*~*~tactically~*~*~ (outnumbered).
  8218 | D:5      | 8218 ||| Stepping ~*~*~tactically~*~*~ (outnumbered).
  8230 | D:5      | 8230 ||| Stepping ~*~*~tactically~*~*~ (outnumbered).
  8232 | D:5      | 8232 ||| Stepping ~*~*~tactically~*~*~ (outnumbered).
  8234 | D:5      | 8234 ||| Stepping ~*~*~tactically~*~*~ (outnumbered).
  8236 | D:5      | 8236 ||| Stepping ~*~*~tactically~*~*~ (outnumbered).
  8238 | D:5      | 8238 ||| Stepping ~*~*~tactically~*~*~ (outnumbered).
  8250 | D:5      | 8250 ||| Stepping ~*~*~tactically~*~*~ (outnumbered).
  8252 | D:5      | 8252 ||| Stepping ~*~*~tactically~*~*~ (outnumbered).
  8254 | D:5      | 8254 ||| Stepping ~*~*~tactically~*~*~ (outnumbered).
  8256 | D:5      | 8256 ||| Stepping ~*~*~tactically~*~*~ (outnumbered).
  8258 | D:5      | 8258 ||| Stepping ~*~*~tactically~*~*~ (outnumbered).
  8270 | D:5      | 8270 ||| Stepping ~*~*~tactically~*~*~ (outnumbered).
  8272 | D:5      | 8272 ||| Stepping ~*~*~tactically~*~*~ (outnumbered).
  8274 | D:5      | 8274 ||| Stepping ~*~*~tactically~*~*~ (outnumbered).
  8276 | D:5      | 8276 ||| Stepping ~*~*~tactically~*~*~ (outnumbered).
  8278 | D:5      | 8278 ||| Stepping ~*~*~tactically~*~*~ (outnumbered).
  8290 | D:5      | 8290 ||| Stepping ~*~*~tactically~*~*~ (outnumbered).
  8292 | D:5      | 8292 ||| Stepping ~*~*~tactically~*~*~ (outnumbered).
  8294 | D:5      | 8294 ||| Stepping ~*~*~tactically~*~*~ (outnumbered).
  8296 | D:5      | 8296 ||| Stepping ~*~*~tactically~*~*~ (outnumbered).
  8298 | D:5      | 8298 ||| Stepping ~*~*~tactically~*~*~ (outnumbered).
  8310 | D:5      | 8310 ||| Stepping ~*~*~tactically~*~*~ (outnumbered).
  8312 | D:5      | 8312 ||| Stepping ~*~*~tactically~*~*~ (outnumbered).
  8314 | D:5      | 8314 ||| Stepping ~*~*~tactically~*~*~ (outnumbered).
  8316 | D:5      | 8316 ||| Stepping ~*~*~tactically~*~*~ (outnumbered).
  8318 | D:5      | 8318 ||| Stepping ~*~*~tactically~*~*~ (outnumbered).
  8330 | D:5      | 8330 ||| Stepping ~*~*~tactically~*~*~ (outnumbered).
  8332 | D:5      | 8332 ||| Stepping ~*~*~tactically~*~*~ (outnumbered).
  8334 | D:5      | 8334 ||| Stepping ~*~*~tactically~*~*~ (outnumbered).
  8336 | D:5      | 8336 ||| Stepping ~*~*~tactically~*~*~ (outnumbered).
  8338 | D:5      | 8338 ||| Stepping ~*~*~tactically~*~*~ (outnumbered).
  8350 | D:5      | 8350 ||| Stepping ~*~*~tactically~*~*~ (outnumbered).
  8352 | D:5      | 8352 ||| Stepping ~*~*~tactically~*~*~ (outnumbered).
  8354 | D:5      | 8354 ||| Stepping ~*~*~tactically~*~*~ (outnumbered).
  8356 | D:5      | 8356 ||| Stepping ~*~*~tactically~*~*~ (outnumbered).
  8358 | D:5      | 8358 ||| Stepping ~*~*~tactically~*~*~ (outnumbered).
  8370 | D:5      | 8370 ||| Stepping ~*~*~tactically~*~*~ (outnumbered).
  8372 | D:5      | 8372 ||| Stepping ~*~*~tactically~*~*~ (outnumbered).
  8374 | D:5      | 8374 ||| Stepping ~*~*~tactically~*~*~ (outnumbered).
  8376 | D:5      | 8376 ||| Stepping ~*~*~tactically~*~*~ (outnumbered).
  8378 | D:5      | 8378 ||| Stepping ~*~*~tactically~*~*~ (outnumbered).
  8390 | D:5      | 8390 ||| Stepping ~*~*~tactically~*~*~ (outnumbered).
  8392 | D:5      | 8392 ||| Stepping ~*~*~tactically~*~*~ (outnumbered).
  8394 | D:5      | 8394 ||| Stepping ~*~*~tactically~*~*~ (outnumbered).
  8396 | D:5      | 8396 ||| Stepping ~*~*~tactically~*~*~ (outnumbered).
  8398 | D:5      | 8398 ||| Stepping ~*~*~tactically~*~*~ (outnumbered).
  8410 | D:5      | 8410 ||| Stepping ~*~*~tactically~*~*~ (outnumbered).
  8412 | D:5      | 8412 ||| Stepping ~*~*~tactically~*~*~ (outnumbered).
  8414 | D:5      | 8414 ||| Stepping ~*~*~tactically~*~*~ (outnumbered).
  8416 | D:5      | 8416 ||| Stepping ~*~*~tactically~*~*~ (outnumbered).
  8418 | D:5      | 8418 ||| Stepping ~*~*~tactically~*~*~ (outnumbered).
  8430 | D:5      | 8430 ||| Stepping ~*~*~tactically~*~*~ (outnumbered).
  8432 | D:5      | 8432 ||| Stepping ~*~*~tactically~*~*~ (outnumbered).
  8434 | D:5      | 8434 ||| Stepping ~*~*~tactically~*~*~ (outnumbered).
  8436 | D:5      | 8436 ||| Stepping ~*~*~tactically~*~*~ (outnumbered).
  8438 | D:5      | 8438 ||| Stepping ~*~*~tactically~*~*~ (outnumbered).
  8450 | D:5      | 8450 ||| Stepping ~*~*~tactically~*~*~ (outnumbered).
  8452 | D:5      | 8452 ||| Stepping ~*~*~tactically~*~*~ (outnumbered).
  8454 | D:5      | 8454 ||| Stepping ~*~*~tactically~*~*~ (outnumbered).
  8456 | D:5      | 8456 ||| Stepping ~*~*~tactically~*~*~ (outnumbered).
  8458 | D:5      | 8458 ||| Stepping ~*~*~tactically~*~*~ (outnumbered).
  8470 | D:5      | 8470 ||| Stepping ~*~*~tactically~*~*~ (outnumbered).
  8472 | D:5      | 8472 ||| Stepping ~*~*~tactically~*~*~ (outnumbered).
  8474 | D:5      | 8474 ||| Stepping ~*~*~tactically~*~*~ (outnumbered).
  8476 | D:5      | 8476 ||| Stepping ~*~*~tactically~*~*~ (outnumbered).
  8478 | D:5      | 8478 ||| Stepping ~*~*~tactically~*~*~ (outnumbered).
  8490 | D:5      | 8490 ||| Stepping ~*~*~tactically~*~*~ (outnumbered).
  8492 | D:5      | 8492 ||| Stepping ~*~*~tactically~*~*~ (outnumbered).
  8494 | D:5      | 8494 ||| Stepping ~*~*~tactically~*~*~ (outnumbered).
  8496 | D:5      | 8496 ||| Stepping ~*~*~tactically~*~*~ (outnumbered).
  8498 | D:5      | 8498 ||| Stepping ~*~*~tactically~*~*~ (outnumbered).
  8510 | D:5      | 8510 ||| Stepping ~*~*~tactically~*~*~ (outnumbered).
  8512 | D:5      | 8512 ||| Stepping ~*~*~tactically~*~*~ (outnumbered).
  8514 | D:5      | 8514 ||| Stepping ~*~*~tactically~*~*~ (outnumbered).
  8516 | D:5      | 8516 ||| Stepping ~*~*~tactically~*~*~ (outnumbered).
  8518 | D:5      | 8518 ||| Stepping ~*~*~tactically~*~*~ (outnumbered).
  8530 | D:5      | 8530 ||| Stepping ~*~*~tactically~*~*~ (outnumbered).
  8532 | D:5      | 8532 ||| Stepping ~*~*~tactically~*~*~ (outnumbered).
  8534 | D:5      | 8534 ||| Stepping ~*~*~tactically~*~*~ (outnumbered).
  8536 | D:5      | 8536 ||| Stepping ~*~*~tactically~*~*~ (outnumbered).
  8538 | D:5      | 8538 ||| Stepping ~*~*~tactically~*~*~ (outnumbered).
  8550 | D:5      | 8550 ||| Stepping ~*~*~tactically~*~*~ (outnumbered).
  8552 | D:5      | 8552 ||| Stepping ~*~*~tactically~*~*~ (outnumbered).
  8554 | D:5      | 8554 ||| Stepping ~*~*~tactically~*~*~ (outnumbered).
  8556 | D:5      | 8556 ||| Stepping ~*~*~tactically~*~*~ (outnumbered).
  8558 | D:5      | 8558 ||| Stepping ~*~*~tactically~*~*~ (outnumbered).
  8570 | D:5      | 8570 ||| Stepping ~*~*~tactically~*~*~ (outnumbered).
  8572 | D:5      | 8572 ||| Stepping ~*~*~tactically~*~*~ (outnumbered).
  8574 | D:5      | 8574 ||| Stepping ~*~*~tactically~*~*~ (outnumbered).
  8576 | D:5      | 8576 ||| Stepping ~*~*~tactically~*~*~ (outnumbered).
  8578 | D:5      | 8578 ||| Stepping ~*~*~tactically~*~*~ (outnumbered).
  8590 | D:5      | 8590 ||| Stepping ~*~*~tactically~*~*~ (outnumbered).
  8592 | D:5      | 8592 ||| Stepping ~*~*~tactically~*~*~ (outnumbered).
  8594 | D:5      | 8594 ||| Stepping ~*~*~tactically~*~*~ (outnumbered).
  8596 | D:5      | 8596 ||| Stepping ~*~*~tactically~*~*~ (outnumbered).
  8598 | D:5      | 8598 ||| Stepping ~*~*~tactically~*~*~ (outnumbered).
  8610 | D:5      | 8610 ||| Stepping ~*~*~tactically~*~*~ (outnumbered).
  8612 | D:5      | 8612 ||| Stepping ~*~*~tactically~*~*~ (outnumbered).
  8614 | D:5      | 8614 ||| Stepping ~*~*~tactically~*~*~ (outnumbered).
  8616 | D:5      | 8616 ||| Stepping ~*~*~tactically~*~*~ (outnumbered).
  8618 | D:5      | 8618 ||| Stepping ~*~*~tactically~*~*~ (outnumbered).
  8630 | D:5      | 8630 ||| Stepping ~*~*~tactically~*~*~ (outnumbered).
  8632 | D:5      | 8632 ||| Stepping ~*~*~tactically~*~*~ (outnumbered).
  8634 | D:5      | 8634 ||| Stepping ~*~*~tactically~*~*~ (outnumbered).
  8636 | D:5      | 8636 ||| Stepping ~*~*~tactically~*~*~ (outnumbered).
  8638 | D:5      | 8638 ||| Stepping ~*~*~tactically~*~*~ (outnumbered).
  8650 | D:5      | 8650 ||| Stepping ~*~*~tactically~*~*~ (outnumbered).
  8652 | D:5      | 8652 ||| Stepping ~*~*~tactically~*~*~ (outnumbered).
  8654 | D:5      | 8654 ||| Stepping ~*~*~tactically~*~*~ (outnumbered).
  8656 | D:5      | 8656 ||| Stepping ~*~*~tactically~*~*~ (outnumbered).
  8658 | D:5      | 8658 ||| Stepping ~*~*~tactically~*~*~ (outnumbered).
  8670 | D:5      | 8670 ||| Stepping ~*~*~tactically~*~*~ (outnumbered).
  8672 | D:5      | 8672 ||| Stepping ~*~*~tactically~*~*~ (outnumbered).
  8674 | D:5      | 8674 ||| Stepping ~*~*~tactically~*~*~ (outnumbered).
  8676 | D:5      | 8676 ||| Stepping ~*~*~tactically~*~*~ (outnumbered).
  8678 | D:5      | 8678 ||| Stepping ~*~*~tactically~*~*~ (outnumbered).
  8690 | D:5      | 8690 ||| Stepping ~*~*~tactically~*~*~ (outnumbered).
  8692 | D:5      | 8692 ||| Stepping ~*~*~tactically~*~*~ (outnumbered).
  8694 | D:5      | 8694 ||| Stepping ~*~*~tactically~*~*~ (outnumbered).
  8696 | D:5      | 8696 ||| Stepping ~*~*~tactically~*~*~ (outnumbered).
  8698 | D:5      | 8698 ||| Stepping ~*~*~tactically~*~*~ (outnumbered).
  8710 | D:5      | 8710 ||| Stepping ~*~*~tactically~*~*~ (outnumbered).
  8712 | D:5      | 8712 ||| Stepping ~*~*~tactically~*~*~ (outnumbered).
  8714 | D:5      | 8714 ||| Stepping ~*~*~tactically~*~*~ (outnumbered).
  8716 | D:5      | 8716 ||| Stepping ~*~*~tactically~*~*~ (outnumbered).
  8718 | D:5      | 8718 ||| Stepping ~*~*~tactically~*~*~ (outnumbered).
  8730 | D:5      | 8730 ||| Stepping ~*~*~tactically~*~*~ (outnumbered).
  8732 | D:5      | 8732 ||| Stepping ~*~*~tactically~*~*~ (outnumbered).
  8734 | D:5      | 8734 ||| Stepping ~*~*~tactically~*~*~ (outnumbered).
  8736 | D:5      | 8736 ||| Stepping ~*~*~tactically~*~*~ (outnumbered).
  8738 | D:5      | 8738 ||| Stepping ~*~*~tactically~*~*~ (outnumbered).
  8750 | D:5      | 8750 ||| Stepping ~*~*~tactically~*~*~ (outnumbered).
  8752 | D:5      | 8752 ||| Stepping ~*~*~tactically~*~*~ (outnumbered).
  8754 | D:5      | 8754 ||| Stepping ~*~*~tactically~*~*~ (outnumbered).
  8756 | D:5      | 8756 ||| Stepping ~*~*~tactically~*~*~ (outnumbered).
  8758 | D:5      | 8758 ||| Stepping ~*~*~tactically~*~*~ (outnumbered).
  8770 | D:5      | 8770 ||| Stepping ~*~*~tactically~*~*~ (outnumbered).
  8772 | D:5      | 8772 ||| Stepping ~*~*~tactically~*~*~ (outnumbered).
  8774 | D:5      | 8774 ||| Stepping ~*~*~tactically~*~*~ (outnumbered).
  8776 | D:5      | 8776 ||| Stepping ~*~*~tactically~*~*~ (outnumbered).
  8778 | D:5      | 8778 ||| Stepping ~*~*~tactically~*~*~ (outnumbered).
  8790 | D:5      | 8790 ||| Stepping ~*~*~tactically~*~*~ (outnumbered).
  8792 | D:5      | 8792 ||| Stepping ~*~*~tactically~*~*~ (outnumbered).
  8794 | D:5      | 8794 ||| Stepping ~*~*~tactically~*~*~ (outnumbered).
  8796 | D:5      | 8796 ||| Stepping ~*~*~tactically~*~*~ (outnumbered).
  8798 | D:5      | 8798 ||| Stepping ~*~*~tactically~*~*~ (outnumbered).
  8810 | D:5      | 8810 ||| Stepping ~*~*~tactically~*~*~ (outnumbered).
  8812 | D:5      | 8812 ||| Stepping ~*~*~tactically~*~*~ (outnumbered).
  8814 | D:5      | 8814 ||| Stepping ~*~*~tactically~*~*~ (outnumbered).
  8816 | D:5      | 8816 ||| Stepping ~*~*~tactically~*~*~ (outnumbered).
  8818 | D:5      | 8818 ||| Stepping ~*~*~tactically~*~*~ (outnumbered).
  8830 | D:5      | 8830 ||| Stepping ~*~*~tactically~*~*~ (outnumbered).
  8832 | D:5      | 8832 ||| Stepping ~*~*~tactically~*~*~ (outnumbered).
  8834 | D:5      | 8834 ||| Stepping ~*~*~tactically~*~*~ (outnumbered).
  8836 | D:5      | 8836 ||| Stepping ~*~*~tactically~*~*~ (outnumbered).
  8838 | D:5      | 8838 ||| Stepping ~*~*~tactically~*~*~ (outnumbered).
  8850 | D:5      | 8850 ||| Stepping ~*~*~tactically~*~*~ (outnumbered).
  8852 | D:5      | 8852 ||| Stepping ~*~*~tactically~*~*~ (outnumbered).
  8854 | D:5      | 8854 ||| Stepping ~*~*~tactically~*~*~ (outnumbered).
  8856 | D:5      | 8856 ||| Stepping ~*~*~tactically~*~*~ (outnumbered).
  8858 | D:5      | 8858 ||| Stepping ~*~*~tactically~*~*~ (outnumbered).
  8870 | D:5      | 8870 ||| Stepping ~*~*~tactically~*~*~ (outnumbered).
  8872 | D:5      | 8872 ||| Stepping ~*~*~tactically~*~*~ (outnumbered).
  8874 | D:5      | 8874 ||| Stepping ~*~*~tactically~*~*~ (outnumbered).
  8876 | D:5      | 8876 ||| Stepping ~*~*~tactically~*~*~ (outnumbered).
  8878 | D:5      | 8878 ||| Stepping ~*~*~tactically~*~*~ (outnumbered).
  8890 | D:5      | 8890 ||| Stepping ~*~*~tactically~*~*~ (outnumbered).
  8892 | D:5      | 8892 ||| Stepping ~*~*~tactically~*~*~ (outnumbered).
  8894 | D:5      | 8894 ||| Stepping ~*~*~tactically~*~*~ (outnumbered).
  8896 | D:5      | 8896 ||| Stepping ~*~*~tactically~*~*~ (outnumbered).
  8898 | D:5      | 8898 ||| Stepping ~*~*~tactically~*~*~ (outnumbered).
  8910 | D:5      | 8910 ||| Stepping ~*~*~tactically~*~*~ (outnumbered).
  8912 | D:5      | 8912 ||| Stepping ~*~*~tactically~*~*~ (outnumbered).
  8914 | D:5      | 8914 ||| Stepping ~*~*~tactically~*~*~ (outnumbered).
  8916 | D:5      | 8916 ||| Stepping ~*~*~tactically~*~*~ (outnumbered).
  8918 | D:5      | 8918 ||| Stepping ~*~*~tactically~*~*~ (outnumbered).
  8930 | D:5      | 8930 ||| Stepping ~*~*~tactically~*~*~ (outnumbered).
  8932 | D:5      | 8932 ||| Stepping ~*~*~tactically~*~*~ (outnumbered).
  8934 | D:5      | 8934 ||| Stepping ~*~*~tactically~*~*~ (outnumbered).
  8936 | D:5      | 8936 ||| Stepping ~*~*~tactically~*~*~ (outnumbered).
  8938 | D:5      | 8938 ||| Stepping ~*~*~tactically~*~*~ (outnumbered).
  8950 | D:5      | 8950 ||| Stepping ~*~*~tactically~*~*~ (outnumbered).
  8952 | D:5      | 8952 ||| Stepping ~*~*~tactically~*~*~ (outnumbered).
  8954 | D:5      | 8954 ||| Stepping ~*~*~tactically~*~*~ (outnumbered).
  8956 | D:5      | 8956 ||| Stepping ~*~*~tactically~*~*~ (outnumbered).
  8958 | D:5      | 8958 ||| Stepping ~*~*~tactically~*~*~ (outnumbered).
  8970 | D:5      | 8970 ||| Stepping ~*~*~tactically~*~*~ (outnumbered).
  8972 | D:5      | 8972 ||| Stepping ~*~*~tactically~*~*~ (outnumbered).
  8974 | D:5      | 8974 ||| Stepping ~*~*~tactically~*~*~ (outnumbered).
  8976 | D:5      | 8976 ||| Stepping ~*~*~tactically~*~*~ (outnumbered).
  8978 | D:5      | 8978 ||| Stepping ~*~*~tactically~*~*~ (outnumbered).
  8990 | D:5      | 8990 ||| Stepping ~*~*~tactically~*~*~ (outnumbered).
  8992 | D:5      | 8992 ||| Stepping ~*~*~tactically~*~*~ (outnumbered).
  8994 | D:5      | 8994 ||| Stepping ~*~*~tactically~*~*~ (outnumbered).
  8996 | D:5      | 8996 ||| Stepping ~*~*~tactically~*~*~ (outnumbered).
  8998 | D:5      | 8998 ||| Stepping ~*~*~tactically~*~*~ (outnumbered).
  9010 | D:5      | 9010 ||| Stepping ~*~*~tactically~*~*~ (outnumbered).
  9012 | D:5      | 9012 ||| Stepping ~*~*~tactically~*~*~ (outnumbered).
  9014 | D:5      | 9014 ||| Stepping ~*~*~tactically~*~*~ (outnumbered).
  9016 | D:5      | 9016 ||| Stepping ~*~*~tactically~*~*~ (outnumbered).
  9018 | D:5      | 9018 ||| Stepping ~*~*~tactically~*~*~ (outnumbered).
  9030 | D:5      | 9030 ||| Stepping ~*~*~tactically~*~*~ (outnumbered).
  9032 | D:5      | 9032 ||| Stepping ~*~*~tactically~*~*~ (outnumbered).
  9034 | D:5      | 9034 ||| Stepping ~*~*~tactically~*~*~ (outnumbered).
  9036 | D:5      | 9036 ||| Stepping ~*~*~tactically~*~*~ (outnumbered).
  9038 | D:5      | 9038 ||| Stepping ~*~*~tactically~*~*~ (outnumbered).
  9050 | D:5      | 9050 ||| Stepping ~*~*~tactically~*~*~ (outnumbered).
  9052 | D:5      | 9052 ||| Stepping ~*~*~tactically~*~*~ (outnumbered).
  9054 | D:5      | 9054 ||| Stepping ~*~*~tactically~*~*~ (outnumbered).
  9056 | D:5      | 9056 ||| Stepping ~*~*~tactically~*~*~ (outnumbered).
  9058 | D:5      | 9058 ||| Stepping ~*~*~tactically~*~*~ (outnumbered).
  9070 | D:5      | 9070 ||| Stepping ~*~*~tactically~*~*~ (outnumbered).
  9072 | D:5      | 9072 ||| Stepping ~*~*~tactically~*~*~ (outnumbered).
  9074 | D:5      | 9074 ||| Stepping ~*~*~tactically~*~*~ (outnumbered).
  9076 | D:5      | 9076 ||| Stepping ~*~*~tactically~*~*~ (outnumbered).
  9078 | D:5      | 9078 ||| Stepping ~*~*~tactically~*~*~ (outnumbered).
  9090 | D:5      | 9090 ||| Stepping ~*~*~tactically~*~*~ (outnumbered).
  9092 | D:5      | 9092 ||| Stepping ~*~*~tactically~*~*~ (outnumbered).
  9094 | D:5      | 9094 ||| Stepping ~*~*~tactically~*~*~ (outnumbered).
  9096 | D:5      | 9096 ||| Stepping ~*~*~tactically~*~*~ (outnumbered).
  9098 | D:5      | 9098 ||| Stepping ~*~*~tactically~*~*~ (outnumbered).
  9110 | D:5      | 9110 ||| Stepping ~*~*~tactically~*~*~ (outnumbered).
  9112 | D:5      | 9112 ||| Stepping ~*~*~tactically~*~*~ (outnumbered).
  9114 | D:5      | 9114 ||| Stepping ~*~*~tactically~*~*~ (outnumbered).
  9116 | D:5      | 9116 ||| Stepping ~*~*~tactically~*~*~ (outnumbered).
  9118 | D:5      | 9118 ||| Stepping ~*~*~tactically~*~*~ (outnumbered).
  9130 | D:5      | 9130 ||| Stepping ~*~*~tactically~*~*~ (outnumbered).
  9132 | D:5      | 9132 ||| Stepping ~*~*~tactically~*~*~ (outnumbered).
  9134 | D:5      | 9134 ||| Stepping ~*~*~tactically~*~*~ (outnumbered).
  9136 | D:5      | 9136 ||| Stepping ~*~*~tactically~*~*~ (outnumbered).
  9138 | D:5      | 9138 ||| Stepping ~*~*~tactically~*~*~ (outnumbered).
  9150 | D:5      | 9150 ||| Stepping ~*~*~tactically~*~*~ (outnumbered).
  9152 | D:5      | 9152 ||| Stepping ~*~*~tactically~*~*~ (outnumbered).
  9154 | D:5      | 9154 ||| Stepping ~*~*~tactically~*~*~ (outnumbered).
  9156 | D:5      | 9156 ||| Stepping ~*~*~tactically~*~*~ (outnumbered).
  9158 | D:5      | 9158 ||| Stepping ~*~*~tactically~*~*~ (outnumbered).
  9170 | D:5      | 9170 ||| Stepping ~*~*~tactically~*~*~ (outnumbered).
  9172 | D:5      | 9172 ||| Stepping ~*~*~tactically~*~*~ (outnumbered).
  9174 | D:5      | 9174 ||| Stepping ~*~*~tactically~*~*~ (outnumbered).
  9176 | D:5      | 9176 ||| Stepping ~*~*~tactically~*~*~ (outnumbered).
  9178 | D:5      | 9178 ||| Stepping ~*~*~tactically~*~*~ (outnumbered).
  9190 | D:5      | 9190 ||| Stepping ~*~*~tactically~*~*~ (outnumbered).
  9192 | D:5      | 9192 ||| Stepping ~*~*~tactically~*~*~ (outnumbered).
  9194 | D:5      | 9194 ||| Stepping ~*~*~tactically~*~*~ (outnumbered).
  9196 | D:5      | 9196 ||| Stepping ~*~*~tactically~*~*~ (outnumbered).
  9198 | D:5      | 9198 ||| Stepping ~*~*~tactically~*~*~ (outnumbered).
  9210 | D:5      | 9210 ||| Stepping ~*~*~tactically~*~*~ (outnumbered).
  9212 | D:5      | 9212 ||| Stepping ~*~*~tactically~*~*~ (outnumbered).
  9214 | D:5      | 9214 ||| Stepping ~*~*~tactically~*~*~ (outnumbered).
  9216 | D:5      | 9216 ||| Stepping ~*~*~tactically~*~*~ (outnumbered).
  9218 | D:5      | 9218 ||| Stepping ~*~*~tactically~*~*~ (outnumbered).
  9230 | D:5      | 9230 ||| Stepping ~*~*~tactically~*~*~ (outnumbered).
  9232 | D:5      | 9232 ||| Stepping ~*~*~tactically~*~*~ (outnumbered).
  9234 | D:5      | 9234 ||| Stepping ~*~*~tactically~*~*~ (outnumbered).
  9236 | D:5      | 9236 ||| Stepping ~*~*~tactically~*~*~ (outnumbered).
  9238 | D:5      | 9238 ||| Stepping ~*~*~tactically~*~*~ (outnumbered).
  9250 | D:5      | 9250 ||| Stepping ~*~*~tactically~*~*~ (outnumbered).
  9252 | D:5      | 9252 ||| Stepping ~*~*~tactically~*~*~ (outnumbered).
  9254 | D:5      | 9254 ||| Stepping ~*~*~tactically~*~*~ (outnumbered).
  9256 | D:5      | 9256 ||| Stepping ~*~*~tactically~*~*~ (outnumbered).
  9258 | D:5      | 9258 ||| Stepping ~*~*~tactically~*~*~ (outnumbered).
  9270 | D:5      | 9270 ||| Stepping ~*~*~tactically~*~*~ (outnumbered).
  9272 | D:5      | 9272 ||| Stepping ~*~*~tactically~*~*~ (outnumbered).
  9274 | D:5      | 9274 ||| Stepping ~*~*~tactically~*~*~ (outnumbered).
  9276 | D:5      | 9276 ||| Stepping ~*~*~tactically~*~*~ (outnumbered).
  9278 | D:5      | 9278 ||| Stepping ~*~*~tactically~*~*~ (outnumbered).
  9290 | D:5      | 9290 ||| Stepping ~*~*~tactically~*~*~ (outnumbered).
  9292 | D:5      | 9292 ||| Stepping ~*~*~tactically~*~*~ (outnumbered).
  9294 | D:5      | 9294 ||| Stepping ~*~*~tactically~*~*~ (outnumbered).
  9296 | D:5      | 9296 ||| Stepping ~*~*~tactically~*~*~ (outnumbered).
  9298 | D:5      | 9298 ||| Stepping ~*~*~tactically~*~*~ (outnumbered).
  9310 | D:5      | 9310 ||| Stepping ~*~*~tactically~*~*~ (outnumbered).
  9312 | D:5      | 9312 ||| Stepping ~*~*~tactically~*~*~ (outnumbered).
  9314 | D:5      | 9314 ||| Stepping ~*~*~tactically~*~*~ (outnumbered).
  9316 | D:5      | 9316 ||| Stepping ~*~*~tactically~*~*~ (outnumbered).
  9318 | D:5      | 9318 ||| Stepping ~*~*~tactically~*~*~ (outnumbered).
  9330 | D:5      | 9330 ||| Stepping ~*~*~tactically~*~*~ (outnumbered).
  9332 | D:5      | 9332 ||| Stepping ~*~*~tactically~*~*~ (outnumbered).
  9334 | D:5      | 9334 ||| Stepping ~*~*~tactically~*~*~ (outnumbered).
  9336 | D:5      | 9336 ||| Stepping ~*~*~tactically~*~*~ (outnumbered).
  9338 | D:5      | 9338 ||| Stepping ~*~*~tactically~*~*~ (outnumbered).
  9350 | D:5      | 9350 ||| Stepping ~*~*~tactically~*~*~ (outnumbered).
  9352 | D:5      | 9352 ||| Stepping ~*~*~tactically~*~*~ (outnumbered).
  9354 | D:5      | 9354 ||| Stepping ~*~*~tactically~*~*~ (outnumbered).
  9356 | D:5      | 9356 ||| Stepping ~*~*~tactically~*~*~ (outnumbered).
  9358 | D:5      | 9358 ||| Stepping ~*~*~tactically~*~*~ (outnumbered).
  9370 | D:5      | 9370 ||| Stepping ~*~*~tactically~*~*~ (outnumbered).
  9372 | D:5      | 9372 ||| Stepping ~*~*~tactically~*~*~ (outnumbered).
  9374 | D:5      | 9374 ||| Stepping ~*~*~tactically~*~*~ (outnumbered).
  9376 | D:5      | 9376 ||| Stepping ~*~*~tactically~*~*~ (outnumbered).
  9378 | D:5      | 9378 ||| Stepping ~*~*~tactically~*~*~ (outnumbered).
  9390 | D:5      | 9390 ||| Stepping ~*~*~tactically~*~*~ (outnumbered).
  9392 | D:5      | 9392 ||| Stepping ~*~*~tactically~*~*~ (outnumbered).
  9394 | D:5      | 9394 ||| Stepping ~*~*~tactically~*~*~ (outnumbered).
  9396 | D:5      | 9396 ||| Stepping ~*~*~tactically~*~*~ (outnumbered).
  9398 | D:5      | 9398 ||| Stepping ~*~*~tactically~*~*~ (outnumbered).
  9410 | D:5      | 9410 ||| Stepping ~*~*~tactically~*~*~ (outnumbered).
  9412 | D:5      | 9412 ||| Stepping ~*~*~tactically~*~*~ (outnumbered).
  9414 | D:5      | 9414 ||| Stepping ~*~*~tactically~*~*~ (outnumbered).
  9423 | D:5      | 9423 ||| FLEEEEING.
  9424 | D:5      | 9424 ||| FLEEEEING.
  9425 | D:5      | 9425 ||| FLEEEEING.
  9426 | D:5      | 9426 ||| FLEEEEING.
  9641 | D:5      | 9641 ||| READING scroll labelled CIEPSA ILOAL.
  9642 | D:5      | 9642 ||| READING scroll labelled FUC AGER GUIXT.
  9643 | D:5      | 9643 ||| DRINKING 2 bubbling yellow potions.
  9675 | D:5      | 9675 ||| DRINKING 2 inky potions.
  9676 | D:5      | 9676 ||| READING 2 scrolls of identify.
  9676 | D:5      | 9676 ||| IDENTIFYING ruby potion
  9677 | D:5      | 9677 ||| DROPPING potion of lignification.
  9678 | D:5      | 9678 ||| DROPPING potion of attraction.
  9701 | D:6      | 9701 ||| STAIRDANCE
  9707 | D:5      | 9707 ||| INVOKING Fiery Armour.
  9760 | D:6      | 9760 ||| STAIRDANCE
  9807 | D:6      | 9807 ||| STAIRDANCE
  9811 | D:5      | Reached skill level 9 in Unarmed Combat
  9856 | D:6      | 9856 ||| STAIRDANCE
  9951 | D:6      | Found a shimmering blue altar of Sif Muna.
 10023 | D:6      | 10023 ||| Stepping ~*~*~tactically~*~*~ (hiding).
 10024 | D:6      | 10024 ||| Stepping ~*~*~tactically~*~*~ (hiding).
 10031 | D:6      | Reached skill level 1 in Dodging
 10031 | D:6      | Reached XP level 8. HP: 74/75 MP: 6/8
 10068 | D:6      | Found Tunipnor's Jewellery Shoppe.
 10080 | D:6      | 10080 ||| SHOPLISTING +4 ring of evasion (396 gold, have
                  | 254).
 10080 | D:6      | 10080 ||| SHOPLISTING +4 ring of protection (396 gold, have
                  | 254).
 10080 | D:6      | 10080 ||| SHOPLISTING +6 ring of strength (396 gold, have
                  | 254).
 10080 | D:6      | 10080 ||| SHOPLISTING amulet of reflection (330 gold, have
                  | 254).
 10080 | D:6      | 10080 ||| SHOPLISTING ring of ice (275 gold, have 254).
 10080 | D:6      | 10080 ||| BUYING ring of see invisible (165 gold).
 10080 | D:6      | Bought a ring of see invisible for 165 gold pieces
 10272 | D:6      | Reached skill level 10 in Unarmed Combat
 10317 | D:6      | 10317 ||| Stepping ~*~*~tactically~*~*~ (outnumbered).
 10322 | D:6      | 10322 ||| Stepping ~*~*~tactically~*~*~ (outnumbered).
 10324 | D:6      | 10324 ||| INVOKING Fiery Armour.
 10759 | D:6      | Found a staircase to the Ecumenical Temple.
 10874 | D:6      | 10874 ||| UPGRADING to +2 hat.
 10879 | D:6      | 10879 ||| UPGRADING to ring of see invisible.
 10880 | D:6      | 10880 ||| READING scroll labelled RYBBOX XAMIHOTH.
 10881 | D:6      | 10881 ||| DRINKING 2 red potions.
 10882 | D:6      | 10882 ||| READING 2 scrolls of identify.
 10882 | D:6      | 10882 ||| IDENTIFYING silvery potion
 10883 | D:6      | 10883 ||| DROPPING potion of brilliance.
 10884 | D:6      | 10884 ||| DROPPING potion of invisibility.
 10998 | D:7      | Noticed a hornet
 11001 | D:7      | Paralysed by a hornet for 3 turns
 11006 | D:7      | 11006 ||| INVOKING Fiery Armour.
 11007 | D:7      | Killed a hornet
 11007 | D:7      | HP: 19/79 [poisoned by a hornet]
 11012 | D:7      | HP: 15/79 [poisoned by a hornet]
 11168 | D:7      | 11168 ||| Stepping ~*~*~tactically~*~*~ (stealth).
 11172 | D:7      | 11172 ||| Stepping ~*~*~tactically~*~*~ (outnumbered).
 11178 | D:7      | Reached XP level 9. HP: 85/85 MP: 9/9
 11213 | D:7      | Reached skill level 11 in Unarmed Combat
 11222 | D:7      | Found a burning altar of Makhleb.
 11335 | D:7      | 11335 ||| Stepping ~*~*~tactically~*~*~ (hiding).
 11562 | D:7      | 11562 ||| UPGRADING to +2 robe of cold resistance.
 11572 | D:7      | 11572 ||| DROPPING +0 robe.
 11573 | D:7      | 11573 ||| UPGRADING to ring of resist corrosion.
 11574 | D:7      | 11574 ||| READING 2 scrolls of identify.
 11574 | D:7      | 11574 ||| IDENTIFYING lumpy cyan potion
 11592 | D:8      | 11592 ||| Stepping ~*~*~tactically~*~*~ (hiding).
 11595 | D:8      | 11595 ||| Stepping ~*~*~tactically~*~*~ (hiding).
 11605 | D:8      | 11605 ||| Stepping ~*~*~tactically~*~*~ (stealth).
 11618 | D:8      | 11618 ||| FLEEEEING.
 11621 | D:8      | Reached skill level 3 in Throwing
 11621 | D:8      | 11621 ||| FLEEEEING.
 11628 | D:8      | 11628 ||| Stepping ~*~*~tactically~*~*~ (stealth).
 11629 | D:8      | 11629 ||| Stepping ~*~*~tactically~*~*~ (stealth).
 11634 | D:8      | 11634 ||| Stepping ~*~*~tactically~*~*~ (outnumbered).
 11636 | D:8      | 11636 ||| Stepping ~*~*~tactically~*~*~ (outnumbered).
 11639 | D:8      | 11639 ||| INVOKING Fiery Armour.
 11642 | D:8      | HP: 18/85 [yak (11)]
 11643 | D:8      | 11643 ||| READING scroll of teleportation.
 11644 | D:8      | 11644 ||| DRINKING 2 potions of heal wounds.
 11724 | D:8      | Noticed Pikel
 11725 | D:8      | 11725 ||| Stepping ~*~*~tactically~*~*~ (hiding).
 11740 | D:8      | Killed Pikel
 11741 | D:8      | Reached skill level 12 in Unarmed Combat
 11742 | D:8      | 11742 ||| Stepping ~*~*~tactically~*~*~ (stealth).
 11773 | D:8      | Noticed Maggie
 11774 | D:8      | 11774 ||| Stepping ~*~*~tactically~*~*~ (hiding).
 11786 | D:8      | Killed Maggie
 11823 | D:8      | Noticed a komodo dragon
 11824 | D:8      | 11824 ||| Stepping ~*~*~tactically~*~*~ (stealth).
 11827 | D:8      | 11827 ||| Stepping ~*~*~tactically~*~*~ (stealth).
 11830 | D:8      | 11830 ||| Stepping ~*~*~tactically~*~*~ (stealth).
 11853 | D:8      | Killed a komodo dragon
 11854 | D:8      | Reached skill level 13 in Unarmed Combat
 11854 | D:8      | Reached XP level 10. HP: 90/96 MP: 8/10
 11868 | D:8      | 11868 ||| Stepping ~*~*~tactically~*~*~ (stealth).
 11891 | D:8      | 11891 ||| Stepping ~*~*~tactically~*~*~ (stealth).
 11901 | D:8      | 11901 ||| Stepping ~*~*~tactically~*~*~ (stealth).
 11910 | D:8      | Found a staircase to the Lair.
 12023 | D:8      | 12023 ||| Stepping ~*~*~tactically~*~*~ (hiding).
 12029 | D:8      | 12029 ||| Stepping ~*~*~tactically~*~*~ (stealth).
 12050 | D:8      | Found a shimmering altar of Xom.
 12051 | D:8      | 12051 ||| Stepping ~*~*~tactically~*~*~ (hiding).
 12097 | D:8      | 12097 ||| Stepping ~*~*~tactically~*~*~ (stealth).
 12099 | D:8      | 12099 ||| Stepping ~*~*~tactically~*~*~ (hiding).
 12316 | D:8      | Found Cock's Antique Armour Boutique.
 12322 | D:8      | 12322 ||| SHOPLISTING -2 hat of the Alchemist {rElec rPois
                  | rF+ rC+ rN+ Will+ rMut rCorr} (1180 gold, have 210).
 12322 | D:8      | 12322 ||| BUYING kite shield (112 gold).
 12322 | D:8      | Bought a kite shield for 112 gold pieces
 12362 | D:8      | 12362 ||| Stepping ~*~*~tactically~*~*~ (hiding).
 12366 | D:8      | 12366 ||| Stepping ~*~*~tactically~*~*~ (outnumbered).
 12491 | D:8      | 12491 ||| Stepping ~*~*~tactically~*~*~ (hiding).
 12526 | D:8      | 12526 ||| PLANNING LAIR
 12526 | D:8      | 12526 ||| DROPPING +1 robe of willpower.
 12527 | D:8      | 12527 ||| UPGRADING to +0 kite shield.
 12532 | D:8      | 12532 ||| DROPPING ring of flight.
 12533 | D:8      | 12533 ||| READING scroll labelled GUOGIL HUCUC.
 12588 | Lair:1   | Entered Level 1 of the Lair of Beasts
 12589 | Lair:1   | Noticed a cane toad
 12594 | Lair:1   | 12594 ||| Stepping ~*~*~tactically~*~*~ (outnumbered).
 12595 | Lair:1   | 12595 ||| Stepping ~*~*~tactically~*~*~ (outnumbered).
 12596 | Lair:1   | 12596 ||| Stepping ~*~*~tactically~*~*~ (outnumbered).
 12597 | Lair:1   | 12597 ||| Stepping ~*~*~tactically~*~*~ (outnumbered).
 12598 | Lair:1   | 12598 ||| Stepping ~*~*~tactically~*~*~ (outnumbered).
 12600 | Lair:1   | 12600 ||| Stepping ~*~*~tactically~*~*~ (outnumbered).
 12601 | Lair:1   | 12601 ||| Stepping ~*~*~tactically~*~*~ (outnumbered).
 12602 | Lair:1   | 12602 ||| Stepping ~*~*~tactically~*~*~ (outnumbered).
 12604 | Lair:1   | 12604 ||| INVOKING Fiery Armour.
 12605 | Lair:1   | 12605 ||| Stepping ~*~*~tactically~*~*~ (outnumbered).
 12606 | Lair:1   | 12606 ||| Stepping ~*~*~tactically~*~*~ (outnumbered).
 12607 | Lair:1   | 12607 ||| Stepping ~*~*~tactically~*~*~ (outnumbered).
 12608 | Lair:1   | 12608 ||| Stepping ~*~*~tactically~*~*~ (outnumbered).
 12609 | Lair:1   | 12609 ||| Stepping ~*~*~tactically~*~*~ (outnumbered).
 12610 | Lair:1   | 12610 ||| Stepping ~*~*~tactically~*~*~ (outnumbered).
 12611 | Lair:1   | 12611 ||| Stepping ~*~*~tactically~*~*~ (outnumbered).
 12612 | Lair:1   | 12612 ||| Stepping ~*~*~tactically~*~*~ (outnumbered).
 12613 | Lair:1   | 12613 ||| Stepping ~*~*~tactically~*~*~ (outnumbered).
 12615 | Lair:1   | 12615 ||| Stepping ~*~*~tactically~*~*~ (outnumbered).
 12616 | Lair:1   | 12616 ||| Stepping ~*~*~tactically~*~*~ (outnumbered).
 12617 | Lair:1   | 12617 ||| Stepping ~*~*~tactically~*~*~ (outnumbered).
 12619 | Lair:1   | Reached skill level 1 in Shields
 12621 | Lair:1   | Killed a cane toad
 12624 | Lair:1   | Reached skill level 3 in Shields
 12799 | Lair:1   | Noticed a boulder beetle
 12800 | Lair:1   | 12800 ||| INVOKING Fiery Armour.
 12811 | Lair:1   | Killed a boulder beetle
 12891 | Lair:1   | Noticed a cane toad
 12892 | Lair:1   | 12892 ||| Stepping ~*~*~tactically~*~*~ (stealth).
 12893 | Lair:1   | 12893 ||| Stepping ~*~*~tactically~*~*~ (stealth).
 12900 | Lair:1   | Killed a cane toad
 12901 | Lair:1   | Reached skill level 6 in Shields
 12904 | Lair:1   | 12904 ||| Stepping ~*~*~tactically~*~*~ (outnumbered).
 12905 | Lair:1   | 12905 ||| Stepping ~*~*~tactically~*~*~ (outnumbered).
 12906 | Lair:1   | 12906 ||| Stepping ~*~*~tactically~*~*~ (outnumbered).
 12909 | Lair:1   | 12909 ||| Stepping ~*~*~tactically~*~*~ (outnumbered).
 12910 | Lair:1   | 12910 ||| Stepping ~*~*~tactically~*~*~ (outnumbered).
 12912 | Lair:1   | 12912 ||| Stepping ~*~*~tactically~*~*~ (outnumbered).
 12915 | Lair:1   | 12915 ||| INVOKING Fiery Armour.
 12931 | Lair:1   | Reached XP level 11. HP: 83/102 MP: 8/11
 13121 | Lair:1   | 13121 ||| Stepping ~*~*~tactically~*~*~ (outnumbered).
 13122 | Lair:1   | 13122 ||| Stepping ~*~*~tactically~*~*~ (outnumbered).
 13123 | Lair:1   | 13123 ||| Stepping ~*~*~tactically~*~*~ (outnumbered).
 13125 | Lair:1   | 13125 ||| Stepping ~*~*~tactically~*~*~ (outnumbered).
 13126 | Lair:1   | 13126 ||| Stepping ~*~*~tactically~*~*~ (outnumbered).
 13747 | Lair:2   | HP: 23/102 [poisoned by a cane toad]
 13752 | Lair:2   | HP: 15/102 [poisoned by a cane toad]
 13757 | Lair:2   | HP: 16/102 [poisoned by a cane toad]
 13918 | Lair:2   | 13918 ||| INVOKING Fiery Armour.
 13948 | Lair:2   | Reached skill level 9 in Shields
 14059 | Lair:2   | 14059 ||| Stepping ~*~*~tactically~*~*~ (stealth).
 14061 | Lair:2   | 14061 ||| INVOKING Fiery Armour.
 14226 | Lair:2   | 14226 ||| Stepping ~*~*~tactically~*~*~ (stealth).
 14227 | Lair:2   | 14227 ||| Stepping ~*~*~tactically~*~*~ (stealth).
 14281 | Lair:2   | 14281 ||| INVOKING Fiery Armour.
 14296 | Lair:2   | HP: 16/102 [komodo dragon (17)]
 14297 | Lair:2   | 14297 ||| DRINKING potion of heal wounds.
 14381 | Lair:2   | Found a shimmering altar of Xom.
 14494 | Lair:2   | 14494 ||| INVOKING Fiery Armour.
 14496 | Lair:2   | HP: 24/102 [poisoned by a black mamba]
 14501 | Lair:2   | HP: 13/102 [poisoned by a black mamba]
 14506 | Lair:2   | HP: 13/102 [poisoned by a black mamba]
 14829 | Lair:2   | Reached skill level 14 in Unarmed Combat
 14834 | Lair:2   | 14834 ||| Stepping ~*~*~tactically~*~*~ (outnumbered).
 14835 | Lair:2   | 14835 ||| Stepping ~*~*~tactically~*~*~ (outnumbered).
 14836 | Lair:2   | 14836 ||| Stepping ~*~*~tactically~*~*~ (outnumbered).
 14837 | Lair:2   | 14837 ||| Stepping ~*~*~tactically~*~*~ (outnumbered).
 14838 | Lair:2   | 14838 ||| Stepping ~*~*~tactically~*~*~ (outnumbered).
 14839 | Lair:2   | 14839 ||| Stepping ~*~*~tactically~*~*~ (outnumbered).
 14840 | Lair:2   | 14840 ||| Stepping ~*~*~tactically~*~*~ (outnumbered).
 14841 | Lair:2   | 14841 ||| Stepping ~*~*~tactically~*~*~ (outnumbered).
 15052 | Lair:2   | 15052 ||| UPGRADING to amulet of reflection.
 15062 | Lair:2   | 15062 ||| DROPPING amulet of guardian spirit.
 15134 | Lair:3   | 15134 ||| STAIRDANCE
 15143 | Lair:3   | 15143 ||| STAIRDANCE
 15145 | Lair:2   | 15145 ||| Stepping ~*~*~tactically~*~*~ (outnumbered).
 15146 | Lair:2   | 15146 ||| Stepping ~*~*~tactically~*~*~ (outnumbered).
 15149 | Lair:2   | 15149 ||| Stepping ~*~*~tactically~*~*~ (outnumbered).
 15150 | Lair:2   | 15150 ||| Stepping ~*~*~tactically~*~*~ (outnumbered).
 15151 | Lair:2   | 15151 ||| Stepping ~*~*~tactically~*~*~ (outnumbered).
 15153 | Lair:2   | 15153 ||| Stepping ~*~*~tactically~*~*~ (outnumbered).
 15154 | Lair:2   | 15154 ||| STAIRDANCE
 15161 | Lair:1   | Reached skill level 6 in Fighting
 15275 | Lair:3   | 15275 ||| Stepping ~*~*~tactically~*~*~ (stealth).
 15279 | Lair:3   | 15279 ||| Stepping ~*~*~tactically~*~*~ (outnumbered).
 15281 | Lair:3   | 15281 ||| Stepping ~*~*~tactically~*~*~ (outnumbered).
 15282 | Lair:3   | 15282 ||| Stepping ~*~*~tactically~*~*~ (outnumbered).
 15283 | Lair:3   | 15283 ||| Stepping ~*~*~tactically~*~*~ (outnumbered).
 15284 | Lair:3   | 15284 ||| Stepping ~*~*~tactically~*~*~ (outnumbered).
 15285 | Lair:3   | 15285 ||| Stepping ~*~*~tactically~*~*~ (outnumbered).
 15286 | Lair:3   | 15286 ||| Stepping ~*~*~tactically~*~*~ (outnumbered).
 15287 | Lair:3   | 15287 ||| Stepping ~*~*~tactically~*~*~ (outnumbered).
 15288 | Lair:3   | 15288 ||| Stepping ~*~*~tactically~*~*~ (outnumbered).
 15291 | Lair:3   | 15291 ||| Stepping ~*~*~tactically~*~*~ (outnumbered).
 15292 | Lair:3   | 15292 ||| Stepping ~*~*~tactically~*~*~ (outnumbered).
 15293 | Lair:3   | 15293 ||| Stepping ~*~*~tactically~*~*~ (outnumbered).
 15297 | Lair:3   | 15297 ||| Stepping ~*~*~tactically~*~*~ (outnumbered).
 15298 | Lair:3   | 15298 ||| Stepping ~*~*~tactically~*~*~ (stealth).
 15299 | Lair:3   | 15299 ||| Stepping ~*~*~tactically~*~*~ (outnumbered).
 15300 | Lair:3   | 15300 ||| Stepping ~*~*~tactically~*~*~ (outnumbered).
 15301 | Lair:3   | 15301 ||| Stepping ~*~*~tactically~*~*~ (outnumbered).
 15302 | Lair:3   | 15302 ||| Stepping ~*~*~tactically~*~*~ (outnumbered).
 15303 | Lair:3   | 15303 ||| Stepping ~*~*~tactically~*~*~ (outnumbered).
 15304 | Lair:3   | 15304 ||| Stepping ~*~*~tactically~*~*~ (outnumbered).
 15305 | Lair:3   | 15305 ||| Stepping ~*~*~tactically~*~*~ (outnumbered).
 15306 | Lair:3   | 15306 ||| Stepping ~*~*~tactically~*~*~ (outnumbered).
 15307 | Lair:3   | 15307 ||| Stepping ~*~*~tactically~*~*~ (outnumbered).
 15309 | Lair:3   | 15309 ||| Stepping ~*~*~tactically~*~*~ (outnumbered).
 15310 | Lair:3   | 15310 ||| Stepping ~*~*~tactically~*~*~ (outnumbered).
 15311 | Lair:3   | 15311 ||| Stepping ~*~*~tactically~*~*~ (outnumbered).
 15312 | Lair:3   | 15312 ||| Stepping ~*~*~tactically~*~*~ (outnumbered).
 15313 | Lair:3   | 15313 ||| Stepping ~*~*~tactically~*~*~ (outnumbered).
 15314 | Lair:3   | 15314 ||| Stepping ~*~*~tactically~*~*~ (outnumbered).
 15315 | Lair:3   | 15315 ||| Stepping ~*~*~tactically~*~*~ (outnumbered).
 15375 | Lair:3   | Found a hole to the Spider Nest.
 15420 | Lair:3   | Noticed a bog body
 15427 | Lair:3   | Killed a bog body
 15428 | Lair:3   | Reached XP level 12. HP: 88/114 MP: 12/12
 15428 | Lair:3   | 15428 ||| Stepping ~*~*~tactically~*~*~ (stealth).
 15621 | Lair:3   | Reached skill level 15 in Unarmed Combat
 15662 | Lair:3   | 15662 ||| Stepping ~*~*~tactically~*~*~ (stealth).
 15665 | Lair:3   | 15665 ||| Stepping ~*~*~tactically~*~*~ (stealth).
 15667 | Lair:3   | 15667 ||| Stepping ~*~*~tactically~*~*~ (stealth).
 15668 | Lair:3   | 15668 ||| DRINKING potion of cancellation.
 15670 | Lair:3   | 15670 ||| INVOKING Fiery Armour.
 15759 | Lair:3   | 15759 ||| PLANNING TEMPLE
 15901 | Temple   | Entered the Ecumenical Temple
 16008 | Temple   | 16008 ||| PLANNING CONVERSION TO OKAWARU
 16014 | Temple   | Fell from the grace of Ignis
 16014 | Temple   | Became a worshipper of Warmaster Okawaru
 16015 | Temple   | 16015 ||| PLANNING LAIR
 16476 | Lair:3   | 16476 ||| Stepping ~*~*~tactically~*~*~ (hiding).
 16477 | Lair:3   | 16477 ||| Stepping ~*~*~tactically~*~*~ (hiding).
 16505 | Lair:3   | Found a staircase to the Swamp.
 16507 | Lair:3   | 16507 ||| Stepping ~*~*~tactically~*~*~ (stealth).
 16528 | Lair:3   | 16528 ||| Stepping ~*~*~tactically~*~*~ (stealth).
 16547 | Lair:3   | You fall into a shaft and drop 1 floor!
 16656 | Lair:4   | Reached * piety under Okawaru
 16657 | Lair:4   | 16657 ||| INVOKING Heroism.
 16670 | Lair:4   | Reached skill level 1 in Invocations
 16674 | Lair:4   | 16674 ||| INVOKING Heroism.
 16743 | Lair:3   | 16743 ||| Stepping ~*~*~tactically~*~*~ (stealth).
 16908 | Lair:3   | Found a runed translucent door.
 16996 | Lair:3   | Noticed a six-headed hydra
 16997 | Lair:3   | 16997 ||| Stepping randomly (stuck).
 17044 | Lair:4   | Found a staircase to the Slime Pits.
 17044 | Lair:4   | Found a viscous altar of Jiyva.
 17045 | Lair:4   | 17045 ||| STAIRDANCE
 17144 | Lair:4   | 17144 ||| STAIRDANCE
 17146 | Lair:3   | 17146 ||| INVOKING Heroism.
 17147 | Lair:3   | 17147 ||| Stepping ~*~*~tactically~*~*~ (outnumbered).
 17181 | Lair:3   | 17181 ||| Stepping ~*~*~tactically~*~*~ (outnumbered).
 17183 | Lair:3   | 17183 ||| Stepping ~*~*~tactically~*~*~ (outnumbered).
 17184 | Lair:3   | 17184 ||| Stepping ~*~*~tactically~*~*~ (outnumbered).
 17190 | Lair:3   | 17190 ||| INVOKING Heroism.
 17331 | Lair:4   | 17331 ||| STAIRDANCE
 17454 | Lair:4   | 17454 ||| Stepping ~*~*~tactically~*~*~ (outnumbered).
 17729 | Lair:4   | 17729 ||| Stepping ~*~*~tactically~*~*~ (stealth).
 17731 | Lair:4   | 17731 ||| INVOKING Heroism.
 17737 | Lair:4   | Reached skill level 3 in Invocations
 17791 | Lair:4   | Identified the +5 ring mail of Dawn {rPois}
 17947 | Lair:4   | Noticed a four-headed hydra
 17948 | Lair:4   | 17948 ||| INVOKING Heroism.
 17958 | Lair:4   | Killed a ten-headed hydra
 18080 | Lair:4   | 18080 ||| DROPPING amulet of the acrobat.
 18081 | Lair:4   | 18081 ||| READING scroll labelled RISIDIAPNI.
 18082 | Lair:4   | 18082 ||| READING 3 scrolls of identify.
 18082 | Lair:4   | 18082 ||| IDENTIFYING fizzy orange potion
 18106 | Lair:5   | Entered Level 5 of the Lair of Beasts
 18110 | Lair:5   | Reached ** piety under Okawaru
 18137 | Lair:5   | 18137 ||| INVOKING Heroism.
 18229 | Lair:5   | 18229 ||| INVOKING Heroism.
 18238 | Lair:5   | Reached skill level 16 in Unarmed Combat
 18246 | Lair:5   | Was forgiven by Ignis
 18267 | Lair:5   | 18267 ||| INVOKING Heroism.
 18273 | Lair:5   | Reached XP level 13. HP: 122/122 MP: 12/15
 18312 | Lair:5   | 18312 ||| INVOKING Heroism.
 18314 | Lair:5   | 18314 ||| Stepping ~*~*~tactically~*~*~ (outnumbered).
 18315 | Lair:5   | 18315 ||| Stepping ~*~*~tactically~*~*~ (outnumbered).
 18316 | Lair:5   | 18316 ||| Stepping ~*~*~tactically~*~*~ (outnumbered).
 18323 | Lair:5   | 18323 ||| Stepping ~*~*~tactically~*~*~ (outnumbered).
 18327 | Lair:5   | Reached *** piety under Okawaru
 18436 | Lair:5   | 18436 ||| INVOKING Heroism.
 18466 | Lair:5   | 18466 ||| INVOKING Heroism.
 18475 | Lair:5   | 18475 ||| Stepping ~*~*~tactically~*~*~ (outnumbered).
 18476 | Lair:5   | 18476 ||| Stepping ~*~*~tactically~*~*~ (outnumbered).
 18477 | Lair:5   | 18477 ||| Stepping ~*~*~tactically~*~*~ (outnumbered).
 18478 | Lair:5   | 18478 ||| Stepping ~*~*~tactically~*~*~ (outnumbered).
 18479 | Lair:5   | 18479 ||| Stepping ~*~*~tactically~*~*~ (outnumbered).
 18480 | Lair:5   | 18480 ||| Stepping ~*~*~tactically~*~*~ (outnumbered).
 18481 | Lair:5   | 18481 ||| Stepping ~*~*~tactically~*~*~ (outnumbered).
 18482 | Lair:5   | 18482 ||| Stepping ~*~*~tactically~*~*~ (outnumbered).
 18483 | Lair:5   | 18483 ||| Stepping ~*~*~tactically~*~*~ (outnumbered).
 18484 | Lair:5   | 18484 ||| Stepping ~*~*~tactically~*~*~ (outnumbered).
 18486 | Lair:5   | 18486 ||| Stepping ~*~*~tactically~*~*~ (outnumbered).
 18489 | Lair:5   | 18489 ||| Stepping ~*~*~tactically~*~*~ (outnumbered).
 18490 | Lair:5   | 18490 ||| Stepping ~*~*~tactically~*~*~ (outnumbered).
 18491 | Lair:5   | 18491 ||| Stepping ~*~*~tactically~*~*~ (outnumbered).
 18590 | Lair:5   | 18590 ||| INVOKING Heroism.
 18601 | Lair:5   | 18601 ||| Stepping ~*~*~tactically~*~*~ (stealth).
 18603 | Lair:5   | 18603 ||| Stepping ~*~*~tactically~*~*~ (stealth).
 18612 | Lair:5   | 18612 ||| Stepping ~*~*~tactically~*~*~ (stealth).
 18613 | Lair:5   | 18613 ||| Stepping ~*~*~tactically~*~*~ (stealth).
 18614 | Lair:5   | 18614 ||| Stepping ~*~*~tactically~*~*~ (stealth).
 18615 | Lair:5   | 18615 ||| Stepping ~*~*~tactically~*~*~ (stealth).
 18616 | Lair:5   | 18616 ||| INVOKING Heroism.
 18618 | Lair:5   | 18618 ||| Stepping ~*~*~tactically~*~*~ (outnumbered).
 18619 | Lair:5   | 18619 ||| Stepping ~*~*~tactically~*~*~ (outnumbered).
 18620 | Lair:5   | 18620 ||| Stepping ~*~*~tactically~*~*~ (outnumbered).
 18621 | Lair:5   | 18621 ||| Stepping ~*~*~tactically~*~*~ (outnumbered).
 18622 | Lair:5   | 18622 ||| Stepping ~*~*~tactically~*~*~ (outnumbered).
 18623 | Lair:5   | 18623 ||| Stepping ~*~*~tactically~*~*~ (outnumbered).
 18624 | Lair:5   | 18624 ||| Stepping ~*~*~tactically~*~*~ (outnumbered).
 18625 | Lair:5   | 18625 ||| Stepping ~*~*~tactically~*~*~ (outnumbered).
 18780 | Lair:5   | Identified the +3 robe "Sach" {+Inv rN+}
 18953 | Lair:5   | 18953 ||| INVOKING Heroism.
 19042 | Lair:5   | 19042 ||| INVOKING Heroism.
 19065 | Lair:5   | Reached **** piety under Okawaru
 19073 | Lair:5   | 19073 ||| FLEEEEING.
 19074 | Lair:5   | 19074 ||| FLEEEEING.
 19075 | Lair:5   | 19075 ||| FLEEEEING.
 19076 | Lair:5   | 19076 ||| FLEEEEING.
 19077 | Lair:5   | 19077 ||| FLEEEEING.
 19078 | Lair:5   | 19078 ||| FLEEEEING.
 19079 | Lair:5   | 19079 ||| FLEEEEING.
 19081 | Lair:5   | 19081 ||| FLEEEEING.
 19082 | Lair:5   | 19082 ||| FLEEEEING.
 19084 | Lair:5   | 19084 ||| INVOKING Heroism.
 19089 | Lair:5   | Reached skill level 17 in Unarmed Combat
 19168 | Lair:5   | 19168 ||| Stepping ~*~*~tactically~*~*~ (stealth).
 19169 | Lair:5   | 19169 ||| Stepping ~*~*~tactically~*~*~ (outnumbered).
 19170 | Lair:5   | 19170 ||| Stepping ~*~*~tactically~*~*~ (outnumbered).
 19171 | Lair:5   | 19171 ||| Stepping ~*~*~tactically~*~*~ (outnumbered).
 19172 | Lair:5   | 19172 ||| Stepping ~*~*~tactically~*~*~ (outnumbered).
 19173 | Lair:5   | 19173 ||| Stepping ~*~*~tactically~*~*~ (outnumbered).
 19246 | Lair:5   | 19246 ||| Stepping ~*~*~tactically~*~*~ (hiding).
 19249 | Lair:5   | 19249 ||| INVOKING Heroism.
 19252 | Lair:5   | 19252 ||| Stepping ~*~*~tactically~*~*~ (cloud).
 19254 | Lair:5   | Received a gift from Okawaru
 19286 | Lair:5   | Noticed a dire elephant
 19287 | Lair:5   | 19287 ||| INVOKING Heroism.
 19297 | Lair:5   | Killed a dire elephant
 19328 | Lair:5   | Identified the +1 pair of boots of Wung {Int+4 Dex+4}
 19378 | Lair:5   | 19378 ||| INVOKING Heroism.
 19415 | Lair:5   | 19415 ||| INVOKING Heroism.
 19420 | Lair:5   | 19420 ||| Stepping ~*~*~tactically~*~*~ (outnumbered).
 19421 | Lair:5   | 19421 ||| Stepping ~*~*~tactically~*~*~ (outnumbered).
 19422 | Lair:5   | 19422 ||| Stepping ~*~*~tactically~*~*~ (outnumbered).
 19438 | Lair:5   | 19438 ||| Stepping ~*~*~tactically~*~*~ (stealth).
 19440 | Lair:5   | 19440 ||| Stepping ~*~*~tactically~*~*~ (stealth).
 19441 | Lair:5   | 19441 ||| Stepping ~*~*~tactically~*~*~ (stealth).
 19447 | Lair:5   | 19447 ||| Stepping ~*~*~tactically~*~*~ (stealth).
 19457 | Lair:5   | 19457 ||| Stepping ~*~*~tactically~*~*~ (outnumbered).
 19458 | Lair:5   | 19458 ||| Stepping ~*~*~tactically~*~*~ (outnumbered).
 19459 | Lair:5   | 19459 ||| Stepping ~*~*~tactically~*~*~ (outnumbered).
 19460 | Lair:5   | 19460 ||| Stepping ~*~*~tactically~*~*~ (outnumbered).
 19461 | Lair:5   | 19461 ||| Stepping ~*~*~tactically~*~*~ (outnumbered).
 19462 | Lair:5   | 19462 ||| Stepping ~*~*~tactically~*~*~ (outnumbered).
 19463 | Lair:5   | 19463 ||| Stepping ~*~*~tactically~*~*~ (outnumbered).
 19464 | Lair:5   | 19464 ||| Stepping ~*~*~tactically~*~*~ (outnumbered).
 19465 | Lair:5   | 19465 ||| Stepping ~*~*~tactically~*~*~ (outnumbered).
 19466 | Lair:5   | 19466 ||| Stepping ~*~*~tactically~*~*~ (outnumbered).
 19467 | Lair:5   | 19467 ||| Stepping ~*~*~tactically~*~*~ (outnumbered).
 19471 | Lair:5   | 19471 ||| Stepping ~*~*~tactically~*~*~ (outnumbered).
 19472 | Lair:5   | 19472 ||| Stepping ~*~*~tactically~*~*~ (outnumbered).
 19473 | Lair:5   | 19473 ||| Stepping ~*~*~tactically~*~*~ (outnumbered).
 19474 | Lair:5   | 19474 ||| Stepping ~*~*~tactically~*~*~ (outnumbered).
 19475 | Lair:5   | 19475 ||| Stepping ~*~*~tactically~*~*~ (outnumbered).
 19478 | Lair:5   | 19478 ||| Stepping ~*~*~tactically~*~*~ (outnumbered).
 19479 | Lair:5   | 19479 ||| Stepping ~*~*~tactically~*~*~ (outnumbered).
 19691 | Lair:5   | 19691 ||| PLANNING D:1-11
 19691 | Lair:5   | 19691 ||| DROPPING +0 steam dragon scales.
 19692 | Lair:5   | 19692 ||| UPGRADING to +2 kite shield.
 19702 | Lair:5   | 19702 ||| DROPPING +0 kite shield.
 19703 | Lair:5   | 19703 ||| READING 2 scrolls of identify.
 19703 | Lair:5   | 19703 ||| IDENTIFYING grey potion
 19704 | Lair:5   | 19704 ||| DROPPING potion of ambrosia.
 19986 | D:9      | Found a broken altar of Ashenzari.
 20261 | D:9      | 20261 ||| Stepping ~*~*~tactically~*~*~ (hiding).
 20272 | D:9      | 20272 ||| Stepping ~*~*~tactically~*~*~ (stealth).
 20275 | D:9      | 20275 ||| Stepping ~*~*~tactically~*~*~ (hiding).
 20354 | D:9      | 20354 ||| Stepping ~*~*~tactically~*~*~ (outnumbered).
 20355 | D:9      | 20355 ||| Stepping ~*~*~tactically~*~*~ (outnumbered).
 20552 | D:9      | 20552 ||| INVOKING Heroism.
 20555 | D:9      | 20555 ||| Stepping ~*~*~tactically~*~*~ (outnumbered).
 20556 | D:9      | 20556 ||| Stepping ~*~*~tactically~*~*~ (outnumbered).
 20557 | D:9      | 20557 ||| Stepping ~*~*~tactically~*~*~ (outnumbered).
 20558 | D:9      | 20558 ||| Stepping ~*~*~tactically~*~*~ (outnumbered).
 20559 | D:9      | 20559 ||| Stepping ~*~*~tactically~*~*~ (outnumbered).
 20560 | D:9      | 20560 ||| Stepping ~*~*~tactically~*~*~ (outnumbered).
 20561 | D:9      | 20561 ||| Stepping ~*~*~tactically~*~*~ (outnumbered).
 20805 | D:9      | 20805 ||| Stepping ~*~*~tactically~*~*~ (stealth).
 20811 | D:9      | 20811 ||| Stepping ~*~*~tactically~*~*~ (stealth).
 20814 | D:9      | 20814 ||| INVOKING Heroism.
 20831 | D:9      | 20831 ||| Stepping ~*~*~tactically~*~*~ (stealth).
 20833 | D:9      | 20833 ||| Stepping ~*~*~tactically~*~*~ (stealth).
 20835 | D:9      | 20835 ||| Stepping ~*~*~tactically~*~*~ (stealth).
 20850 | D:9      | 20850 ||| INVOKING Heroism.
 20852 | D:9      | Reached skill level 6 in Invocations
 20912 | D:9      | 20912 ||| FLEEEEING.
 20932 | D:9      | 20932 ||| FLEEEEING.
 20933 | D:9      | 20933 ||| FLEEEEING.
 20934 | D:9      | 20934 ||| FLEEEEING.
 20956 | D:9      | 20956 ||| FLEEEEING.
 20957 | D:9      | 20957 ||| FLEEEEING.
 20958 | D:9      | 20958 ||| FLEEEEING.
 21055 | D:9      | 21055 ||| Stepping ~*~*~tactically~*~*~ (stealth).
 21058 | D:9      | 21058 ||| Stepping ~*~*~tactically~*~*~ (stealth).
 21059 | D:9      | 21059 ||| Stepping ~*~*~tactically~*~*~ (stealth).
 21137 | D:9      | 21137 ||| FLEEEEING.
 21400 | D:9      | 21400 ||| FLEEEEING.
 21401 | D:9      | 21401 ||| FLEEEEING.
 21402 | D:9      | 21402 ||| FLEEEEING.
 21403 | D:9      | 21403 ||| FLEEEEING.
 21545 | D:9      | 21545 ||| FLEEEEING.
 21546 | D:9      | 21546 ||| FLEEEEING.
 21547 | D:9      | 21547 ||| FLEEEEING.
 21548 | D:9      | 21548 ||| FLEEEEING.
 21549 | D:9      | 21549 ||| FLEEEEING.
 21550 | D:9      | 21550 ||| FLEEEEING.
 21551 | D:9      | 21551 ||| FLEEEEING.
 21552 | D:9      | 21552 ||| FLEEEEING.
 21553 | D:9      | 21553 ||| FLEEEEING.
 21554 | D:9      | 21554 ||| FLEEEEING.
 21555 | D:9      | 21555 ||| FLEEEEING.
 21583 | D:9      | 21583 ||| FLEEEEING.
 21584 | D:9      | 21584 ||| FLEEEEING.
 21585 | D:9      | 21585 ||| FLEEEEING.
 21586 | D:9      | 21586 ||| FLEEEEING.
 21587 | D:9      | 21587 ||| FLEEEEING.
 21588 | D:9      | 21588 ||| FLEEEEING.
 21589 | D:9      | 21589 ||| FLEEEEING.
 21590 | D:9      | 21590 ||| FLEEEEING.
 21591 | D:9      | 21591 ||| FLEEEEING.
 21592 | D:9      | 21592 ||| FLEEEEING.
 21593 | D:9      | 21593 ||| FLEEEEING.
 21605 | D:9      | 21605 ||| FLEEEEING.
 21606 | D:9      | 21606 ||| FLEEEEING.
 21631 | D:9      | 21631 ||| FLEEEEING.
 21632 | D:9      | 21632 ||| FLEEEEING.
 21633 | D:9      | 21633 ||| FLEEEEING.
 21634 | D:9      | 21634 ||| FLEEEEING.
 21635 | D:9      | 21635 ||| FLEEEEING.
 21636 | D:9      | 21636 ||| FLEEEEING.
 21653 | D:9      | 21653 ||| FLEEEEING.
 21654 | D:9      | 21654 ||| FLEEEEING.
 21691 | D:9      | 21691 ||| FLEEEEING.
 21692 | D:9      | 21692 ||| FLEEEEING.
 21693 | D:9      | 21693 ||| FLEEEEING.
 21694 | D:9      | 21694 ||| FLEEEEING.
 21695 | D:9      | 21695 ||| FLEEEEING.
 21696 | D:9      | 21696 ||| FLEEEEING.
 21697 | D:9      | 21697 ||| FLEEEEING.
 21698 | D:9      | 21698 ||| FLEEEEING.
 21719 | D:9      | 21719 ||| FLEEEEING.
 21720 | D:9      | 21720 ||| FLEEEEING.
 21853 | D:9      | 21853 ||| FLEEEEING.
 21854 | D:9      | 21854 ||| FLEEEEING.
 21855 | D:9      | 21855 ||| FLEEEEING.
 21856 | D:9      | 21856 ||| FLEEEEING.
 21857 | D:9      | 21857 ||| FLEEEEING.
 21858 | D:9      | 21858 ||| FLEEEEING.
 21860 | D:9      | 21860 ||| FLEEEEING.
 21895 | D:9      | 21895 ||| FLEEEEING.
 21896 | D:9      | 21896 ||| FLEEEEING.
 21897 | D:9      | 21897 ||| FLEEEEING.
 21898 | D:9      | 21898 ||| FLEEEEING.
 21899 | D:9      | 21899 ||| FLEEEEING.
 21904 | D:9      | 21904 ||| FLEEEEING.
 21933 | D:9      | 21933 ||| FLEEEEING.
 21934 | D:9      | 21934 ||| FLEEEEING.
 21935 | D:9      | 21935 ||| FLEEEEING.
 21936 | D:9      | 21936 ||| FLEEEEING.
 21937 | D:9      | 21937 ||| FLEEEEING.
 21938 | D:9      | 21938 ||| FLEEEEING.
 21939 | D:9      | 21939 ||| FLEEEEING.
 21940 | D:9      | 21940 ||| FLEEEEING.
 21997 | D:9      | 21997 ||| FLEEEEING.
 21998 | D:9      | 21998 ||| FLEEEEING.
 21999 | D:9      | 21999 ||| FLEEEEING.
 22000 | D:9      | 22000 ||| FLEEEEING.
 22001 | D:9      | 22001 ||| FLEEEEING.
 22002 | D:9      | 22002 ||| FLEEEEING.
 22048 | D:9      | 22048 ||| FLEEEEING.
 22049 | D:9      | 22049 ||| FLEEEEING.
 22050 | D:9      | 22050 ||| FLEEEEING.
 22051 | D:9      | 22051 ||| FLEEEEING.
 22052 | D:9      | 22052 ||| FLEEEEING.
 22053 | D:9      | 22053 ||| FLEEEEING.
 22054 | D:9      | 22054 ||| FLEEEEING.
 22055 | D:9      | 22055 ||| FLEEEEING.
 22056 | D:9      | 22056 ||| FLEEEEING.
 22057 | D:9      | 22057 ||| FLEEEEING.
 22058 | D:9      | 22058 ||| FLEEEEING.
 22093 | D:9      | 22093 ||| FLEEEEING.
 22213 | D:9      | 22213 ||| FLEEEEING.
 22230 | D:9      | 22230 ||| FLEEEEING.
 22247 | D:9      | 22247 ||| FLEEEEING.
 22248 | D:9      | 22248 ||| FLEEEEING.
 22286 | D:9      | 22286 ||| FLEEEEING.
 22287 | D:9      | 22287 ||| FLEEEEING.
 22288 | D:9      | 22288 ||| FLEEEEING.
 22289 | D:9      | 22289 ||| FLEEEEING.
 22290 | D:9      | 22290 ||| FLEEEEING.
 22291 | D:9      | 22291 ||| FLEEEEING.
 22292 | D:9      | 22292 ||| FLEEEEING.
 22293 | D:9      | 22293 ||| FLEEEEING.
 22294 | D:9      | 22294 ||| FLEEEEING.
 22295 | D:9      | 22295 ||| FLEEEEING.
 22350 | D:9      | 22350 ||| FLEEEEING.
 22351 | D:9      | 22351 ||| FLEEEEING.
 22352 | D:9      | 22352 ||| FLEEEEING.
 22353 | D:9      | 22353 ||| FLEEEEING.
 22354 | D:9      | 22354 ||| FLEEEEING.
 22355 | D:9      | 22355 ||| FLEEEEING.
 22356 | D:9      | 22356 ||| FLEEEEING.
 22357 | D:9      | 22357 ||| FLEEEEING.
 22358 | D:9      | 22358 ||| FLEEEEING.
 22359 | D:9      | 22359 ||| FLEEEEING.
 22360 | D:9      | 22360 ||| FLEEEEING.
 22361 | D:9      | 22361 ||| FLEEEEING.
 22362 | D:9      | 22362 ||| FLEEEEING.
 22422 | D:9      | 22422 ||| FLEEEEING.
 22423 | D:9      | 22423 ||| FLEEEEING.
 22448 | D:9      | 22448 ||| FLEEEEING.
 22449 | D:9      | 22449 ||| FLEEEEING.
 22450 | D:9      | 22450 ||| FLEEEEING.
 22451 | D:9      | 22451 ||| FLEEEEING.
 22452 | D:9      | 22452 ||| FLEEEEING.
 22573 | D:9      | 22573 ||| FLEEEEING.
 22574 | D:9      | 22574 ||| FLEEEEING.
 22704 | D:9      | 22704 ||| FLEEEEING.
 22705 | D:9      | 22705 ||| FLEEEEING.
 22706 | D:9      | 22706 ||| FLEEEEING.
 22707 | D:9      | 22707 ||| FLEEEEING.
 22708 | D:9      | 22708 ||| FLEEEEING.
 22709 | D:9      | 22709 ||| FLEEEEING.
 22710 | D:9      | 22710 ||| FLEEEEING.
 22711 | D:9      | 22711 ||| FLEEEEING.
 22766 | D:9      | 22766 ||| FLEEEEING.
 22767 | D:9      | 22767 ||| FLEEEEING.
 22768 | D:9      | 22768 ||| FLEEEEING.
 22769 | D:9      | 22769 ||| FLEEEEING.
 22770 | D:9      | 22770 ||| FLEEEEING.
 22771 | D:9      | 22771 ||| FLEEEEING.
 22772 | D:9      | 22772 ||| FLEEEEING.
 22773 | D:9      | 22773 ||| FLEEEEING.
 22774 | D:9      | 22774 ||| FLEEEEING.
 22807 | D:9      | 22807 ||| FLEEEEING.
 22936 | D:9      | 22936 ||| FLEEEEING.
 22937 | D:9      | 22937 ||| FLEEEEING.
 22938 | D:9      | 22938 ||| FLEEEEING.
 22939 | D:9      | 22939 ||| FLEEEEING.
 22940 | D:9      | 22940 ||| FLEEEEING.
 22984 | D:9      | 22984 ||| FLEEEEING.
 22985 | D:9      | 22985 ||| FLEEEEING.
 22986 | D:9      | 22986 ||| FLEEEEING.
 22987 | D:9      | 22987 ||| FLEEEEING.
 22988 | D:9      | 22988 ||| FLEEEEING.
 22989 | D:9      | 22989 ||| FLEEEEING.
 22990 | D:9      | 22990 ||| FLEEEEING.
 22991 | D:9      | 22991 ||| FLEEEEING.
 22992 | D:9      | 22992 ||| FLEEEEING.
 23043 | D:9      | 23043 ||| FLEEEEING.
 23044 | D:9      | 23044 ||| FLEEEEING.
 23045 | D:9      | 23045 ||| FLEEEEING.
 23046 | D:9      | 23046 ||| FLEEEEING.
 23047 | D:9      | 23047 ||| FLEEEEING.
 23048 | D:9      | 23048 ||| FLEEEEING.
 23049 | D:9      | 23049 ||| FLEEEEING.
 23054 | D:9      | 23054 ||| FLEEEEING.
 23055 | D:9      | 23055 ||| FLEEEEING.
 23056 | D:9      | 23056 ||| FLEEEEING.
 23181 | D:9      | 23181 ||| FLEEEEING.
 23182 | D:9      | 23182 ||| FLEEEEING.
 23183 | D:9      | 23183 ||| FLEEEEING.
 23184 | D:9      | 23184 ||| FLEEEEING.
 23236 | D:9      | 23236 ||| FLEEEEING.
 23237 | D:9      | 23237 ||| FLEEEEING.
 23238 | D:9      | 23238 ||| FLEEEEING.
 23241 | D:9      | 23241 ||| FLEEEEING.
 23242 | D:9      | 23242 ||| FLEEEEING.
 23243 | D:9      | 23243 ||| FLEEEEING.
 23244 | D:9      | 23244 ||| FLEEEEING.
 23245 | D:9      | 23245 ||| FLEEEEING.
 23246 | D:9      | 23246 ||| FLEEEEING.
 23247 | D:9      | 23247 ||| FLEEEEING.
 23248 | D:9      | 23248 ||| FLEEEEING.
 23249 | D:9      | 23249 ||| FLEEEEING.
 23297 | D:9      | 23297 ||| FLEEEEING.
 23298 | D:9      | 23298 ||| FLEEEEING.
 23299 | D:9      | 23299 ||| FLEEEEING.
 23300 | D:9      | 23300 ||| FLEEEEING.
 23301 | D:9      | 23301 ||| FLEEEEING.
 23305 | D:9      | 23305 ||| FLEEEEING.
 23306 | D:9      | 23306 ||| FLEEEEING.
 23307 | D:9      | 23307 ||| FLEEEEING.
 23308 | D:9      | 23308 ||| FLEEEEING.
 23309 | D:9      | 23309 ||| FLEEEEING.
 23310 | D:9      | 23310 ||| FLEEEEING.
 23311 | D:9      | 23311 ||| FLEEEEING.
 23312 | D:9      | 23312 ||| FLEEEEING.
 23369 | D:9      | 23369 ||| FLEEEEING.
 23370 | D:9      | 23370 ||| FLEEEEING.
 23371 | D:9      | 23371 ||| FLEEEEING.
 23372 | D:9      | 23372 ||| FLEEEEING.
 23373 | D:9      | 23373 ||| FLEEEEING.
 23642 | D:9      | 23642 ||| READING 2 scrolls of identify.
 23642 | D:9      | 23642 ||| IDENTIFYING glowing cyan potion
 23643 | D:9      | 23643 ||| DROPPING potion of berserk rage.
 23661 | D:10     | Entered Level 10 of the Dungeon
 23715 | D:10     | 23715 ||| Stepping ~*~*~tactically~*~*~ (hiding).
 23723 | D:10     | 23723 ||| INVOKING Heroism.
 23728 | D:10     | 23728 ||| Stepping ~*~*~tactically~*~*~ (outnumbered).
 23729 | D:10     | 23729 ||| Stepping ~*~*~tactically~*~*~ (outnumbered).
 23731 | D:10     | 23731 ||| Stepping ~*~*~tactically~*~*~ (outnumbered).
 23732 | D:10     | 23732 ||| Stepping ~*~*~tactically~*~*~ (outnumbered).
 23733 | D:10     | 23733 ||| Stepping ~*~*~tactically~*~*~ (outnumbered).
 23735 | D:10     | 23735 ||| Stepping ~*~*~tactically~*~*~ (outnumbered).
 23780 | D:10     | 23780 ||| INVOKING Heroism.
 23800 | D:10     | Received a gift from Okawaru
 23865 | D:10     | 23865 ||| INVOKING Heroism.
 23899 | D:10     | 23899 ||| Stepping ~*~*~tactically~*~*~ (stealth).
 23930 | D:10     | Reached ***** piety under Okawaru
 23931 | D:10     | Reached XP level 14. HP: 103/133 MP: 18/18
 24001 | D:10     | 24001 ||| Stepping ~*~*~tactically~*~*~ (stealth).
 24002 | D:10     | 24002 ||| Stepping ~*~*~tactically~*~*~ (stealth).
 24003 | D:10     | 24003 ||| Stepping ~*~*~tactically~*~*~ (stealth).
 24013 | D:10     | 24013 ||| Stepping ~*~*~tactically~*~*~ (hiding).
 24023 | D:10     | 24023 ||| Stepping ~*~*~tactically~*~*~ (stealth).
 24025 | D:10     | 24025 ||| Stepping ~*~*~tactically~*~*~ (stealth).
 24030 | D:10     | 24030 ||| Stepping ~*~*~tactically~*~*~ (stealth).
 24031 | D:10     | 24031 ||| Stepping ~*~*~tactically~*~*~ (stealth).
 24032 | D:10     | 24032 ||| Stepping ~*~*~tactically~*~*~ (stealth).
 24066 | D:10     | Found a stormy altar of Qazlal.
 24096 | D:10     | 24096 ||| Stepping ~*~*~tactically~*~*~ (hiding).
 24112 | D:10     | 24112 ||| INVOKING Heroism.
 24142 | D:10     | 24142 ||| INVOKING Heroism.
 24151 | D:10     | Received a gift from Okawaru
 24276 | D:10     | 24276 ||| INVOKING Heroism.
 24280 | D:10     | 24280 ||| Stepping ~*~*~tactically~*~*~ (outnumbered).
 24290 | D:10     | 24290 ||| Stepping ~*~*~tactically~*~*~ (outnumbered).
 24333 | D:10     | 24333 ||| Stepping ~*~*~tactically~*~*~ (hiding).
 24415 | D:10     | Noticed Erolcha
 24416 | D:10     | 24416 ||| INVOKING Heroism.
 24417 | D:10     | 24417 ||| INVOKING Finesse.
 24424 | D:10     | Killed Erolcha
 24425 | D:10     | Reached skill level 6 in Throwing
 24491 | D:10     | 24491 ||| Stepping ~*~*~tactically~*~*~ (stealth).
 24492 | D:10     | 24492 ||| Stepping ~*~*~tactically~*~*~ (stealth).
 24493 | D:10     | 24493 ||| Stepping ~*~*~tactically~*~*~ (stealth).
 24524 | D:10     | 24524 ||| INVOKING Heroism.
 24612 | D:10     | Noticed Joseph
 24613 | D:10     | 24613 ||| Stepping ~*~*~tactically~*~*~ (hiding).
 24622 | D:10     | Killed Joseph
 24923 | D:10     | 24923 ||| DROPPING +3 robe "Sach" {+Inv rN+}.
 24960 | D:11     | 24960 ||| INVOKING Heroism.
 24961 | D:11     | 24961 ||| INVOKING Finesse.
 24976 | D:11     | 24976 ||| Stepping ~*~*~tactically~*~*~ (hiding).
 24980 | D:11     | 24980 ||| STAIRDANCE
 25021 | D:11     | 25021 ||| STAIRDANCE
 25056 | D:11     | Noticed Psyche
 25058 | D:11     | Killed Psyche
 25143 | D:11     | 25143 ||| INVOKING Heroism.
 25144 | D:11     | 25144 ||| INVOKING Finesse.
 25150 | D:11     | Received a gift from Okawaru
 25234 | D:11     | 25234 ||| Stepping ~*~*~tactically~*~*~ (hiding).
 25237 | D:11     | 25237 ||| INVOKING Heroism.
 25238 | D:11     | 25238 ||| Stepping ~*~*~tactically~*~*~ (outnumbered).
 25410 | D:11     | 25410 ||| INVOKING Heroism.
 25411 | D:11     | 25411 ||| Stepping ~*~*~tactically~*~*~ (outnumbered).
 25412 | D:11     | 25412 ||| Stepping ~*~*~tactically~*~*~ (outnumbered).
 25413 | D:11     | 25413 ||| Stepping ~*~*~tactically~*~*~ (outnumbered).
 25414 | D:11     | 25414 ||| Stepping ~*~*~tactically~*~*~ (outnumbered).
 25415 | D:11     | 25415 ||| Stepping ~*~*~tactically~*~*~ (outnumbered).
 25416 | D:11     | 25416 ||| Stepping ~*~*~tactically~*~*~ (outnumbered).
 25417 | D:11     | 25417 ||| Stepping ~*~*~tactically~*~*~ (outnumbered).
 25418 | D:11     | 25418 ||| Stepping ~*~*~tactically~*~*~ (outnumbered).
 25421 | D:11     | 25421 ||| Stepping ~*~*~tactically~*~*~ (stealth).
 25665 | D:11     | Found a staircase to the Orcish Mines.
 25666 | D:11     | 25666 ||| INVOKING Heroism.
 25668 | D:11     | 25668 ||| Stepping ~*~*~tactically~*~*~ (outnumbered).
 25673 | D:11     | 25673 ||| Stepping ~*~*~tactically~*~*~ (outnumbered).
 25677 | D:11     | 25677 ||| Stepping ~*~*~tactically~*~*~ (outnumbered).
 25679 | D:11     | 25679 ||| Stepping ~*~*~tactically~*~*~ (outnumbered).
 25679 | D:11     | HP: 27/133 [poisoned by an orc warrior]
 25679 | D:11     | HP: 8/133 [orc warrior/+2 trident of venom (19)]
 25680 | D:11     | 25680 ||| READING 7 scrolls of teleportation.
 25680 | D:11     | Succumbed to an orc warrior's poison

Levels and vault maps discovered:
D:1:      onia_arrival_mini_maze_b, layout_rooms, serial_glass, glass_columns_a,
          glass_columns_a, minmay_crystal_water, grunt_decor_cap
D:2:      layout_basic, serial_shops, nicolae_diamond_shop, basic_altar,
          uniq_sigmund, uniq_jessica
D:3:      layout_rooms, marbit_many_paths, lemuel_round_altar,
          gup_sewer_entry_pipe, ebering_ecumenical_altar_mist
D:4:      layout_loops_ring, yredelemnul_forgotten_temple_becter, serial_shops,
          nicolae_square_shop
D:5:      layout_basic, dancing_weapons_uskayaw, mainiacjoe_overflow_catwalk,
          nicolae_shop_firing_range, uniq_menkaure
D:6:      layout_loops_corners, nicolae_overflow_crystal_walls,
          minmay_temple_entry_enclosed_plants, serial_shops, shop
D:7:      layout_rooms, mainiacjoe_overflow_tiny_flanked,
          kennysheep_big_empty_room
D:8:      layout_basic, xom_teletrap_fun, due_lair_maze_entry_diamond,
          serial_shops, shop, uniq_pikel, uniq_maggie
D:9:      layout_grid_maze, amcnicky_altar_gilded, introduction_to_nature_1
D:10:     minmay_the_grid_net [minmay_the_grid_minigrid_large,
          minmay_the_grid_minigrid_medium, minmay_the_grid_pillar_ring,
          minmay_the_grid_armoury, minmay_the_grid_all_tris,
          minmay_the_grid_prize_four_corners], layout_grid_maze,
          mainiacjoe_overflow_24_doors, uniq_joseph, uniq_erolcha
D:11:     layout_loops_ring, kennysheep_orc_monster_closet_entryway,
          chequers_serial_rivers_marsh, uniq_psyche
Temple:   hellmonk_temple_flake
Lair:1:   layout_layer_cave
Lair:2:   layout_small_grid, basic_altar
Lair:3:   layout_regular_city, nicolae_swamp_entry_splash_gauntlet,
          nicolae_spider_entry_non_spiders, pf_torpor_hydra
Lair:4:   layout_roguey, slime_entry_1
Lair:5:   grunt_lair_end_beastmaster, layout_regular_city

Skill      XL: |  1  2  3  4  5  6  7  8  9 10 11 12 13 14 |
---------------+-------------------------------------------+-----
Unarmed Combat | 4 6 7 8 9 10 13 14 16 17 | 17.3
Fighting       | 3 4 5 6 7 |  7.0
Throwing       | 2 3 4 5 7 |  7.0
Dodging        | 1 2 |  2.0
Shields        | 7 10 11 | 11.5
Invocations    | 4 6 8 |  8.5
Spellcasting   | |  1.0
Fire Magic     | |  2.1

Action                   |  1- 3 |  4- 6 |  7- 9 | 10-12 | 13-15 || total
-------------------------+-------+-------+-------+-------+-------++-------
Melee: Unarmed           |    94 |   125 |   219 |   543 |   453 ||  1434
       Punch             |     2 |     3 |     9 |       |       ||    14
Throw: Boomerang         |       |       |    30 |    59 |    58 ||   147
       Javelin           |       |       |     6 |    70 |    24 ||   100
       Large rock        |       |       |       |       |    22 ||    22
Invok: Fiery Armour      |       |       |     5 |     8 |       ||    13
       Heroism           |       |       |       |     9 |    28 ||    37
       Finesse           |       |       |       |       |     3 ||     3
  Use: Scroll            |     3 |     3 |     9 |     3 |     3 ||    21
       Potion            |       |     3 |     5 |     2 |       ||    10
Armor: Robe              |    20 |    46 |    72 |   147 |    48 ||   333
Dodge: Dodged            |    42 |    60 |    83 |   147 |   104 ||   436
Block: Kite shield       |       |       |       |   250 |   297 ||   547
       Reflection        |       |       |       |       |    51 ||    51

Table legend:
 A = Non-vault XP
 B = Vault XP
 C = Vault XP percentage of total XP
 D = Non-vault monster count
 E = Vault monster count
 F = Vault count percentage of total count
                 A         B        C        D         E       F
            +---------+---------+-------+---------+---------+-------
      Total |   52532 |   28101 |  34.9 |     362 |     115 |  24.1
            +---------+---------+-------+---------+---------+-------
        D:1 |      37 |       0 |   0.0 |      23 |       0 |   0.0
        D:2 |      47 |     251 |  84.2 |      16 |       2 |  11.1
        D:3 |      32 |      15 |  31.9 |      15 |       8 |  34.8
        D:4 |     425 |       1 |   0.2 |      21 |       1 |   4.5
        D:5 |     239 |     171 |  41.7 |      11 |       4 |  26.7
        D:6 |    1037 |       0 |   0.0 |      19 |       0 |   0.0
        D:7 |     759 |       0 |   0.0 |      13 |       0 |   0.0
        D:8 |    1089 |    2525 |  69.9 |      28 |      12 |  30.0
        D:9 |    1752 |     694 |  28.4 |      20 |      17 |  45.9
       D:10 |    4667 |   11129 |  70.5 |      22 |      33 |  60.0
       D:11 |    5700 |     482 |   7.8 |      20 |       3 |  13.0
     Lair:1 |    6172 |       0 |   0.0 |      28 |       0 |   0.0
     Lair:2 |    6728 |       4 |   0.1 |      29 |       2 |   6.5
     Lair:3 |    6848 |    2721 |  28.4 |      32 |      10 |  23.8
     Lair:4 |    5538 |       0 |   0.0 |      24 |       0 |   0.0
     Lair:5 |   11462 |    9964 |  46.5 |      41 |      19 |  31.7
      Sewer |       0 |     144 | 100.0 |       0 |       4 | 100.0
            +---------+---------+-------+---------+---------+-------
